Workbook
Name Dimensión: Datos!$B$11:$B$15
Name Iniciativas_Objetivo1: Tabla6[Iniciativas_Objetivo1]
Name Iniciativas_Objetivo10: Datos!$M$11:$M$11
Name Iniciativas_Objetivo11: Datos!$N$11:$N$11
Name Iniciativas_Objetivo12: Datos!$O$11:$O$12
Name Iniciativas_Objetivo13: Datos!$P$11:$P$11
Name Iniciativas_Objetivo2: Tabla7[Iniciativas_Objetivo2]
Name Iniciativas_Objetivo3: Tabla3[Iniciativas_Objetivo3]
Name Iniciativas_Objetivo4: Tabla4[Iniciativas_Objetivo4]
Name Iniciativas_Objetivo5: Tabla5[Iniciativas_Objetivo5]
Name Iniciativas_Objetivo6: Datos!$I$11:$I$12
Name Iniciativas_Objetivo7: Datos!$J$11:$J$11
Name Iniciativas_Objetivo8: Datos!$K$11:$K$13
Name Iniciativas_Objetivo9: Datos!$L$11:$L$14
Name Objetivos_Estratégicos: Datos!$C$11:$C$23

Sheet Instructivo
D1: FORMATO MEDICIÓN DE PLAN DE ACCIÓN INSTITUCIONAL PROCESO GOBIERNO Y GESTIÓN DE LA ESTRATEGIA MACROPROCESO DIRECCIONAMIENTO ESTRATÉGICO | K1: Código: F-DE2-301 Versión No.: 03 Vigencia desde: 29 – 03- 2023
A4: INSTRUCTIVO MEDICIÓN DE PLAN DE ACCIÓN INSTITUCIONAL (PAI)
A6: Pestaña "PAI"
A8: Campo | C8: Conceptualización o explicación del campo | K8: Instrucción de diligenciamiento
A9: Dimensión | C9: Las dimensiones del plan de acción corresponden a categorías estratégicas necesarias para el funcionamiento de la estrategia y modelo de operación de SAE para lograr un equilibrio entre los objetivos estratégicos de esta. Estas dimensiones parten de las perspectivas del Balanced Scorecard (BSC) o Cuadro de Mando Integral, herramienta aplicada en entidades públicas, empresas mixtas y privadas para medir su estrategia. Las dimensiones que se contemplan y adoptan en el PAI de la SAE corresponden a: Dimensión productiva, social y ambiental: dimensión creada por la SAE para exaltar sus objetivos estratégicos y compromiso en los ámbitos productivos, sociales y ambientales asociados a su misionalidad y que contribuyen al cumplimiento del Plan Nacional de Desarrollo, al desarrollo territorial de Colombia y a la Paz Total. Esta dimensión favorece a población constitucionalmente protegida, organizaciones sociales y populares (Campesinas y urbanas), cooperativas, asociaciones y organizaciones comunales (ambientales y de mujeres), sujetos de reforma agraria, entre otros grupos de interés priorizados por la SAE. Algunas temáticas que se contemplan en esta dimensión se asocian a la justicia social; la contribución a la reforma agraria; al desarrollo territorial; a la implementación de proyectos estratégicos con enfoque productivo, social y ambiental que permitan la creación de valor; a garantizar la inclusión de comunidades, organizaciones sociales y economías populares en condición de vulnerabilidad en los mecanismos de administración existentes; entre otros. Dimensión financiera: dimensión que contempla todos los objetivos estratégicos relacionados con el comportamiento financiero de SAE y que son objeto de interés de las entidades que reciben transferencias monetarias, la Junta Directiva de SAE, MinHacienda y de SAE como sociedad. Esta dimensión abarca temáticas como son los ingresos, fuentes de financiación, gastos, ahorros, rentabilidad, rendimientos financieros, utilidades, y en general todas los aspectos asociados al aspecto económico, financiero y presupuestal de SAE. Dimensión de grupos de interés: dimensión que considera los objetivos estratégicos que pretenden fortalecer la relación que tiene SAE con sus grupos de interés internos y externos, y satisfacer sus necesidades a partir de los servicios que presta en el marco de su misionalidad. En esta dimensión se contemplan temáticas como cobertura del servicio, accesibilidad, posicionamiento de marca, calidad y oportunidad del servicio, transparencia, valor público, nivel de satisfacción del cliente, entre otros factores que miden el relacionamiento con los grupos de interés. Dimensión de procesos: dimensión que aborda los objetivos estratégicos asociados al adecuado funcionamiento y mejora del modelo operacional por procesos de SAE en su nivel estratégico, misional, de apoyo y/o de seguimiento y evaluación. Abordar esta dimensión contribuye a la productividad de SAE y satisfacer partes interesadas como son la Junta Directiva, proveedores, clientes externos, entes de control y otros grupos de interés que reciben los servicios de SAE. Algunas temáticas que se pueden abordar desde esta dimensión corresponden a la medición de la eficiencia operacional, la automatización de los procesos, el fortalecimiento de procesos, procesos de innovación, desarrollo de nuevos servicios, la implementación de los sistemas integrados de gestión, tecnología, entre otros. Dimensión de aprendizaje y crecimiento: dimensión que incluye los objetivos estratégicos relacionados con el talento humano de SAE y las condiciones que brinda la entidad para su permanencia, crecimiento, desarrollo y bienestar, teniendo en cuenta que son el corazón y la base para ejecutar la estrategia y modelo operacional de SAE. Algunas temáticas que se contemplan en esta dimensión pueden estar asociadas a las competencias del talento humano, al ambiente laboral, la gestión del conocimiento, al desarrollo profesional, a la retención del talento humano, procesos de aprendizaje, entre otros. | K9: Este campo es netamente informativo y se diligencia al momento de la formulación del Plan de Acción Institucional en el formato F-DE2-118 Formato Plan de acción. Este campo no es objeto de modificación al realizar el seguimiento al plan de acción, por lo que si desea modificar su contenido deberá solicitarlo a la Oficina Asesora de Planeación en el campo de observaciones junto con la justificación del cambio.
A11: Objetivos estratégicos | C11: Corresponden a los propósitos o fines que SAE establece en el corto y mediano plazo, en el marco de su visión, misión y estrategia operacional. Estos objetivos se establecen por cada una de las dimensiones estratégicas y deben ser diseñados contemplando que éstos puedan ser medidos, que sean específicos, adecuados, realistas y oportunos de acuerdo con la metodología SMART (George T.Doran). Estos objetivos estratégicos corresponden a los establecidos en el plan estratégico institucional cuatrienal establecido al interior de la entidad. | K11: Este campo es netamente informativo y se diligencia al momento de la formulación del Plan de Acción Institucional en el formato F-DE2-118 Formato Plan de acción. Este campo no es objeto de modificación al realizar el seguimiento al plan de acción, por lo que si desea modificar su contenido deberá solicitarlo a la Oficina Asesora de Planeación en el campo de observaciones junto con la justificación del cambio.
A12: Iniciativas | C12: Corresponden a las tácticas o acciones de nivel táctico que permiten desarrollar y desagregar la estrategia u objetivos estratégicos en metas más pequeñas que permitan su ejecución en el corto plazo. Estas iniciativas o tácticas agrupan una o más actividades de nivel operativo relacionadas, que garantizan el cumplimiento de los objetivos y metas estratégicas de SAE. | K12: Este campo es netamente informativo y se diligencia al momento de la formulación del Plan de Acción Institucional en el formato F-DE2-118 Formato Plan de acción. Este campo no es objeto de modificación al realizar el seguimiento al plan de acción, por lo que si desea modificar su contenido deberá solicitarlo a la Oficina Asesora de Planeación en el campo de observaciones junto con la justificación del cambio.
A13: Acciones | C13: Corresponden a las actividades a realizar en la vigencia por parte de las áreas de SAE a fin de dar cumplimiento a las iniciativas y objetivos estratégicos que conforman la estrategia de SAE para cada periodo de administración. | K13: Este campo es netamente informativo y se diligencia al momento de la formulación del Plan de Acción Institucional en el formato F-DE2-118 Formato Plan de acción. Este campo no es objeto de modificación al realizar el seguimiento al plan de acción, por lo que si desea modificar su contenido deberá solicitarlo a la Oficina Asesora de Planeación en el campo de observaciones junto con la justificación del cambio.
A14: Macroproceso | C14: Es un conjunto de procesos que se relacionan entresí y que contribuyen a un objetivo común en el marco del modelo operacional de SAE. Estos se encuentran determinados dentro de la arquitectura empresarial de SAE y se enlistan en el PAI a fin de asociar las actividades que contribuyen a su objetivo e identificar con mayor facilidad los indicadores que contribuyen a medir el desempeño de dicho macroproceso. | K14: Este campo es netamente informativo y se diligencia al momento de la formulación del Plan de Acción Institucional en el formato F-DE2-118 Formato Plan de acción. Este campo no es objeto de modificación al realizar el seguimiento al plan de acción, por lo que si desea modificar su contenido deberá solicitarlo a la Oficina Asesora de Planeación en el campo de observaciones junto con la justificación del cambio.
A15: Proceso | C15: Responde a un conjunto de actividades de nivel táctico o procedimientos que secuencialmente se interrelacionan para transformar las entradas de un proceso en resultados o salidas, cumplimiendo el objetivo de cada proceso dentro del modelo de operación de procesos de SAE. Estos se encuentran determinados dentro de la arquitectura empresarial de SAE y se enlistan en el PAI a fin de asociar las actividades que contribuyen a su objetivo e identificar con mayor facilidad los indicadores que contribuyen a medir el desempeño de dicho proceso. | K15: Este campo es netamente informativo y se diligencia al momento de la formulación del Plan de Acción Institucional en el formato F-DE2-118 Formato Plan de acción. Este campo no es objeto de modificación al realizar el seguimiento al plan de acción, por lo que si desea modificar su contenido deberá solicitarlo a la Oficina Asesora de Planeación en el campo de observaciones junto con la justificación del cambio.
A16: Nombre del indicador | C16: Es el título o denominación corta y sencilla que permite identificar el objetivo de medición del indicador. Este debe estar correlacionado con la actividad que se realiza en la vigencia y que se desea medir. | K16: Este campo es netamente informativo y se diligencia al momento de la formulación del Plan de Acción Institucional en el formato F-DE2-118 Formato Plan de acción. Este campo no es objeto de modificación al realizar el seguimiento al plan de acción, por lo que si desea modificar su contenido deberá solicitarlo a la Oficina Asesora de Planeación en el campo de observaciones junto con la justificación del cambio.
A17: ¿Se toma en cuenta para la evaluación de desempeño? | C17: Es un criterio establecido por SAE para determinar cuáles indicadores se tienen en cuenta para evaluar el desempeño o rendimiento de las áreas en función de las actividades desarrolladas en la vigencia. | K17: Este campo es netamente informativo y se diligencia al momento de la formulación del Plan de Acción Institucional en el formato F-DE2-118 Formato Plan de acción. Este campo no es objeto de modificación al realizar el seguimiento al plan de acción, por lo que si desea modificar su contenido deberá solicitarlo a la Oficina Asesora de Planeación en el campo de observaciones junto con la justificación del cambio.
A18: Tipo de indicador | C18: Corresponde a la categorización de los indicadores de acuerdo con su naturaleza. Para la estructuración del PAI, la SAE emplea las siguientes tipologías o tipos de indicadores: * Indicadores de calidad: indicadores que buscan medir aspectos relacionados con la capacidad de SAE para atender a las necesidades y demandas de sus usuarios bajo preceptos de rápidez e inmediatez a la hora de prestar sus bienes o servicios. La SAE enfoca la medición de estos indicadores hacia aspectos como la oportunidad y la percepción de satisfacción de los usuarios. * Indicadores de economía: indicadores que permiten medir la capacidad de SAE para gestionar los recursos disponibles de la forma más conveniente y adecuada. El enfoque de SAE frente a este tipo de indicadores va asociado a la medición del desempeño presupuestal y los posibles ahorros asociados a las actividades del plan de acción. * Indicadores de eficacia: indicadores que buscan determinar el cumplimiento de un objetivo o una actividad de acuerdo con la meta establecida. Al interior de SAE los indicadores de eficacia se enfocan principalmente en la medición de factores claves de éxito, puntos críticos, factores de mejora y resultados estratégicos. * Indicadores de productividad: indicadores que miden la eficiencia y rendimiento de SAE en función de la rentabilidad del negocio. En SAE estos indicadores se enfocan en la medición de utilidades, ingresos económicos, rendimientos financieros, valor público y rentabilidad social. | K18: Este campo es netamente informativo y se diligencia al momento de la formulación del Plan de Acción Institucional en el formato F-DE2-118 Formato Plan de acción. Este campo no es objeto de modificación al realizar el seguimiento al plan de acción, por lo que si desea modificar su contenido deberá solicitarlo a la Oficina Asesora de Planeación en el campo de observaciones junto con la justificación del cambio.
A19: Área responsable de la ejecución | C19: Pertenece al área que ejecuta cada actividad o acción establecida en el Plan de Acción Institucional. | K19: Este campo es netamente informativo y se diligencia al momento de la formulación del Plan de Acción Institucional en el formato F-DE2-118 Formato Plan de acción. Este campo no es objeto de modificación al realizar el seguimiento al plan de acción, por lo que si desea modificar su contenido deberá solicitarlo a la Oficina Asesora de Planeación en el campo de observaciones junto con la justificación del cambio.
A20: Fórmula para medir el indicador | C20: Corresponde a la descripción, expresión o notación matemática de cómo medir el desempeño del indicador propuesto. Usualmente los indicadores que emplea SAE relacionan fórmulas en términos de fracciones o divisiones de dos cifras, las cuales están relacionadas con la meta y el estado de avance. Para esto usa fórmulas que contienen numeradores y denominadores. * Numerador: corresponde a la parte superior de la fracción o fórmula, y responde al resultado esperado de la actividad a realizar. * Denominador: es la parte inferior de la fracción o fórmula, y corresponde al universo o meta sobre la cual se realizará la medición del indicador o actividad. | K20: Este campo es netamente informativo y se diligencia al momento de la formulación del Plan de Acción Institucional en el formato F-DE2-118 Formato Plan de acción. Este campo no es objeto de modificación al realizar el seguimiento al plan de acción, por lo que si desea modificar su contenido deberá solicitarlo a la Oficina Asesora de Planeación en el campo de observaciones junto con la justificación del cambio.
... A30: Observaciones | C30: Es el espacio contemplado para establecer acciones de mejora en los casos que el cumplimiento del indicador a corte del trimestre evaluado sea inferior al 70%, es decir, su rendimiento de resultados en función del tiempo no es óptimo. También se considera un espacio para realizar solicitudes de modificación o eliminación de indicadores, junto con su justificación y propuesta, en caso de ser necesario. Estos insumos son socializados al Comité Directivo a fin de que conozcan las razones de indicadores con bajo desempeño y validar y aprobar solicitudes de cambios al Plan de Acción Institucional. | K30: Si el indicador a corte del trimestre evaluado (Columna S) presenta un cumplimiento menor al 70% indique las actividades que se realizarán para cumplir la meta establecida y mejorar el desempeño del indicador. Adicionalmente y en caso de identificar necesidades de modificación o eliminación al indicador, por favor registre la solicitud en este espacio, junto con la respectiva justificación y propuesta en caso de ser necesario.
A33: Pestaña "Datos"
A35: Esta pestaña es de uso exclusivo de la Oficina Asesora de Planeación para parametrizar los datos asociados a la medición y seguimiento del Plan de Acción Institucional

Sheet PAI
C1: FORMATO MEDICIÓN PLAN DE ACCIÓN INSTITUCIONAL PROCESO GOBIERNO Y GESTIÓN DE LA ESTRATEGIA MACROPROCESO DIRECCIONAMIENTO ESTRATÉGICO | M1: Código: F-DE2-301 Versión No.: 03 Vigencia desde: 29 – 03- 2023
A4: MEDICIÓN PLAN DE ACCIÓN INSTITUCIONAL (PAI) 2023 SOCIEDAD DE ACTIVOS ESPECIALES S.A.S.
A6: Dimensión | B6: Objetivos estratégicos | C6: Iniciativas | D6: Acciones | E6: Macroproceso | F6: Proceso | G6: Nombre del indicador | H6: ¿Se toma en cuenta para la evaluación de desempeño? | I6: Tipo de indicador | J6: Comportamiento del indicador | K6: Área responsable de la ejecución | L6: Fórmula para medir el indicador | M6: Descripción del indicador | N6: Meta 2023 | O6: Periodicidad del reporte | P6: Numerador T2 | Q6: Denominador T2 | R6: Cumplimiento del indicador en el año | S6: % Meta T2 | T6: Cumplimiento del indicador a corte del trimestre evaluado | U6: Análisis del indicador | V6: Observaciones
A7: Productiva, social y ambiental | B7: 01. Democratizar los activos administrados por la SAE a través de mecanismos de disposición temporal y definitiva que permitan la creación de valor público, social y ambiental; aporten al desarrollo territorial y productivo y garanticen la función social y ecológica de la propiedad. | C7: Adelantar destinaciones especiales priorizando los procesos productivos, sociales, ambientales, así como la atención ante emergencias y desastres producto de fenómenos de variabilidad climática | D7: Presentar casos de destinación temporal de inmuebles rurales dirigidos a población de especial protección constitucional o entidades públicas que desarrollaran proyectos con esta población | E7: Disposición Temporal | F7: Administración de destinación provisional | G7: Destinaciones provisionales de Inmuebles Rurales | H7: SÍ | I7: Eficacia | J7: Demanda | K7: Gerencia de Bienes Inmuebles Rurales | L7: (Número de destinaciones Provisionales de Inmuebles rurales presentados a Comité/ Solicitudes de destinaciones provisionales viables) *100% | M7: Objetivo del indicador: medir la presentación de activos para destinación temporal de inmuebles rurales ante el Comité de Depositarios, Destinatarios, Mandatarios y Liquidadores, para determinar su favorabilidad o no. Numerador: total de destinaciones provisionales presentadas al Comité de Depositarios, Destinatarios, Mandatarios y Liquidadores en ficha técnica de acuerdo con lineamientos técnicos. Denominador: las solicitudes para destinación provisional de inmuebles rurales se consideran viables cuando la documentación se encuentra completa de acuerdo con metodología, cuando el inmueble demuestra baja productividad o comercialización, y cuando el solicitante corresponde a población de especial protección constitucional o entidades públicas que desarrollaran proyectos con esta población. Observación: se hace necesario indicar en el análisis del indicador, las destinaciones temporales aprobadas como insumo para la medición de la macrometa estratégica "Destinaciones de inmuebles al fomento de la economía popular" | N7: 100% | O7: Trimestral | P7: 19 | Q7: 19 | R7: =IFERROR(IF(COUNTIF(N7,"*%")=1,(P7/Q7)*(100%/N7)*(S7/100%),(P7/Q7)*(S7/100%))," ") -> 0.5 | S7: 0.5 | T7: =IFERROR(IF(R7=" "," ",IF(OR(R7>=S7,((R7/S7)*(100%/N7))>1),1,((R7/S7)*(100%/N7)))),"") -> 1 | U7: Los valores reportados responden a las destinaciones provisionales de inmuebles rurales no sociales en el primer semestre del año 2023, en favor de entidades públicas u organizaciones sin ánimo de lucro. | AE7: =IF(B7=Datos!$C$11, "Iniciativas_Objetivo1", IF(B7=Datos!$C$12, "Iniciativas_Objetivo2", IF(B7=Datos!$C$13, "Iniciativas_Objetivo3", IF(B7=Datos!$C$14, "Iniciativas_Objetivo4", IF(B7=Datos!$C$15, "Iniciativas_Objetivo5", IF(B7=Datos!$C$16, "Iniciativas_Objetivo6", IF(B7=Datos!$C$17, "Iniciativas_Objetivo7", IF(B7=Datos!$C$18, "Iniciativas_Objetivo8", IF(B7=Datos!$C$19, "Iniciativas_Objetivo9", IF(B7=Datos!$C$20, "Iniciativas_Objetivo10", IF(B7=Datos!$C$21, "Iniciativas_Objetivo11", IF(B7=Datos!$C$22, "Iniciativas_Objetivo12",IF(B7=Datos!$C$23, "Iniciativas_Objetivo13", " "))))))))))))) -> Iniciativas_Objetivo1
A8: Productiva, social y ambiental | B8: 01. Democratizar los activos administrados por la SAE a través de mecanismos de disposición temporal y definitiva que permitan la creación de valor público, social y ambiental; aporten al desarrollo territorial y productivo y garanticen la función social y ecológica de la propiedad. | C8: Adelantar destinaciones especiales priorizando los procesos productivos, sociales, ambientales, así como la atención ante emergencias y desastres producto de fenómenos de variabilidad climática | D8: Realizar procesos de destinación definitiva de inmuebles rurales dirigidos a población de especial protección constitucional o entidades públicas que desarrollaran proyectos con esta población | E8: Disposición Final | F8: Otras modalidades de disposición final | G8: Destinaciones definitivas de Inmuebles Rurales | H8: SÍ | I8: Eficacia | J8: Demanda | K8: Gerencia de Bienes Inmuebles Rurales | L8: (Número de destinaciones definitivas de Inmuebles rurales realizadas/ Solicitudes de destinaciones definitivas viables) *100% | M8: Objetivo del indicador: medir las destinaciones definitivas realizadas con la ANT, ART, URT, entidades adscritas a MinDefensa u otras que determine la Ley. Numerador: total de destinaciones definitivas presentadas a la ANT, ART, URT, entidades adscritas a MinDefensa u otras que determine la Ley. Denominador: Las solicitudes de destinación definitiva de inmuebles rurales se considera viable cuando el inmueble tenga viabilidad técnica y jurídica para su destinación. Observación: se hace necesario indicar en el análisis del indicador, las destinaciones definitivas aprobadas como insumo para la medición de la macrometa estratégica "Destinaciones de inmuebles al fomento de la economía popular" | N8: 100% | O8: Trimestral | P8: 15 | Q8: 15 | R8: =IFERROR(IF(COUNTIF(N8,"*%")=1,(P8/Q8)*(100%/N8)*(S8/100%),(P8/Q8)*(S8/100%))," ") -> 0.5 | S8: 0.5 | T8: =IFERROR(IF(R8=" "," ",IF(OR(R8>=S8,((R8/S8)*(100%/N8))>1),1,((R8/S8)*(100%/N8)))),"") -> 1 | U8: Del indicador enunciado es pertinente indicar, que a la fecha se han presentado 40 solicitudes por parte de las entidades beneficiarias durante el periodo comprendido entre enero y junio del 2023; de las cuales 15, corresponden a solicitudes elevados por parte de la Agencia Nacional de Tierras . Frente a las solicitudes impetradas por parte de la Agencia para la Reincorporación y Normalización (ARN), registran un total de 24 FMI, de los cuales si bien, registran viables jurídica y técnicamente, a la fecha se encuentran en proceso de saneamiento físico catastral. Adicionalmente, fue recibida una solicitud por parte del Ministerio de Defensa Nacional, la cual, se encuentra en trámite, a la espera de que se complemente la documentación requerida por parte de esta entidad.
A9: Productiva, social y ambiental | B9: 01. Democratizar los activos administrados por la SAE a través de mecanismos de disposición temporal y definitiva que permitan la creación de valor público, social y ambiental; aporten al desarrollo territorial y productivo y garanticen la función social y ecológica de la propiedad. | C9: Adelantar destinaciones especiales priorizando los procesos productivos, sociales, ambientales, así como la atención ante emergencias y desastres producto de fenómenos de variabilidad climática | D9: Realizar diagnóstico técnico de Inmuebles Rurales para procesos de disposición final gratuita con enfoque social y productivo | E9: Diagnóstico y Alistamiento | F9: Diagnóstico de Activos | G9: Diagnóstico Técnico de Inmuebles Rurales para procesos de disposición final gratuita con enfoque social y productivo | H9: SÍ | I9: Eficacia | J9: Demanda | K9: Gerencia de Bienes Inmuebles Rurales | L9: (Inmuebles rurales con diagnóstico técnico entregados a la gerencia técnica/ Inmuebles rurales con viabilidad jurídica positiva para transferencia) *100% | M9: Objetivo del indicador: medir el diagnóstico técnico de inmuebles rurales para disponerlos de manera definitiva y gratuita a entidades públicas o a poblaciones priorizadas y constitucionalmente protegidas. Numerador: se considera que un inmueble rural cuenta con diagnostico técnico cuando se ha determinado: Vocación del bien; estado del inmueble; necesidades de saneamiento requeridos y su entrega a la Gerencia Técnica. Denominador: corresponde a las viabilidades jurídicas que la Gerencia de Asuntos Legales determina como viables para la transferencia definitiva gratuita de inmuebles a entidades públicas o a poblaciones priorizadas y constitucionalmente protegidas. | N9: 100% | O9: Trimestral | P9: 115 | Q9: 173 | R9: =IFERROR(IF(COUNTIF(N9,"*%")=1,(P9/Q9)*(100%/N9)*(S9/100%),(P9/Q9)*(S9/100%))," ") -> 0.33236994 | S9: 0.5 | T9: =IFERROR(IF(R9=" "," ",IF(OR(R9>=S9,((R9/S9)*(100%/N9))>1),1,((R9/S9)*(100%/N9)))),"") -> 0.66473988 | U9: Durante el presente año, la Vicepresidencia Jurídica ha remitido en total 173 conceptos jurídicos favorables para transferencia. Del total de estos 173 conceptos jurídicos viables, el equipo técnico de la Gerencia de Inmuebles Rurales ha realizado 115 fichas de caracterización, las fichas faltantes se encuentran, actualmente, en elaboración por parte de la Gerencia de Inmuebles Rurales. Es pertinente indicar que sólo se realizan fichas de caracterización técnica sobre los folios de matrícula de inmuebles rurales que disponen de un concepto jurídico favorable para transferencia gratuitita por leyes especiales. | V9: Actividades para alcanzar la meta: La Gerencia de Bienes Inmuebles Rurales se encuentra en proceso de elaboración de las viabilidades técnicas necesarias para alcanzar el 100% de la meta propuesta. | AE9: =IF(B9=Datos!$C$11, "Iniciativas_Objetivo1", IF(B9=Datos!$C$12, "Iniciativas_Objetivo2", IF(B9=Datos!$C$13, "Iniciativas_Objetivo3", IF(B9=Datos!$C$14, "Iniciativas_Objetivo4", IF(B9=Datos!$C$15, "Iniciativas_Objetivo5", IF(B9=Datos!$C$16, "Iniciativas_Objetivo6", IF(B9=Datos!$C$17, "Iniciativas_Objetivo7", IF(B9=Datos!$C$18, "Iniciativas_Objetivo8", IF(B9=Datos!$C$19, "Iniciativas_Objetivo9", IF(B9=Datos!$C$20, "Iniciativas_Objetivo10", IF(B9=Datos!$C$21, "Iniciativas_Objetivo11", IF(B9=Datos!$C$22, "Iniciativas_Objetivo12",IF(B9=Datos!$C$23, "Iniciativas_Objetivo13", " "))))))))))))) -> Iniciativas_Objetivo1
A10: Productiva, social y ambiental | B10: 01. Democratizar los activos administrados por la SAE a través de mecanismos de disposición temporal y definitiva que permitan la creación de valor público, social y ambiental; aporten al desarrollo territorial y productivo y garanticen la función social y ecológica de la propiedad. | C10: Adelantar destinaciones especiales priorizando los procesos productivos, sociales, ambientales, así como la atención ante emergencias y desastres producto de fenómenos de variabilidad climática | D10: Atender las solicitudes de destinación provisional y definitiva de inmuebles urbanos | E10: Disposición Temporal | F10: Administración de Destinación Provisional | G10: Trámite de solicitudes de destinación provisional y definitivas | H10: SÍ | I10: Eficacia | J10: Demanda | K10: Gerencia de Bienes Inmuebles Urbanos | L10: (Solicitudes de destinación provisional y definitiva de inmuebles urbanos atendidas/ Solicitudes de destinación provisional y definitiva de inmuebles recibidas)*100% | M10: Objetivo del indicador: medir la atención de las solicitudes recibidas por entidades públicas, privadas y personas naturales de destinación provisional y definitivas de inmuebles urbanos. Numerador: las solicitudes atendidas hacen referencia a la contestación de viabilidad de destinación provisional o definitiva al solicitante. Denominador: corresponde a las solicitudes de destinación provisional o definitiva de inmuebles urbanas allegadas por los canales oficiales de comunicación de SAE. | N10: 100% | O10: Trimestral | P10: 34 | Q10: 44 | R10: =IFERROR(IF(COUNTIF(N10,"*%")=1,(P10/Q10)*(100%/N10)*(S10/100%),(P10/Q10)*(S10/100%))," ") -> 0.38636364 | S10: 0.5 | T10: =IFERROR(IF(R10=" "," ",IF(OR(R10>=S10,((R10/S10)*(100%/N10))>1),1,((R10/S10)*(100%/N10)))),"") -> 0.77272727 | U10: En cuanto a las solicitudes de destinación provisional, la Gerencia recibió 24 solicitudes en el T2, de las cuales se atendieron 18 satisfactoriamente. Las 6 solicitudes restantes se gestionaron, pero no tienen contestación de viabilidad por cuanto requieren subsanación por parte de la entidad solicitante (completitud de requisitos y ajustes con el lleno de información en los formatos institucionales), en esta misma circunstancia se encuentran 2 solicitudes que quedaron del reporte al PAI T1, para un total de 8 solicitudes sin respuesta de viabilidad. Por lo anterior, la Gerencia se encuentra en el seguimiento y acompañamiento a las entidades para sacar avante las destinaciones. En cuanto a las solicitudes de destinación definitiva, la Gerencia recibió 4 solicitudes que impactan a 6 inmuebles urbanos. Respecto a estas, 2 solicitudes cuentan con contestación de viabilidad y la Gerencia solicitó a la Vicepresidencia Jurídica la expedición del acto administrativo por Orfeo 20234200054283. Las 2 solicitudes restantes aún no tienen respuesta, dado que en la actualidad se surte la expedición de viabilidades técnica y jurídica ante las áreas correspondientes, conforme solicitud que efectuó la gerencia mediante Orfeo 20234200032093 y 20234200048303. Se está a la espera de la respuesta favorable para avanzar con el procedimiento. De otro lado, se informa que por Orfeo 20234200055423, la Gerencia solicitó a la Vicepresidencia Jurídica la viabilidad para la destinación definitiva por leyes especiales de 5 inmuebles ubicados en San Andrés, Providencia y Santa Catalina a favor de la Gobernación de San Andrés, entidad que por mandado legal no necesita solicitar a la SAE la transferencia definitiva sino que basta el cambio del estado legal del inmueble a extinto para que proceda. Lo anterior, conforme al reporte que realizó el GIT de Aseguramiento sobre bienes extintos localizados en la isla en mención. | AE10: =IF(B10=Datos!$C$11, "Iniciativas_Objetivo1", IF(B10=Datos!$C$12, "Iniciativas_Objetivo2", IF(B10=Datos!$C$13, "Iniciativas_Objetivo3", IF(B10=Datos!$C$14, "Iniciativas_Objetivo4", IF(B10=Datos!$C$15, "Iniciativas_Objetivo5", IF(B10=Datos!$C$16, "Iniciativas_Objetivo6", IF(B10=Datos!$C$17, "Iniciativas_Objetivo7", IF(B10=Datos!$C$18, "Iniciativas_Objetivo8", IF(B10=Datos!$C$19, "Iniciativas_Objetivo9", IF(B10=Datos!$C$20, "Iniciativas_Objetivo10", IF(B10=Datos!$C$21, "Iniciativas_Objetivo11", IF(B10=Datos!$C$22, "Iniciativas_Objetivo12",IF(B10=Datos!$C$23, "Iniciativas_Objetivo13", " "))))))))))))) -> Iniciativas_Objetivo1
A11: Productiva, social y ambiental | B11: 01. Democratizar los activos administrados por la SAE a través de mecanismos de disposición temporal y definitiva que permitan la creación de valor público, social y ambiental; aporten al desarrollo territorial y productivo y garanticen la función social y ecológica de la propiedad. | C11: Adelantar destinaciones especiales temporales y definitivas, priorizando los procesos productivos, sociales, ambientales, así como la atención ante emergencias y desastres producto de fenómenos de variabilidad climática | D11: Atender las solicitudes de daciones en pago y cruce de cuentas, diversificando el acceso para el desarrollo territorial y productivo. | E11: Disposición Final | F11: Otras Modalidades de Disposición Final | G11: Daciones en pago o cruce de cuentas | H11: SÍ | I11: Eficacia | J11: Demanda | K11: Gerencia Comercial | L11: (Daciones en pago o cruce de cuentas atendidas efectivamente/ Solicitudes de daciones en pago o cruce de cuentas)*100% | M11: Objetivo del indicador: medir la efectividad de la dación de pagos o cruce de cuentas respecto a las solicitudes efectuadas. Numerador: la atención efectiva de dación de pagos o cruce de cuentas corresponde al número de negocios cerrados con entidades públicas y privadas. Denominador: corresponde al total de solicitudes acumuladas en la vigencia relacionadas con daciones en pago o cruce de cuentas. | N11: 100% | O11: Trimestral | P11: 1 | Q11: 1 | R11: =IFERROR(IF(COUNTIF(N11,"*%")=1,(P11/Q11)*(100%/N11)*(S11/100%),(P11/Q11)*(S11/100%))," ") -> 0.5 | S11: 0.5 | T11: =IFERROR(IF(R11=" "," ",IF(OR(R11>=S11,((R11/S11)*(100%/N11))>1),1,((R11/S11)*(100%/N11)))),"") -> 1 | U11: Se recibió solicitud de dación en pago del Municipio de Villavicencio sobre el FMI No 230-71743 y esta fue tramitada. Para el segundo trimestre es dependiente de la demanda y solicitudes de otros municipios o entidades públicas. Es importante tener en cuenta que a corte del trimestre 2 se encuentra en vigencia la ley de garantías. | V11: Se reporta lo mismo del primer trimestre teniendo en cuenta que no se ha recibido nuevas solicitudes, lo anterior, por cuanto el insumo necesario para dar aplicación a las daciones en pago y o cruce de cuenta, depende de varios factores que implican el trabajo articulado con diferentes áreas de la entidad. Adicionalmente este indicador se determina por la demanda de solicitudes. | AE11: =IF(B11=Datos!$C$11, "Iniciativas_Objetivo1", IF(B11=Datos!$C$12, "Iniciativas_Objetivo2", IF(B11=Datos!$C$13, "Iniciativas_Objetivo3", IF(B11=Datos!$C$14, "Iniciativas_Objetivo4", IF(B11=Datos!$C$15, "Iniciativas_Objetivo5", IF(B11=Datos!$C$16, "Iniciativas_Objetivo6", IF(B11=Datos!$C$17, "Iniciativas_Objetivo7", IF(B11=Datos!$C$18, "Iniciativas_Objetivo8", IF(B11=Datos!$C$19, "Iniciativas_Objetivo9", IF(B11=Datos!$C$20, "Iniciativas_Objetivo10", IF(B11=Datos!$C$21, "Iniciativas_Objetivo11", IF(B11=Datos!$C$22, "Iniciativas_Objetivo12",IF(B11=Datos!$C$23, "Iniciativas_Objetivo13", " "))))))))))))) -> Iniciativas_Objetivo1
A12: Productiva, social y ambiental | B12: 01. Democratizar los activos administrados por la SAE a través de mecanismos de disposición temporal y definitiva que permitan la creación de valor público, social y ambiental; aporten al desarrollo territorial y productivo y garanticen la función social y ecológica de la propiedad. | C12: Adelantar destinaciones especiales temporales y definitivas, priorizando los procesos productivos, sociales, ambientales, así como la atención ante emergencias y desastres producto de fenómenos de variabilidad climática | D12: Realizar destinaciones y donaciones de bienes muebles priorizando procesos productos, sociales o ambientales | E12: Disposición Temporal Disposición Final | F12: Administración de destinación provisional Otras modalidades de disposición final | G12: Destinación y donación de bienes muebles | H12: SÍ | I12: Eficacia | J12: Programación | K12: Gerencia de Bienes Muebles | L12: (Número de bienes muebles destinados y donados/ Número de bienes muebles programados para destinación y donación)*100% | M12: Objetivo del indicador: medir el número de bienes que se destinan provisional o definitivamente y donan por parte de la Gerencia de Muebles, según inventario. Numerador: corresponde al número de bienes que se destinan provisional o definitivamente para procesos productivos, sociales o ambientales. Denominador: corresponde al número de bienes que se tienen programados para destinación provisional o definitiva o para donación. | N12: 250 | O12: Trimestral | P12: 44 | Q12: 250 | R12: =IFERROR(IF(COUNTIF(N12,"*%")=1,(P12/Q12)*(100%/N12),P12/Q12)," ") -> 0.176 | S12: 0.5 | T12: =IFERROR(IF(R12=" "," ",IF(R12>=S12,1,R12/S12))," ") -> 0.352 | U12: Este indicador depende de la estructuración del proyecto que remita las Entidades y Organizaciones solicitantes el cual no cumple el lleno de requisitos, demoras en los tiempos de jurídica en la expedición de actos admón., la debida diligencia y no se tiene disponibilidad en el inventario para suplir la necesidad especifica del solicitante, asegurabilidad de los activos por su antigüedad, En el segundo trimestre se destino 1 vehículo provisionalmente y se donaron 5 registros de hidrocarburos - gasolina 2.605 galones por valor de $34.828.850 y 1 registro de ACPM de 275 galones valorados en $ 2.573.175 para un total 2.880 galones en total. | V12: por la problemática planteada en el campo de análisis del indicador, se solicita el replanteamiento de la meta solicitando la disminución a 100 registros, teniendo en cuenta que las gestiones correspondientes para el cumplimiento de la misma dependen de terceros. | AE12: =IF(B12=Datos!$C$11, "Iniciativas_Objetivo1", IF(B12=Datos!$C$12, "Iniciativas_Objetivo2", IF(B12=Datos!$C$13, "Iniciativas_Objetivo3", IF(B12=Datos!$C$14, "Iniciativas_Objetivo4", IF(B12=Datos!$C$15, "Iniciativas_Objetivo5", IF(B12=Datos!$C$16, "Iniciativas_Objetivo6", IF(B12=Datos!$C$17, "Iniciativas_Objetivo7", IF(B12=Datos!$C$18, "Iniciativas_Objetivo8", IF(B12=Datos!$C$19, "Iniciativas_Objetivo9", IF(B12=Datos!$C$20, "Iniciativas_Objetivo10", IF(B12=Datos!$C$21, "Iniciativas_Objetivo11", IF(B12=Datos!$C$22, "Iniciativas_Objetivo12",IF(B12=Datos!$C$23, "Iniciativas_Objetivo13", " "))))))))))))) -> Iniciativas_Objetivo1
A13: Productiva, social y ambiental | B13: 01. Democratizar los activos administrados por la SAE a través de mecanismos de disposición temporal y definitiva que permitan la creación de valor público, social y ambiental; aporten al desarrollo territorial y productivo y garanticen la función social y ecológica de la propiedad. | C13: Garantizar la inclusión de comunidades, organizaciones sociales y economías populares en condición de vulnerabilidad en los mecanismos de administración existentes | D13: Permitir la inclusión de organizaciones comunitarias en el gerenciamiento de Sociedades Activas y/o establecimientos de comercio. | E13: Disposición Temporal | F13: Administración de Depósitos Provisionales | G13: Gerencias populares en Sociedades Activas y/o establecimientos de comercio. | H13: SÍ | I13: Eficacia | J13: Programación | K13: Gerencia Sociedades Activas | L13: (Sociedades Activas y/o establecimientos de comercio con gerencias populares/Sociedades Activas y/o establecimientos de comercio priorizados para el gerenciamiento de organizaciones populares)*100% | M13: Objetivo del indicador: medir la inclusión de organizaciones comunitarias en el gerenciamiento de Sociedades Activas y/o establecimientos de comercio. Numerador: corresponde al número de Sociedades Activas y/o establecimientos de comercio con gerenciamiento de organizaciones populares y/o comunitarias. Denominador: son las Sociedades Activas y/o establecimientos de comercio priorizados por la Gerencia de Sociedades Activas para el gerenciamiento popular. | N13: 10 | O13: Trimestral | P13: 1 | Q13: 10 | R13: =IFERROR(IF(COUNTIF(N13,"*%")=1,(P13/Q13)*(100%/N13),P13/Q13)," ") -> 0.1 | S13: 0.5 | T13: =IFERROR(IF(R13=" "," ",IF(R13>=S13,1,R13/S13))," ") -> 0.2 | U13: La primera gerencia popular implementada desde la Vicepresidencia fue la entrega del gimnasio en el establecimiento de comercio GYM BOX para ser administrado por la medallista olímpica Ubaldina Valores como acto inaugural del programa. | V13: Actualmente, la convocatoria de gerentes populares se encuentra en proceso, el cual no se ha finalizado y por tanto no se han podido asignar nuevos gerentes populares en este trimestre. Se espera que tras la convocatoria se pueda cumplir la meta de 10 gerencias populares en el segundo semestre. | AE13: =IF(B13=Datos!$C$11, "Iniciativas_Objetivo1", IF(B13=Datos!$C$12, "Iniciativas_Objetivo2", IF(B13=Datos!$C$13, "Iniciativas_Objetivo3", IF(B13=Datos!$C$14, "Iniciativas_Objetivo4", IF(B13=Datos!$C$15, "Iniciativas_Objetivo5", IF(B13=Datos!$C$16, "Iniciativas_Objetivo6", IF(B13=Datos!$C$17, "Iniciativas_Objetivo7", IF(B13=Datos!$C$18, "Iniciativas_Objetivo8", IF(B13=Datos!$C$19, "Iniciativas_Objetivo9", IF(B13=Datos!$C$20, "Iniciativas_Objetivo10", IF(B13=Datos!$C$21, "Iniciativas_Objetivo11", IF(B13=Datos!$C$22, "Iniciativas_Objetivo12",IF(B13=Datos!$C$23, "Iniciativas_Objetivo13", " "))))))))))))) -> Iniciativas_Objetivo1
A14: Procesos | B14: 09. Garantizar la mejora continua del modelo de operación de la SAE basado en acciones de optimización, automatización, control y articulación de procesos contribuyendo a la reducción de tiempos, la transparencia en la operación y el cumplimiento de objetivos institucionales. | C14: Estandarizar, optimizar y automatizar procesos de SAE de acuerdo a nuevo modelo operacional | D14: Actualizar el modelo operacional del esquema de administración por depósitos provisionales | E14: Recepción y Registro | F14: Administración del Registro de Depositarios Provisionales y Liquidadores del FRISCO | G14: Actualización Esquema de Administración Depósitos Provisionales | H14: SÍ | I14: Eficacia | J14: Programación | K14: GIT Depositarios Provisionales | L14: (Documentos actualizados o creados asociados al esquema de administración de depósitos provisionales / Documentos programados asociados al esquema de administración de depósitos provisionales)*100% | M14: Objetivo del indicador: medir el grado de avance en la actualización del modelo operacional del esquema de administración por depósitos provisionales. Numerador: corresponde a la elaboración y/o actualización de documentos asociados al esquema operacional de depositarios como procedimientos, instructivos, formatos, entre otros que se requieran. Denominador: corresponde a los documentos operacionales identificados por crear o actualizar en el esquema de depósitos provisionales. Para el 2023 se tienen estimados siete (7) documentos. | N14: 100% | O14: Trimestral | P14: 2 | Q14: 7 | R14: =IFERROR(IF(COUNTIF(N14,"*%")=1,(P14/Q14)*(100%/N14),P14/Q14)," ") -> 0.28571429 | S14: 0.5 | T14: =IFERROR(IF(R14=" "," ",IF(R14>=S14,1,R14/S14))," ") -> 0.57142857 | V14: Se ha realizado el diseño de los términos de la convocatoria 01/23, se realizó el diseño para el cambio del capítulo 5 de la metodología de administración del frisco, se modifico el procedimiento P-RR-056 . La primera modificación para los términos de constitución de pólizas y, en segundo lugar para mejorar la redacción de los criterios de asignación de bienes inmuebles urbanos y rurales. lo cual ha implicado dos modificaciones diferentes. | AE14: =IF(B14=Datos!$C$11, "Iniciativas_Objetivo1", IF(B14=Datos!$C$12, "Iniciativas_Objetivo2", IF(B14=Datos!$C$13, "Iniciativas_Objetivo3", IF(B14=Datos!$C$14, "Iniciativas_Objetivo4", IF(B14=Datos!$C$15, "Iniciativas_Objetivo5", IF(B14=Datos!$C$16, "Iniciativas_Objetivo6", IF(B14=Datos!$C$17, "Iniciativas_Objetivo7", IF(B14=Datos!$C$18, "Iniciativas_Objetivo8", IF(B14=Datos!$C$19, "Iniciativas_Objetivo9", IF(B14=Datos!$C$20, "Iniciativas_Objetivo10", IF(B14=Datos!$C$21, "Iniciativas_Objetivo11", IF(B14=Datos!$C$22, "Iniciativas_Objetivo12",IF(B14=Datos!$C$23, "Iniciativas_Objetivo13", " "))))))))))))) -> Iniciativas_Objetivo9
A15: Productiva, social y ambiental | B15: 02. Fomentar las economías populares y comunitarias a partir de proyectos estratégicos que generen valor público, social y ambiental. | C15: Implementar proyectos estratégicos con enfoque productivo, social y ambiental que permitan la creación de valor. | D15: Promover la creación de sinergias internas y externas con sociedades activas | E15: Disposición Temporal | F15: Administración directa | G15: Sinergias con Sociedades Activas | H15: SÍ | I15: Eficacia | J15: Demanda | K15: Gerencia Sociedades Activas | L15: (Número de Sociedades Activas participando en sinergias comerciales /Sociedades Activas priorizadas para participar en sinergias)*100% | M15: Objetivo del indicador: medir la participación de las Sociedades Activas en sinergias comerciales tendientes al aumento de la productividad. Numerador: corresponde a las Sociedades Activas participando de las sinergias establecidas. Denominador: son las Sociedades Activas priorizadas para participar en sinergias comerciales. Los criterios son definidos por la Gerencia de Sociedades Activas. | N15: 100% | O15: Trimestral | P15: 0 | Q15: 0 | R15: =IFERROR(IF(COUNTIF(N15,"*%")=1,(P15/Q15)*(100%/N15)*(S15/100%),(P15/Q15)*(S15/100%))," ") | S15: 0.5 | T15: =IFERROR(IF(R15=" "," ",IF(OR(R15>=S15,((R15/S15)*(100%/N15))>1),1,((R15/S15)*(100%/N15)))),"") | U15: Al momento, se tienen identificadas varias sinergias entre sociedades que podrían ser estratégicas para la Vicepresidencia, sin embargo no se ha ejecutado ninguna ya que el procedimiento se encuentra en construcción. | V15: Dado que el procedimiento se encuentra en construcción, se espera que este indicador aumente considerablemente en el segundo semestre. | AE15: =IF(B15=Datos!$C$11, "Iniciativas_Objetivo1", IF(B15=Datos!$C$12, "Iniciativas_Objetivo2", IF(B15=Datos!$C$13, "Iniciativas_Objetivo3", IF(B15=Datos!$C$14, "Iniciativas_Objetivo4", IF(B15=Datos!$C$15, "Iniciativas_Objetivo5", IF(B15=Datos!$C$16, "Iniciativas_Objetivo6", IF(B15=Datos!$C$17, "Iniciativas_Objetivo7", IF(B15=Datos!$C$18, "Iniciativas_Objetivo8", IF(B15=Datos!$C$19, "Iniciativas_Objetivo9", IF(B15=Datos!$C$20, "Iniciativas_Objetivo10", IF(B15=Datos!$C$21, "Iniciativas_Objetivo11", IF(B15=Datos!$C$22, "Iniciativas_Objetivo12",IF(B15=Datos!$C$23, "Iniciativas_Objetivo13", " "))))))))))))) -> Iniciativas_Objetivo2
A16: Productiva, social y ambiental | B16: 02. Fomentar las economías populares y comunitarias a partir de proyectos estratégicos que generen valor público, social y ambiental. | C16: Implementar proyectos estratégicos con enfoque productivo, social y ambiental que permitan la creación de valor. | D16: Acompañar la estructuración y/o viabilización de proyectos de desarrollo territorial y/o de construcción de paz. | E16: Direccionamiento Estratégico | F16: Gobierno y Gestión de la Estrategia | G16: Acompañamiento a estructuración y/o evaluación de proyectos de desarrollo territorial y/o de construcción de paz. | H16: SÍ | I16: Eficacia | J16: Demanda | K16: Gerencia de Proyectos Especiales | L16: (Proyectos de desarrollo territorial estructurados y/o viabilizados por parte de la Gerencia/ Solicitudes de estructuración o viabilización de proyectos por parte de áreas misionales sobre activos con ideas de negocio aprobadas) *100% | M16: Objetivo del indicador: medir el acompañamiento realizado por la Gerencia de Proyectos Especiales para la estructuración y/o viabilización de proyectos de desarrollo territorial y/o de construcción de paz. Numerador: corresponde a la estructuración y/o viabilización de proyectos de desarrollo territorial y/o de construcción de paz. Para entendimiento del cumplimiento del indicador, se considera que la estructuración de los proyectos de desarrollo territorial se finaliza cuando los proyectos cuentan con un Project charter aprobado por parte de las partes interesadas. Por otra parte, se considera un proyecto viabilizado cuando la Gerencia emite un concepto de prefactibilidad del proyecto sometido a viabilización. Denominador: corresponde a las solicitudes efectuadas por las áreas misionales con relación a la estructuración o viabilización de proyectos establecidos en el marco de la entrega de activos por mecanismos de disposición temporal como arrendamiento social o destinación provisional. | N16: 50% | O16: Trimestral | P16: 0 | Q16: 0 | R16: =IFERROR(IF(COUNTIF(N16,"*%")=1,(P16/Q16)*(100%/N16)*(S16/100%),(P16/Q16)*(S16/100%))," ") | S16: 0.5 | T16: =IFERROR(IF(R16=" "," ",IF(OR(R16>=S16,((R16/S16)*(100%/N16))>1),1,((R16/S16)*(100%/N16)))),"") | U16: Desde la Gerencia de Proyectos Especiales se está elaborando la metodología de estructuración y viabilización de proyectos, la cual será presentada a manera de propuesta a la Oficina Asesora de Planeación para hacer el correspondiente acompañamiento metodológico. Por lo anterior, se tiene previsto iniciar la medición de este indicador para el tercer trimestre de 2023. | V16: Las acciones de mejora a implementarse durante el tercer trimestre del 2023 serán: 1. Definir y presentar a la OAP la propuesta de metodología para la estructuración y viabilización de proyectos elaborada por la Gerencia de Proyectos Especiales. | AE16: =IF(B16=Datos!$C$11, "Iniciativas_Objetivo1", IF(B16=Datos!$C$12, "Iniciativas_Objetivo2", IF(B16=Datos!$C$13, "Iniciativas_Objetivo3", IF(B16=Datos!$C$14, "Iniciativas_Objetivo4", IF(B16=Datos!$C$15, "Iniciativas_Objetivo5", IF(B16=Datos!$C$16, "Iniciativas_Objetivo6", IF(B16=Datos!$C$17, "Iniciativas_Objetivo7", IF(B16=Datos!$C$18, "Iniciativas_Objetivo8", IF(B16=Datos!$C$19, "Iniciativas_Objetivo9", IF(B16=Datos!$C$20, "Iniciativas_Objetivo10", IF(B16=Datos!$C$21, "Iniciativas_Objetivo11", IF(B16=Datos!$C$22, "Iniciativas_Objetivo12",IF(B16=Datos!$C$23, "Iniciativas_Objetivo13", " "))))))))))))) -> Iniciativas_Objetivo2
A17: Financiera | B17: 04. Generar rentabilidad económica a partir de la diversificación de ingresos, para la inversión social y la lucha contra el crimen organizado. | C17: Diseñar y/o implementar estrategias de ahorro en la administración de activos. | D17: Realizar la chatarrización de bienes muebles generando ahorros para la Entidad | E17: Disposición Final | F17: Otras Modalidades de Disposición Final | G17: Chatarrizaciones realizadas | H17: SÍ | I17: Economía | J17: Programación | K17: Gerencia de Bienes Muebles | L17: (Número de bienes entregados a la desintegradora para chatarrizar / Número de bienes programados para chatarrización) *100% | M17: Objetivo del indicador: medir la chatarrización de los bienes muebles. Numerador: bienes muebles entregados a la desintegradora. Denominador: corresponde al número de bienes programados para chatarrización como los medios de transporte de material ferroso con concepto favorable para chatarrizar. | N17: 200 | O17: Trimestral | P17: 32 | Q17: 200 | R17: =IFERROR(IF(COUNTIF(N17,"*%")=1,(P17/Q17)*(100%/N17),P17/Q17)," ") -> 0.16 | S17: 0.5 | T17: =IFERROR(IF(R17=" "," ",IF(R17>=S17,1,R17/S17))," ") -> 0.32 | U17: Este indicador se ha visto afectado por la demora en la revisión y aprobación de los actos administrativos que ordenan la chatarrización los cuales se encuentran en tramite desde el pasado mes de septiembre. | V17: Para el tercer trimestre se tiene proyectada la comercialización por chatarra de 143 vehículos que ya están autorizados por el comité de e.t. y en el evento en que no se pueden comercializar se procederá a la chatarrización de los mismos lo que aportara al cumplimiento del inventario, de otra parte se encuentran ya en tramite de alistamiento para este tipo de disposición final de mas de 80 medios de transporte para el cumplimiento definitivo de la meta propuestas. | AE17: =IF(B17=Datos!$C$11, "Iniciativas_Objetivo1", IF(B17=Datos!$C$12, "Iniciativas_Objetivo2", IF(B17=Datos!$C$13, "Iniciativas_Objetivo3", IF(B17=Datos!$C$14, "Iniciativas_Objetivo4", IF(B17=Datos!$C$15, "Iniciativas_Objetivo5", IF(B17=Datos!$C$16, "Iniciativas_Objetivo6", IF(B17=Datos!$C$17, "Iniciativas_Objetivo7", IF(B17=Datos!$C$18, "Iniciativas_Objetivo8", IF(B17=Datos!$C$19, "Iniciativas_Objetivo9", IF(B17=Datos!$C$20, "Iniciativas_Objetivo10", IF(B17=Datos!$C$21, "Iniciativas_Objetivo11", IF(B17=Datos!$C$22, "Iniciativas_Objetivo12",IF(B17=Datos!$C$23, "Iniciativas_Objetivo13", " "))))))))))))) -> Iniciativas_Objetivo4
A18: Financiera | B18: 03. Garantizar la efectiva transferencia de recursos a la Nación, en concordancia con lo establecido en la ley y contribuyendo a los propósitos del Plan Nacional de Desarrollo. | C18: Cumplimiento de transferencias de recursos a la Nación establecidas en la ley . | D18: Gestionar la monetización de divisas y el recaudo de moneda nacional | E18: Disposición Final | F18: Otras Modalidades de Disposición Final | G18: Transferencias realizadas a la Nación a través de divisas monetizadas y moneda nacional | H18: SÍ | I18: Economía | J18: Demanda | K18: Gerencia de Bienes Muebles | L18: (Valor monetizado y recaudado / Valor programado de divisas a monetizar y moneda nacional a recaudar)* 100% | M18: Objetivo del indicador: medir las transferencias realizadas a la Nación a través de divisas monetizadas y recaudo de moneda nacional identificada. Numerador: corresponde al valor monetizado de divisas a través del Banco de la República o de los intermediarios del mercado cambiario y a la moneda nacional recibida e identificada para su registro en el inventario de activos. Denominador: El valor programado de divisas a monetizar se refiere al valor de divisas (moneda extranjera) recibidas por SAE hasta el mes de septiembre del 2023. El valor de moneda nacional a recaudar corresponde al valor de la moneda en pesos colombianos entregada por parte la autoridad competente. | N18: 100% | O18: Trimestral | P18: 0 | Q18: 0 | R18: =IFERROR(IF(COUNTIF(N18,"*%")=1,(P18/Q18)*(100%/N18)*(S18/100%),(P18/Q18)*(S18/100%))," ") | S18: 0.5 | T18: =IFERROR(IF(R18=" "," ",IF(OR(R18>=S18,((R18/S18)*(100%/N18))>1),1,((R18/S18)*(100%/N18)))),"") | U18: Las divisas ya fueron entregadas a la transportadora de valores para su verificación en el Banco de la Reserva Federal de USA, esta operación demora aproximadamente 2 meses por lo tanto se estima que la monetización de las mismas se surtiría en el tercer trimestre de este año, alcanzando el cumplimiento al 100% del indicador. | V18: Fue adicionado al conteo adelantado en el año 2022 USD90.421 dólares puestos a disposición de esta Sociedad durante el segundo semestre del 2022, quedando un total de divisas objeto de verificación $USD 1.427.321, se estima monetizar la suma de $5.900 millones de pesos aproximadamente en el tercer trimestre de la presente vigencia. | AE18: =IF(B18=Datos!$C$11, "Iniciativas_Objetivo1", IF(B18=Datos!$C$12, "Iniciativas_Objetivo2", IF(B18=Datos!$C$13, "Iniciativas_Objetivo3", IF(B18=Datos!$C$14, "Iniciativas_Objetivo4", IF(B18=Datos!$C$15, "Iniciativas_Objetivo5", IF(B18=Datos!$C$16, "Iniciativas_Objetivo6", IF(B18=Datos!$C$17, "Iniciativas_Objetivo7", IF(B18=Datos!$C$18, "Iniciativas_Objetivo8", IF(B18=Datos!$C$19, "Iniciativas_Objetivo9", IF(B18=Datos!$C$20, "Iniciativas_Objetivo10", IF(B18=Datos!$C$21, "Iniciativas_Objetivo11", IF(B18=Datos!$C$22, "Iniciativas_Objetivo12",IF(B18=Datos!$C$23, "Iniciativas_Objetivo13", " "))))))))))))) -> Iniciativas_Objetivo3
A19: Financiera | B19: 03. Garantizar la efectiva transferencia de recursos a la Nación, en concordancia con lo establecido en la ley y contribuyendo a los propósitos del Plan Nacional de Desarrollo. | C19: Cumplimiento de transferencias de recursos a la Nación establecidas en la ley . | D19: Realizar las transferencias a la Nación y destinaciones específicas en recursos líquidos | E19: Gestión Financiera | F19: Tesorería | G19: Transferencias a la Nación y destinaciones específicas en recursos líquidos | H19: SÍ | I19: Economía | J19: Programación | K19: Gerencia Financiera | L19: (Sumatoria de los valores de las transferencias a favor de la nación y destinaciones específicas en recursos líquidos/ Meta de transferencias a favor de la Nación y destinaciones específicas en recursos líquidos) *100% | M19: Objetivo del indicador: medir las transferencias realizadas a la nación y destinaciones específicas en recursos líquidos. Este indicador se encuentra globalizado centralizado por la Gerencia Financiera con base en los ingresos producidos al interior de la entidad. Numerador: corresponde a la sumatoria de valores transferidos y destinados oficialmente a las entidades beneficiarias establecidas en la Ley. Denominador: corresponde a la meta establecida en el presupuesto aprobado por el Consejo Nacional de Estupefacientes. Para el 2023 la meta establecida es de $264.264.260.812. | N19: $264.264.260.812 | O19: Trimestral | P19: 152126736542 | Q19: 264264260812 | R19: =IFERROR(IF(COUNTIF(N19,"*%")=1,(P19/Q19)*(100%/N19),P19/Q19)," ") -> 0.57566141 | S19: 0.5 | T19: =IFERROR(IF(R19=" "," ",IF(R19>=S19,1,R19/S19))," ") -> 1 | U19: Corresponde a los recursos líquidos transferidos a la Nación: Artículo 91 de la Ley 1708 modificado por el artículo 22 de la Ley 1849 de 2017 para la Fiscalía General de la Nación, la Rama Judicial, Policía Judicial, Defensoría del Pueblo y las destinaciones especificas para el Fondo Victimas, Minsalud - Política Antidrogas, Min justicia - Política Antidrogas y Policía - Política Antidrogas. | V19: Información Preliminar - No se ha culminado el cierre financiero del mes de junio de 2023 | AE19: =IF(B19=Datos!$C$11, "Iniciativas_Objetivo1", IF(B19=Datos!$C$12, "Iniciativas_Objetivo2", IF(B19=Datos!$C$13, "Iniciativas_Objetivo3", IF(B19=Datos!$C$14, "Iniciativas_Objetivo4", IF(B19=Datos!$C$15, "Iniciativas_Objetivo5", IF(B19=Datos!$C$16, "Iniciativas_Objetivo6", IF(B19=Datos!$C$17, "Iniciativas_Objetivo7", IF(B19=Datos!$C$18, "Iniciativas_Objetivo8", IF(B19=Datos!$C$19, "Iniciativas_Objetivo9", IF(B19=Datos!$C$20, "Iniciativas_Objetivo10", IF(B19=Datos!$C$21, "Iniciativas_Objetivo11", IF(B19=Datos!$C$22, "Iniciativas_Objetivo12",IF(B19=Datos!$C$23, "Iniciativas_Objetivo13", " "))))))))))))) -> Iniciativas_Objetivo3
A20: Financiera | B20: 04. Generar rentabilidad económica a partir de la diversificación de ingresos, para la inversión social y la lucha contra el crimen organizado. | C20: Adelantar procesos de comercialización y venta de activos | D20: Gestionar el recaudo de ventas de inmuebles sociales y no sociales comercializados a través de la Gerencia Comercial | E20: Disposición Final | F20: Comercialización de Activos | G20: Recaudo por venta de inmuebles | H20: SÍ | I20: Economía | J20: Programación | K20: Gerencia Comercial | L20: (Valor de recaudo por ventas de inmuebles / Valor de recaudo de ventas de inmuebles proyectado para la vigencia)*100% | M20: Objetivo del indicador: medir el recaudo por la venta de inmuebles sociales y no sociales comercializados a través de la G. Comercial. Numerador: es el valor de recaudo por ventas de inmuebles sociales y no sociales comercializados a través de la G. Comercial. Este recaudo es producto de ventas directas, cuotas partes, ventas masivas y ventas a través del operador comercial. Denominador: corresponde al recaudo de ingresos por venta programados para la vigencia. | N20: 307000000000 | O20: Trimestral | P20: 59703982632 | Q20: =N20 -> 307000000000 | R20: =IFERROR(IF(COUNTIF(N20,"*%")=1,(P20/Q20)*(100%/N20),P20/Q20)," ") -> 0.19447551 | S20: 0.5 | T20: =IFERROR(IF(R20=" "," ",IF(R20>=S20,1,R20/S20))," ") -> 0.38895103 | U20: La información correspondiente a los recaudos por ventas del T2 incluye todas las líneas de negocio CISA, ventas directas y cuotas partes tanto de activos sociales como no sociales, es importante señalar que los recaudos se han venido promoviendo con las ventas directas que se han trabajado con la Agencia Nacional de Tierras y de las cuales se están proyectando realizar un número considerable de negocios que nos permitan cumplir la meta a final de año. No obstante, es importante destacar el bajo volumen de inmuebles disponibles para venta, limitando el portafolio disponible para la venta | V20: Con el fin de dar cumplimiento a la meta establecida para el año 2023, se esta trabajando en; 1.Venta a entidades públicas aplicando la fórmula de descuentos (costo beneficio). 2.Aplicación de descuentos a través de operador comercial CISA 3.Impulsando las ventas de inmuebles mas representativos para la entidad. | AE20: =IF(B20=Datos!$C$11, "Iniciativas_Objetivo1", IF(B20=Datos!$C$12, "Iniciativas_Objetivo2", IF(B20=Datos!$C$13, "Iniciativas_Objetivo3", IF(B20=Datos!$C$14, "Iniciativas_Objetivo4", IF(B20=Datos!$C$15, "Iniciativas_Objetivo5", IF(B20=Datos!$C$16, "Iniciativas_Objetivo6", IF(B20=Datos!$C$17, "Iniciativas_Objetivo7", IF(B20=Datos!$C$18, "Iniciativas_Objetivo8", IF(B20=Datos!$C$19, "Iniciativas_Objetivo9", IF(B20=Datos!$C$20, "Iniciativas_Objetivo10", IF(B20=Datos!$C$21, "Iniciativas_Objetivo11", IF(B20=Datos!$C$22, "Iniciativas_Objetivo12",IF(B20=Datos!$C$23, "Iniciativas_Objetivo13", " "))))))))))))) -> Iniciativas_Objetivo4
A21: Financiera | B21: 04. Generar rentabilidad económica a partir de la diversificación de ingresos, para la inversión social y la lucha contra el crimen organizado. | C21: Adelantar procesos de comercialización y venta de activos | D21: Gestionar la generación de ingresos a partir de la disposición de bienes muebles | E21: Disposición Final | F21: Comercialización de Activos | G21: Ingresos por disposición final de bienes muebles | H21: SÍ | I21: Economía | J21: Programación | K21: Gerencia de Bienes Muebles | L21: (Valor total de ingresos recibidos por disposición final de bienes muebles / Valor total presupuestado por concepto de ingresos por disposición final de bienes muebles) *100% | M21: Objetivo del indicador: medir la generación de ingresos por disposición final de bienes muebles. Numerador: corresponde a los ingresos por concepto de venta, chatarrización, siniestro, entre otras modalidades de disposición final. El tipo de muebles a disponer finalmente pueden ser: * Semovientes * Muebles y enseres * Medios de transporte * Oro * Obras de arte. * Sustancias químicas * Joyas Denominador: el valor presupuestado de ingresos corresponde al valor de venta de los bienes muebles valorados como comerciales a partir del precio mínimo de ventas; al valor proyectado de ingresos por chatarrización, y al valor de ingresos por siniestro producto de reclamaciones a las aseguradoras, entre otros. | N21: 15000000000 | O21: Trimestral | P21: 7016666138 | Q21: 15000000000 | R21: =IFERROR(IF(COUNTIF(N21,"*%")=1,(P21/Q21)*(100%/N21),P21/Q21)," ") -> 0.46777774 | S21: 0.5 | T21: =IFERROR(IF(R21=" "," ",IF(R21>=S21,1,R21/S21))," ") -> 0.93555549 | U21: Durante el segundo trimestre no se generaron ingresos por concepto de disposición final. Durante el primer trimestre la Gerencia de Muebles a Generado ingresos por los siguientes conceptos: Semovientes; 3.795.481.690 Chatarrizaciòn:16.683.026 Comercializacion:3.182.441.422 Siniestros; 22.060.000 Los ingresos generados por la disposición final de muebles se puede ver afectada principalmente en los procesos previos de alistamiento (emisión de viabilidad jurídica, viabilidades técnicas y expedición de actos administrativos), la Gerencia ha optado por un control de tiempo y verificación de tiempos en cada etapa de alistamiento para mitigar estas demoras y evitar incumplimientos en los objetivos establecidos. | AE21: =IF(B21=Datos!$C$11, "Iniciativas_Objetivo1", IF(B21=Datos!$C$12, "Iniciativas_Objetivo2", IF(B21=Datos!$C$13, "Iniciativas_Objetivo3", IF(B21=Datos!$C$14, "Iniciativas_Objetivo4", IF(B21=Datos!$C$15, "Iniciativas_Objetivo5", IF(B21=Datos!$C$16, "Iniciativas_Objetivo6", IF(B21=Datos!$C$17, "Iniciativas_Objetivo7", IF(B21=Datos!$C$18, "Iniciativas_Objetivo8", IF(B21=Datos!$C$19, "Iniciativas_Objetivo9", IF(B21=Datos!$C$20, "Iniciativas_Objetivo10", IF(B21=Datos!$C$21, "Iniciativas_Objetivo11", IF(B21=Datos!$C$22, "Iniciativas_Objetivo12",IF(B21=Datos!$C$23, "Iniciativas_Objetivo13", " "))))))))))))) -> Iniciativas_Objetivo4
A22: Financiera | B22: 04. Generar rentabilidad económica a partir de la diversificación de ingresos, para la inversión social y la lucha contra el crimen organizado. | C22: Adelantar procesos de comercialización y venta de activos | D22: Entrega de remanentes de sociedades en liquidación | E22: Disposición Final | F22: Comercialización de Activos | G22: Entrega de remanentes por liquidación de Sociedades | H22: SÍ | I22: Economía | J22: Programación | K22: Gerencia Sociedades En Liquidación | L22: (Remanentes entregados por liquidación de sociedades / Remanentes de sociedades en liquidación estimados para entrega) *100% | M22: Objetivo del indicador: medir la entrega de recursos realizada a la Nación por liquidación de Sociedades. Numerador: los remanentes incluyen activos sociales extintos sin distinción de su tipología entregados al FRISCO. Denominador: la estimación de los remanentes se realiza con base en la valoración patrimonial de las sociedades extintas priorizadas para la vigencia. | N22: $ 74.684.780.832 | O22: Trimestral | P22: 3906633119 | Q22: 74684780832 | R22: =IFERROR(IF(COUNTIF(N22,"*%")=1,(P22/Q22)*(100%/N22),P22/Q22)," ") -> 0.052308289 | S22: 0.5 | T22: =IFERROR(IF(R22=" "," ",IF(R22>=S22,1,R22/S22))," ") -> 0.10461658 | U22: Los $ 3.906.633.119 reportados como remanente para el T2, hacen parte del proceso de entrega de remanente de la Sociedad Cosur Ltda. en Liquidación, distribuidos de la siguiente forma $147.586.000.oo inmueble rural de la sociedad que ya fue aceptado por la Gerencia de Inmuebles Rurales para entrega; y $3.759.047.119 remanente líquido declarado por la sociedad al FRISCO como remanente en efectivo en acta de cuenta final. REMANENTE EN INMUEBLES • COMPAÑÍA COSTRUCTORA Y COMERCIALIZADORA DEL SUR LIMITADA COSUR LTDA EN LIQUIDACION = $40,225,522,000 • INVERSIONES ARA LTDA EN LIQUIDACION = $ 9,749,286,557 • MAROS S.A. EN LIQUIDACION = $ 769,306,000 • INVERSIONES SANTA LTDA EN LIQUIDACIÓN = $ 4,332,329,622 • INVERSIONES MONDRAGON Y CIA S. EN C EN LIQUIDACIÓN. = $ 11,839,674,000 • CONSTRUCCIONES ASTRO S.A. EN LIQUIDACION = $ 50,992,965 • SUCESORES ORTIZ ESCOBAR SA EN LIQUIDACION = $ 11,374,328,220 • ASES DE COMPETENCIA Y CIA. S.A. "EN LIQUIDACION" = $ 83,959,437,167 TOTAL REMANENTE EN INMUEBLES = $ 162,300,876,531 REMANENTE LÍQUIDO DESPUES DEL PAGO DE PASIVOS • COMPAÑÍA COSTRUCTORA Y COMERCIALIZADORA DEL SUR LIMITADA COSUR LTDA EN LIQUIDACION = $ 3,759,047,119 • INVERSIONES ARA LTDA EN LIQUIDACION = $ 4,000,000,000 • MAROS S.A. EN LIQUIDACION = $ 2,153,990,000 • INVERSIONES SANTA LTDA EN LIQUIDACIÓN = $ 3,887,864,369 • INVERSIONES MONDRAGON Y CIA S. EN C EN LIQUIDACIÓN.= $ 38,087,000 • CONSTRUCCIONES ASTRO S.A. EN LIQUIDACION = $ 63,246,737 • SUCESORES ORTIZ ESCOBAR SA EN LIQUIDACION = $ 918,383,974 • ASES DE COMPETENCIA Y CIA. S.A. "EN LIQUIDACION" = $ 8,353,995,970 TOTAL REMANENTE LIQUIDO = $ 23,174,615,169 | V22: Plan de acciones a T3 y T4 para cumplimiento de la Meta, REMANENTE LÍQUIDO DESPUES DEL PAGO DE PASIVOS Teniendo en cuenta el proceso de comercialización de activos sociales, la Gerencia de sociedades en Liquidación se encuentra adelantando el P-DT3-147 “Procedimiento Devolución De Recursos Frisco Pertenecientes a Sociedades “con el fin de proceder con el pago de pasivos de las sociedades conforme a la prelación legal con base a los recursos obtenidos provenientes de ventas. Es importante mencionar que, dentro de dicho procedimiento se encuentra involucradas las siguientes áreas: Gerencia Financiera y vicepresidencia Jurídica. REMANENTE EN INMUEBLES En virtud del procedimiento N-DF2-059 “ Instructivo Remanentes Bienes Sociales A Ingresar Al Frisco”, después de la aprobación del acta de cuenta final para las sociedades, la Gerencia de sociedades junto con la Gerencia de Bienes inmuebles Urbanos y/o Rurales se dispone a iniciar las entregas físicas y documentales correspondientes, con el fin de trasladar la propiedad de dichos inmuebles sociales a favor del FRISCO; teniendo en cuenta que las sociedades han culminado el proceso liquidatario al 100%. Así las cosas, la Gerencia de sociedades en liquidación se encuentra tramitando en conjunto con la Gerencia de bienes inmuebles rurales y/o urbanos la entrega de $40,225,522,000 pertenecientes a la sociedad COMPAÑÍA COSTRUCTORA Y COMERCIALIZADORA DEL SUR LIMITADA COSUR LTDA EN LIQUIDACION que culmino su proceso liquidatario el pasado 3/08/2022. Es importante mencionar que, dentro de dicho procedimiento adicional a la Gerencia de Bienes inmuebles rurales y/o urbanos se encuentra involucradas las siguientes áreas: Gerencia Financiera, vicepresidencia Jurídica y GIT de aseguramiento de la información. | AE22: =IF(B22=Datos!$C$11, "Iniciativas_Objetivo1", IF(B22=Datos!$C$12, "Iniciativas_Objetivo2", IF(B22=Datos!$C$13, "Iniciativas_Objetivo3", IF(B22=Datos!$C$14, "Iniciativas_Objetivo4", IF(B22=Datos!$C$15, "Iniciativas_Objetivo5", IF(B22=Datos!$C$16, "Iniciativas_Objetivo6", IF(B22=Datos!$C$17, "Iniciativas_Objetivo7", IF(B22=Datos!$C$18, "Iniciativas_Objetivo8", IF(B22=Datos!$C$19, "Iniciativas_Objetivo9", IF(B22=Datos!$C$20, "Iniciativas_Objetivo10", IF(B22=Datos!$C$21, "Iniciativas_Objetivo11", IF(B22=Datos!$C$22, "Iniciativas_Objetivo12",IF(B22=Datos!$C$23, "Iniciativas_Objetivo13", " "))))))))))))) -> Iniciativas_Objetivo4
A23: Financiera | B23: 04. Generar rentabilidad económica a partir de la diversificación de ingresos, para la inversión social y la lucha contra el crimen organizado. | C23: Adelantar procesos de comercialización y venta de activos | D23: Generar ingresos a partir de procesos de comercialización de activos entregados por las extintas FARC | E23: Disposición Final | F23: Comercialización de Activos Otras Modalidades de Disposición Final | G23: Ingresos generados por comercialización de activos entregados por las extintas FARC | H23: SÍ | I23: Eficacia | J23: Programación | K23: Gerencia de Proyectos Especiales | L23: (Ingresos recibidos por venta de activos entregados por las extintas FARC / Valor total de ingresos estimados por la comercialización de activos entregados por las extintas FARC) * 100% | M23: Objetivo del indicador: medir los ingresos recibidos por la venta de activos entregados por las extintas FARC y administrados por SAE. Numerador: corresponden a los ingresos recibidos por el operador comercial producto de la venta de activos entregados por las extintas FARC. Este valor incluye la venta de todos los activos comercializados como vehículos, joyas, muebles y enseres. Denominador: el valor total de ingresos estimados a recibir producto de la comercialización de activos. Para el 2023, se contempla como referencia de ingresos la sumatoria de los avalúos comerciales de las joyas. | N23: $ 357.530.300 | O23: Trimestral | P23: 115822175 | Q23: 357530300 | R23: =IFERROR(IF(COUNTIF(N23,"*%")=1,(P23/Q23)*(100%/N23),P23/Q23)," ") -> 0.32395066 | S23: 0.5 | T23: =IFERROR(IF(R23=" "," ",IF(R23>=S23,1,R23/S23))," ") -> 0.64790131 | U23: El indicador contempla la comercialización de los bienes en la vigencia 2023 por valor de $357.530.300, es decir, $89.382.575 trimestrales. Como resultado de la Gestión de la Gerencia en el primer trimestre, se realizó la comercialización de $115.822.175, es decir $26.439.600 más de lo previsto. Para el segundo trimestre de 2023 no se realizó la venta de bienes en atención a que el contrato que tiene la SAE para su comercialización no estuvo vigente en este periodo. Para el tercer trimestre de 2023 se tiene previsto que desde la Gerencia de Bienes Muebles se reactive el contrato con el Martillo del Banco del Popular, el cual representa la única RTA de comercialización de bienes muebles con la que cuenta la entidad. | V23: Las acciones de mejora a implementarse durante el tercer trimestre del 2023 para este indicador serán: 1. Presentar en subasta los lotes de bienes a comercializar correspondientes a joyas de oro y bienes muebles con fecha estimada para finales del mes de agosto de 2023, ya que esta supeditada a la suscripción del contrato con el Martillo del Banco Popular. Con el fin de hacer seguimiento al cumplimiento de esta actividad, desde la Gerencia de Proyectos Especiales se realizará el respectivo seguimiento mensual durante el tercer trimestre. | AE23: =IF(B23=Datos!$C$11, "Iniciativas_Objetivo1", IF(B23=Datos!$C$12, "Iniciativas_Objetivo2", IF(B23=Datos!$C$13, "Iniciativas_Objetivo3", IF(B23=Datos!$C$14, "Iniciativas_Objetivo4", IF(B23=Datos!$C$15, "Iniciativas_Objetivo5", IF(B23=Datos!$C$16, "Iniciativas_Objetivo6", IF(B23=Datos!$C$17, "Iniciativas_Objetivo7", IF(B23=Datos!$C$18, "Iniciativas_Objetivo8", IF(B23=Datos!$C$19, "Iniciativas_Objetivo9", IF(B23=Datos!$C$20, "Iniciativas_Objetivo10", IF(B23=Datos!$C$21, "Iniciativas_Objetivo11", IF(B23=Datos!$C$22, "Iniciativas_Objetivo12",IF(B23=Datos!$C$23, "Iniciativas_Objetivo13", " "))))))))))))) -> Iniciativas_Objetivo4
A24: Financiera | B24: 04. Generar rentabilidad económica a partir de la diversificación de ingresos, para la inversión social y la lucha contra el crimen organizado. | C24: Diseñar y/o implementar estrategias de ahorro en la administración de activos. | D24: Reducir los inventarios de bienes muebles que implican un impacto ambiental | E24: Disposición Final | F24: Otras Modalidades de Disposición Final | G24: Reducción de bienes muebles que puedan generar un impacto ambiental | H24: SÍ | I24: Economía | J24: Demanda | K24: Gerencia de Bienes Muebles | L24: (Número de bienes muebles destruidos o dispuestos para su reutilización / Total de bienes muebles objeto a destruir o disponibles para su reutilización) *100% | M24: Objetivo del indicador: medir la destrucción o disposición de bienes muebles para su reutilización por terceros. Numerador: corresponde a los bienes muebles que puedan generar un impacto ambiental, destruidos o dispuestos a terceros para su reutilización (Ej. Recicladores). El denominador: corresponde al total de bienes muebles que puedan generar un impacto ambiental que deben ser destruidos (sustancias químicas, minerales y los muebles y enseres que tengan conceptos técnicos de destrucción) y a los bienes muebles que pueden ser dispuestos a terceros para su reutilización. | N24: 100% | O24: Trimestral | P24: 22 | Q24: 22 | R24: =IFERROR(IF(COUNTIF(N24,"*%")=1,(P24/Q24)*(100%/N24)*(S24/100%),(P24/Q24)*(S24/100%))," ") -> 0.5 | S24: 0.5 | T24: =IFERROR(IF(R24=" "," ",IF(OR(R24>=S24,((R24/S24)*(100%/N24))>1),1,((R24/S24)*(100%/N24)))),"") -> 1 | U24: Durante el primer semestre se destruyeron 14 registros de sustancias químicas equivalentes a 17.56 toneladas de sustancias químicas (ácidos) ubicadas en la bodega Yumbo, Durante el segundo trimestre se destruyeron 5 registros de la Bodega Ricaurte equivalentes a 1.3 toneladas y 3 registros de la bodega pasto equivalentes a 1.31 toneladas, para un total de sustancias destruidas 20.17 toneladas que corresponden a 22 registros. | AE24: =IF(B24=Datos!$C$11, "Iniciativas_Objetivo1", IF(B24=Datos!$C$12, "Iniciativas_Objetivo2", IF(B24=Datos!$C$13, "Iniciativas_Objetivo3", IF(B24=Datos!$C$14, "Iniciativas_Objetivo4", IF(B24=Datos!$C$15, "Iniciativas_Objetivo5", IF(B24=Datos!$C$16, "Iniciativas_Objetivo6", IF(B24=Datos!$C$17, "Iniciativas_Objetivo7", IF(B24=Datos!$C$18, "Iniciativas_Objetivo8", IF(B24=Datos!$C$19, "Iniciativas_Objetivo9", IF(B24=Datos!$C$20, "Iniciativas_Objetivo10", IF(B24=Datos!$C$21, "Iniciativas_Objetivo11", IF(B24=Datos!$C$22, "Iniciativas_Objetivo12",IF(B24=Datos!$C$23, "Iniciativas_Objetivo13", " "))))))))))))) -> Iniciativas_Objetivo4
A25: Financiera | B25: 04. Generar rentabilidad económica a partir de la diversificación de ingresos, para la inversión social y la lucha contra el crimen organizado. | C25: Diseñar y/o implementar estrategias de ahorro en la administración de activos. | D25: Generar ahorros producto de la implementación de esquemas de disposición temporal o definitiva de los bienes muebles | E25: Disposición Temporal Disposición Final | F25: Administración de destinación provisional Otras modalidades de disposición final | G25: Ahorro por disposición temporal o definitiva de bienes muebles. | H25: SÍ | I25: Economía | J25: Programación | K25: Gerencia de Bienes Muebles | L25: ( Valor de ahorro de bienes muebles por disposición temporal y final/ Valor proyectado de ahorro para la vigencia de bienes muebles a disponer temporal o definitivamente)*100% | M25: Objetivo del indicador: medir el valor del ahorro en la vigencia, generado por la disposición temporal o definitiva de bienes muebles. Numerador: corresponde al valor económico ahorrado en la vigencia por disposición temporal o definitiva de bienes muebles. Denominador: corresponde al valor proyectado de ahorro (costos directos por almacenamiento y bodegaje) desde la fecha de entrega de disposición temporal o definitiva hasta el cierre de la vigencia. | N25: 300000000 | O25: Trimestral | P25: 580711231 | Q25: 300000000 | R25: =IFERROR(IF(COUNTIF(N25,"*%")=1,(P25/Q25)*(100%/N25),P25/Q25)," ") -> 1.9357041 | S25: 0.5 | T25: =IFERROR(IF(R25=" "," ",IF(R25>=S25,1,R25/S25))," ") -> 1 | U25: Se generó ahorro por costos de almacenamiento por los siguientes conceptos: Chatarrización; $88.363.971 Donación estancias: 141.916.696 destinación provisional:24.080.072 devoluciones:7.342.997 Por disposiciones finales vigencias anteriores: 319.007.494 | V25: Teniendo en cuenta que se logro el saneamiento para traspaso y retiro de medios de transporte comercializados vigencias 2021 y 2022 que generaban altos costos de almacenamiento lo que permitió el cumplimiento anticipado de la meta propuesta, por lo tanto se solicita el incremento a la meta a $650.000.000 | AE25: =IF(B25=Datos!$C$11, "Iniciativas_Objetivo1", IF(B25=Datos!$C$12, "Iniciativas_Objetivo2", IF(B25=Datos!$C$13, "Iniciativas_Objetivo3", IF(B25=Datos!$C$14, "Iniciativas_Objetivo4", IF(B25=Datos!$C$15, "Iniciativas_Objetivo5", IF(B25=Datos!$C$16, "Iniciativas_Objetivo6", IF(B25=Datos!$C$17, "Iniciativas_Objetivo7", IF(B25=Datos!$C$18, "Iniciativas_Objetivo8", IF(B25=Datos!$C$19, "Iniciativas_Objetivo9", IF(B25=Datos!$C$20, "Iniciativas_Objetivo10", IF(B25=Datos!$C$21, "Iniciativas_Objetivo11", IF(B25=Datos!$C$22, "Iniciativas_Objetivo12",IF(B25=Datos!$C$23, "Iniciativas_Objetivo13", " "))))))))))))) -> Iniciativas_Objetivo4
A26: Financiera | B26: 04. Generar rentabilidad económica a partir de la diversificación de ingresos, para la inversión social y la lucha contra el crimen organizado. | C26: Diseñar y/o implementar estrategias de ahorro en la administración de activos. | D26: Reducir el inventario de las sociedades en liquidación con activos | E26: Disposición Final | F26: Comercialización de Activos | G26: Liquidación de sociedades con activos | H26: SÍ | I26: Economía | J26: Programación | K26: Gerencia Sociedades En Liquidación | L26: (Sociedades con activos liquidadas / Sociedades con activos priorizados para cierre liquidatario) *100% | M26: Objetivo del indicador: medir la reducción del inventario de las sociedades con activos en liquidación. Numerador: corresponde a las sociedades liquidadas registrados en el sistema de información de SAE con marcación de "prestado en el inventario" Denominador: las sociedades con activos priorizadas para cierre liquidatario en la vigencia 2023 es de 8. | N26: 8 | O26: Trimestral | P26: 0 | Q26: 8 | R26: =IFERROR(IF(COUNTIF(N26,"*%")=1,(P26/Q26)*(100%/N26),P26/Q26)," ") -> 0 | S26: 0.5 | T26: =IFERROR(IF(R26=" "," ",IF(R26>=S26,1,R26/S26))," ") -> 0 | U26: Para lograr realizar la entrega de remanentes anticipados o por culminación del proceso liquidatario, es necesario la articulación de varios tramites que se encuentran a cargo de otras áreas como lo son (Gerencia Técnica, Gerencia Financiera, Jurídica y Gerencia de bienes inmuebles rurales o urbano), es de indicar que al encontrarse vinculadas en un proceso de liquidación, es necesario la monetización del activo para cubrir pasivos. Las siguientes sociedades ya cuentan con acta de cuenta final aprobada y se encuentran en trámite de registro ante cámara y posterior remoción del depositario y descarga del inventario “prestado” • CRIADERO EL PASO LTDA EN LIQUIDACION • INVERSIONES INTEGRAL LTDA EN LIQUIDACION • COMPAÑÍA COSTRUCTORA Y COMERCIALIZADORA DEL SUR LIMITADA COSUR LTDA EN LIQUIDACION • INVERSIONES MONDRAGON • INVERSIONES ARA Igualmente las siguientes sociedades se encuentran en trámite de devolución de recursos por objeto de ventas para pago de pasivos, con miras a la finalización del proceso de liquidación de la sociedad y cancelación de matrícula: • MAROS SA EN LIQUIDACIÓN • INVERPRIME S.A. EN LIQUIDACION • INVERSIONES SANTA LTDA EN LIQUIDACIÓN • C.I. GOLDEX S.A.S. "EN LIQUIDACION" | V26: SOCIEDADES CON ACTA DE CUENTA FINAL Las siguientes sociedades se encuentran en trámite de inscripción de acta de cuenta final ante cámara de comercio, teniendo en cuenta que dichas sociedades NO contaban con activos para entrega de remanentes líquidos y/o físico a favor del FRISCO; • CRIADERO EL PASO LTDA EN LIQUIDACION • INVERSIONES INTEGRAL LTDA EN LIQUIDACION SOCIEDADES CON ACTA DE CUENTA FINAL EN TRAMITE DE ENTREGA DE REMANENTE Las siguientes sociedades a pesar de contar con acta de cuenta final aprobada, se encuentran en trámite de entrega de remanentes físicos, trabajo en conjunto con la Gerencia de Bienes inmuebles Urbanos y/o Rurales: • COMPAÑÍA COSTRUCTORA Y COMERCIALIZADORA DEL SUR LIMITADA COSUR LTDA EN LIQUIDACION • INVERSIONES MONDRAGON • INVERSIONES ARA ( Esta sociedad se encuentra con acta de cuenta final, sin embargo presenta la novedad que dicha acta de asamblea no fue firmada por la Gerencia anterior, así mismo se está en trámite de definir la situación jurídica sobre el contrato de transacción firmado en 2022) SOCIEDADES EN TRAMITE DE DEVOLUCION DE RECURSOS PARA PAGO DE PASIVOS Es de indicar que al encontrarse las sociedades vinculadas en un proceso de liquidación, es necesario la monetización del activo para cubrir pasivos, los cuales las siguientes sociedades ya efectuaron su proceso de comercialización de activos y están surtiendo el P-DT3-147 “Procedimiento Devolución De Recursos Frisco Pertenecientes a Sociedades “ • MAROS SA EN LIQUIDACIÓN • INVERPRIME S.A. EN LIQUIDACION • INVERSIONES SANTA LTDA EN LIQUIDACIÓN • C.I. GOLDEX S.A.S. "EN LIQUIDACION" | AE26: =IF(B26=Datos!$C$11, "Iniciativas_Objetivo1", IF(B26=Datos!$C$12, "Iniciativas_Objetivo2", IF(B26=Datos!$C$13, "Iniciativas_Objetivo3", IF(B26=Datos!$C$14, "Iniciativas_Objetivo4", IF(B26=Datos!$C$15, "Iniciativas_Objetivo5", IF(B26=Datos!$C$16, "Iniciativas_Objetivo6", IF(B26=Datos!$C$17, "Iniciativas_Objetivo7", IF(B26=Datos!$C$18, "Iniciativas_Objetivo8", IF(B26=Datos!$C$19, "Iniciativas_Objetivo9", IF(B26=Datos!$C$20, "Iniciativas_Objetivo10", IF(B26=Datos!$C$21, "Iniciativas_Objetivo11", IF(B26=Datos!$C$22, "Iniciativas_Objetivo12",IF(B26=Datos!$C$23, "Iniciativas_Objetivo13", " "))))))))))))) -> Iniciativas_Objetivo4
A27: Financiera | B27: 04. Generar rentabilidad económica a partir de la diversificación de ingresos, para la inversión social y la lucha contra el crimen organizado. | C27: Diseñar y/o implementar estrategias de ahorro en la administración de activos. | D27: Reducir el inventario de las sociedades en liquidación sin activos y cancelar matrículas de establecimientos de comercio | E27: Disposición Final | F27: Otras Modalidades de Disposición Final | G27: Liquidación de sociedades sin activos y cancelación de matrículas de establecimientos de comercio | H27: SÍ | I27: Economía | J27: Programación | K27: Gerencia Sociedades En Liquidación | L27: (Sociedades sin activos con cierre de procesos liquidatarios y establecimientos de comercio con cancelación de matrículas / Sociedades sin activos y establecimientos de comercio priorizados para cierre liquidatario) *100% | M27: Objetivo del indicador: medir la reducción del inventario de las sociedades en liquidación sin activos y cancelación de matrículas de establecimientos de comercio. Numerador: corresponde a las sociedades sin activos liquidadas y establecimientos de comercio con cancelación de matrículas registrados en el sistema de información de SAE con marcación de "prestado en el inventario" Denominador: las sociedades sin activos y establecimientos de comercio priorizados para cierre liquidatario o cancelación de matrícula en la vigencia 2023 es de 139. | N27: 60 | O27: Trimestral | P27: 22 | Q27: 60 | R27: =IFERROR(IF(COUNTIF(N27,"*%")=1,(P27/Q27)*(100%/N27),P27/Q27)," ") -> 0.36666667 | S27: 0.5 | T27: =IFERROR(IF(R27=" "," ",IF(R27>=S27,1,R27/S27))," ") -> 0.73333333 | U27: Se realizó la descarga de 11 sociedades sin activos y de 11 establecimientos de comercio sin activos, los cuales contaban con Resolución de cancelación de matrícula y al corroborar en RUES ya se encuentran canceladas en Cámara correspondiente. Para un total de 22 activos descargados del del inventario. Lo anterior se realizó bajo el radicado No. 20235100054863 dirigido al GIT de aseguramiento y control de la información. | V27: Para seguir avanzando en este indicador se requiere el nombramiento de Valeria Ortega , Profesional Especializada III, como Mandataria Especial, para lo cual ya quedo removido el anterior mandatario y se llevará al Comité de Depositarios de la primera semana de para postulación de la funcionaria y aprobación de este comité. Una vez suceda lo anterior, el GIT de depositarios proyectara la resolución de nombramiento y la enviara a la Vicepresidencia Jurídica quien constatará que se cumpla con todos los requisitos para la designación y remitirá a presidencia para firma, posterior a ello, baja nuevamente a Vicepresidencia jurídica para su numeración y comunicación. Una vez esté debidamente nombrada y posesionada la funcionaria como mandataria podrá iniciar a realizar convocatoria 20 sociedades sin activos extintas y de cuales SAE tiene un porcentaje accionario (papel), lo cual requiere ubicar a los demás socios y/o accionistas, las cuales ya tienen viabilidad jurídica para cancelación y posterior descargue pero requieren de asambleas para aprobar su cancelación. Así mismo se tiene 5 sociedades sin activos (papel)extintas al 100% que requieren del mandato para realizar A.A. de cancelación y la inscripción en la Cámara para su posterior descargue. Y de 13 sociedades iniciar el trámite de circularización con la finalidad de hallar o no activos sociales. Esto para el T3. Ahora bien, para el T4 se espera la se espera la celebración de las 20 asambleas convocadas en el T3 y tener resultados concretos del trámite de circulación realizado a 13 sociedades sin activos que nos permitan corroboran tal situación. | AE27: =IF(B27=Datos!$C$11, "Iniciativas_Objetivo1", IF(B27=Datos!$C$12, "Iniciativas_Objetivo2", IF(B27=Datos!$C$13, "Iniciativas_Objetivo3", IF(B27=Datos!$C$14, "Iniciativas_Objetivo4", IF(B27=Datos!$C$15, "Iniciativas_Objetivo5", IF(B27=Datos!$C$16, "Iniciativas_Objetivo6", IF(B27=Datos!$C$17, "Iniciativas_Objetivo7", IF(B27=Datos!$C$18, "Iniciativas_Objetivo8", IF(B27=Datos!$C$19, "Iniciativas_Objetivo9", IF(B27=Datos!$C$20, "Iniciativas_Objetivo10", IF(B27=Datos!$C$21, "Iniciativas_Objetivo11", IF(B27=Datos!$C$22, "Iniciativas_Objetivo12",IF(B27=Datos!$C$23, "Iniciativas_Objetivo13", " "))))))))))))) -> Iniciativas_Objetivo4
A28: Financiera | B28: 04. Generar rentabilidad económica a partir de la diversificación de ingresos, para la inversión social y la lucha contra el crimen organizado. | C28: Diseñar y/o implementar estrategias de ahorro en la administración de activos. | D28: Disponer de manera definitiva los activos entregados por las extintas FARC que no cuenten con potencial de comercialización | E28: Disposición Final | F28: Comercialización de Activos Otras Modalidades de Disposición Final | G28: Disposición Final de activos entregados por las extintas FARC | H28: SÍ | I28: Eficacia | J28: Programación | K28: Gerencia de Proyectos Especiales | L28: (Activos entregados por las extintas FARC dispuestos de manera definitiva/Activos programados a disponer de manera definitiva)*100% | M28: Objetivo del indicador: medir la disposición final de los activos entregados por las extintas FARC que no cuenten con potencial de comercialización Numerador: activos entregados por las extintas FARC, dispuestos de manera definitiva por mecanismos de chatarrización, destrucción o donación. Denominador: los activos programados a disponer de manera definitiva corresponden a los bienes a chatarrizar, destruir o donar, que no fueron objeto de interés en los procesos de comercialización . Esta meta es variable conforme al comportamiento de la comercialización de activos. | N28: 100% | O28: Trimestral | P28: 0 | Q28: 465 | R28: =IFERROR(IF(COUNTIF(N28,"*%")=1,(P28/Q28)*(100%/N28),P28/Q28)," ") -> 0 | S28: 0.5 | T28: =IFERROR(IF(R28=" "," ",IF(R28>=S28,1,R28/S28))," ") -> 0 | U28: El indicador relaciona la disposición final de los siguientes bienes: *15 Ud. Intendencia (Visores) *63 Ud. Celulares y accesorios *386 Ud. Intendencia (Uniformes militares) *1 Vehículo (BHF123) para chatarrizar Según la planeación de disposición final de los activos, se tiene previsto destinar el 50% de los activos durante el tercer trimestre de 2023 y el 50% restante en el cuarto trimestre de 2023. Lo anterior en atención a que la disposición final de los bienes debe ser aprobada en Consejo Fiduciario liderado por el DAPRE, pero que a corte del segundo trimestre de 2023 no había sido convocado. | V28: Con el fin de dar avance al proceso de disposición final de los bienes que no pueden ser comercializados se tienen previstas las siguientes actividades para el tercer y cuarto trimestre de 2023: 1. Elementos de intendencia y equipos celulares: Se tiene previsto para el tercer trimestre de 2023 realizar una reunión con Entidades Públicas (UARIV, ARN, etc.) con el fin de viabilizar el uso de estos bienes como materia prima en productos artesanales con un enfoque de resignificación del conflicto armado. 2. El vehículo a chatarrizar depende de la aprobación por parte del Consejo Fiduciario. Al respecto la Gerencia realizó una mesa de trabajo con el DAPRE y la Unidad de Implementación para coordinar su agendamiento y se de la aprobación requerida para realizar esta disposición para el tercer trimestre de 2023. | AE28: =IF(B28=Datos!$C$11, "Iniciativas_Objetivo1", IF(B28=Datos!$C$12, "Iniciativas_Objetivo2", IF(B28=Datos!$C$13, "Iniciativas_Objetivo3", IF(B28=Datos!$C$14, "Iniciativas_Objetivo4", IF(B28=Datos!$C$15, "Iniciativas_Objetivo5", IF(B28=Datos!$C$16, "Iniciativas_Objetivo6", IF(B28=Datos!$C$17, "Iniciativas_Objetivo7", IF(B28=Datos!$C$18, "Iniciativas_Objetivo8", IF(B28=Datos!$C$19, "Iniciativas_Objetivo9", IF(B28=Datos!$C$20, "Iniciativas_Objetivo10", IF(B28=Datos!$C$21, "Iniciativas_Objetivo11", IF(B28=Datos!$C$22, "Iniciativas_Objetivo12",IF(B28=Datos!$C$23, "Iniciativas_Objetivo13", " "))))))))))))) -> Iniciativas_Objetivo4
A29: Financiera | B29: 04. Generar rentabilidad económica a partir de la diversificación de ingresos, para la inversión social y la lucha contra el crimen organizado. | C29: Diversificar y fortalecer el portafolio de inversiones de la SAE. | D29: Realizar inversiones de recursos líquidos de acuerdo con el Decreto 1525 del 2008 mediante estrategias de inversión que permitan aumentar la rentabilidad. | E29: Gestión Financiera | F29: Tesorería | G29: Valor total de rendimientos de inversión con recursos líquidos extintos y en proceso | H29: SÍ | I29: Economía | J29: Programación | K29: Gerencia Financiera | L29: (Valor total de rendimientos obtenidos de inversiones con recursos líquidos extintos y en proceso / Meta de rendimientos financieros esperados con inversiones realizadas) *100% | M29: Objetivo del indicador: medir la obtención del valor total de los rendimientos esperados de la inversión de recursos líquidos extintos y en proceso. Numerador: corresponde al valor recibido producto de las inversiones en CDTs, TES, fondos de inversión u otros permitidos en la Ley, de acuerdo con la periodicidad de la inversión. Denominador: corresponde al valor presupuestado de rendimientos por inversión en la vigencia. El valor correspondiente para la vigencia 2023 es de $27.000.000.000. | N29: 27000000000 | O29: Trimestral | P29: 42192094036 | Q29: 27000000000 | R29: =IFERROR(IF(COUNTIF(N29,"*%")=1,(P29/Q29)*(100%/N29),P29/Q29)," ") -> 1.5626701 | S29: 0.5 | T29: =IFERROR(IF(R29=" "," ",IF(R29>=S29,1,R29/S29))," ") -> 1 | U29: Durante el segundo trimestre del 2023, el aumento significativo corresponde a las altas rentabilidades que está ofreciendo el mercado actualmente ya que el promedio de inversión está por encima del 13%E.A a comparación de la vigencia 2022 en el cual el mercado estaba en recuperación. | V29: Información Preliminar - No se ha culminado el cierre financiero del mes de junio de 2023 | AE29: =IF(B29=Datos!$C$11, "Iniciativas_Objetivo1", IF(B29=Datos!$C$12, "Iniciativas_Objetivo2", IF(B29=Datos!$C$13, "Iniciativas_Objetivo3", IF(B29=Datos!$C$14, "Iniciativas_Objetivo4", IF(B29=Datos!$C$15, "Iniciativas_Objetivo5", IF(B29=Datos!$C$16, "Iniciativas_Objetivo6", IF(B29=Datos!$C$17, "Iniciativas_Objetivo7", IF(B29=Datos!$C$18, "Iniciativas_Objetivo8", IF(B29=Datos!$C$19, "Iniciativas_Objetivo9", IF(B29=Datos!$C$20, "Iniciativas_Objetivo10", IF(B29=Datos!$C$21, "Iniciativas_Objetivo11", IF(B29=Datos!$C$22, "Iniciativas_Objetivo12",IF(B29=Datos!$C$23, "Iniciativas_Objetivo13", " "))))))))))))) -> Iniciativas_Objetivo4
A30: Financiera | B30: 04. Generar rentabilidad económica a partir de la diversificación de ingresos, para la inversión social y la lucha contra el crimen organizado. | C30: Fortalecer el modelo de seguimiento y control de los recursos económicos | D30: Realizar el seguimiento y control de la ejecución presupuestal de gasto de SAE | E30: Gestión Financiera | F30: Presupuesto | G30: Ejecución presupuestal de gasto de SAE | H30: NO | I30: Economía | J30: Programación | K30: Gerencia Financiera | L30: (Valor del presupuesto de gasto ejecutado en SAE / Valor del Presupuesto de gasto SAE aprobado ) *100% | M30: Objetivo del indicador: medir la ejecución presupuestal de gastos de SAE aprobados en la vigencia. Numerador: corresponde al presupuesto ejecutado, acumulado y registrado en el aplicativo financiero. Denominador: el valor de presupuesto de gasto de SAE programado corresponde al aprobado por la Junta Directiva. Para la vigencia 2023, el valor aprobado para SAE es de $64.930 millones. Observación: este indicador es globalizado centralizado por esta Gerencia, con base en la ejecución presupuestal de las áreas. | N30: 100% | O30: Trimestral | P30: 47324324806 | Q30: 64929649700 | R30: =IFERROR(IF(COUNTIF(N30,"*%")=1,(P30/Q30)*(100%/N30),P30/Q30)," ") -> 0.72885538 | S30: 0.5 | T30: =IFERROR(IF(R30=" "," ",IF(OR(R30>=S30,((R30/S30)*(100%/N30))>1),1,((R30/S30)*(100%/N30)))),"") -> 1 | U30: El porcentaje de ejecución sobre compromisos se encuentra en un 73% sobre la meta anual, donde el rubro más representativo obedece al concepto de gastos asociados a la nómina, seguido por el rubro de arrendamientos de bienes inmuebles. | V30: Información Preliminar - No se ha culminado el cierre financiero del mes de junio de 2023 | AE30: =IF(B30=Datos!$C$11, "Iniciativas_Objetivo1", IF(B30=Datos!$C$12, "Iniciativas_Objetivo2", IF(B30=Datos!$C$13, "Iniciativas_Objetivo3", IF(B30=Datos!$C$14, "Iniciativas_Objetivo4", IF(B30=Datos!$C$15, "Iniciativas_Objetivo5", IF(B30=Datos!$C$16, "Iniciativas_Objetivo6", IF(B30=Datos!$C$17, "Iniciativas_Objetivo7", IF(B30=Datos!$C$18, "Iniciativas_Objetivo8", IF(B30=Datos!$C$19, "Iniciativas_Objetivo9", IF(B30=Datos!$C$20, "Iniciativas_Objetivo10", IF(B30=Datos!$C$21, "Iniciativas_Objetivo11", IF(B30=Datos!$C$22, "Iniciativas_Objetivo12",IF(B30=Datos!$C$23, "Iniciativas_Objetivo13", " "))))))))))))) -> Iniciativas_Objetivo4
A31: Financiera | B31: 04. Generar rentabilidad económica a partir de la diversificación de ingresos, para la inversión social y la lucha contra el crimen organizado. | C31: Fortalecer el modelo de seguimiento y control de los recursos económicos | D31: Realizar el seguimiento y control de la ejecución presupuestal de gasto de FRISCO | E31: Gestión Financiera | F31: Presupuesto | G31: Ejecución presupuestal de gasto de FRISCO | H31: NO | I31: Economía | J31: Programación | K31: Gerencia Financiera | L31: (Valor del presupuesto de gasto ejecutado en FRISCO / Valor del Presupuesto de gasto FRISCO aprobado) *100% | M31: Objetivo del indicador: medir la ejecución presupuestal de gastos de FRISCO aprobados en la vigencia Numerador: corresponde al presupuesto ejecutado, acumulado y registrado en el aplicativo financiero. Denominador: el valor de presupuesto de gasto de FRISCO programado corresponde al aprobado por el Consejo Nacional de Estupefacientes. Para la vigencia 2023, el valor aprobado para FRISCO es de $ 494.335 millones. Observación: este indicador es globalizado centralizado por esta Gerencia, con base en la ejecución presupuestal de las áreas. | N31: 100% | O31: Trimestral | P31: 260490166177 | Q31: 494334899994 | R31: =IFERROR(IF(COUNTIF(N31,"*%")=1,(P31/Q31)*(100%/N31),P31/Q31)," ") -> 0.52695079 | S31: 0.5 | T31: =IFERROR(IF(R31=" "," ",IF(OR(R31>=S31,((R31/S31)*(100%/N31))>1),1,((R31/S31)*(100%/N31)))),"") -> 1 | U31: El porcentaje de ejecución sobre compromisos se encuentra en un 53%, donde el rubro más representativo son las transferencias del Artículo 91 de la Ley 1708 de 2014, destinaciones especificas y los gastos de funcionamiento de la SAE. | V31: Información Preliminar - No se ha culminado el cierre financiero del mes de junio de 2023 | AE31: =IF(B31=Datos!$C$11, "Iniciativas_Objetivo1", IF(B31=Datos!$C$12, "Iniciativas_Objetivo2", IF(B31=Datos!$C$13, "Iniciativas_Objetivo3", IF(B31=Datos!$C$14, "Iniciativas_Objetivo4", IF(B31=Datos!$C$15, "Iniciativas_Objetivo5", IF(B31=Datos!$C$16, "Iniciativas_Objetivo6", IF(B31=Datos!$C$17, "Iniciativas_Objetivo7", IF(B31=Datos!$C$18, "Iniciativas_Objetivo8", IF(B31=Datos!$C$19, "Iniciativas_Objetivo9", IF(B31=Datos!$C$20, "Iniciativas_Objetivo10", IF(B31=Datos!$C$21, "Iniciativas_Objetivo11", IF(B31=Datos!$C$22, "Iniciativas_Objetivo12",IF(B31=Datos!$C$23, "Iniciativas_Objetivo13", " "))))))))))))) -> Iniciativas_Objetivo4
A32: Financiera | B32: 04. Generar rentabilidad económica a partir de la diversificación de ingresos, para la inversión social y la lucha contra el crimen organizado. | C32: Generar ingresos producto de la administración o disposición temporal de activos | D32: Recaudar ingresos producto de contratos suscritos bajo el esquema de administración temporal | E32: Disposición Temporal | F32: Administración Directa | G32: Recaudo de Contratos | H32: SÍ | I32: Eficacia | J32: Programación | K32: Gerencia Regional Centro Oriente | L32: (Valor recaudado/ Meta de recaudo esperado producto de contratos bajo esquemas de administración temporal)*100% | M32: Objetivo del indicador: medir el recaudo realizado producto de contratos bajo esquemas de administración temporal. Numerador: corresponde al valor recaudado producto de contratos de arrendamiento, de transacción, de legalización o saneamiento (reconocimiento de contratos de arrendamiento de bienes inmuebles). Denominador: corresponde al valor económico de recaudo establecido como meta para la anualidad. | N32: 51439500000 | O32: Trimestral | P32: 20,841,506,351 | Q32: 51439500000 | R32: =IFERROR(IF(COUNTIF(N32,"*%")=1,(P32/Q32)*(100%/N32),P32/Q32)," ") -> 0.40516541 | S32: 0.5 | T32: =IFERROR(IF(R32=" "," ",IF(R32>=S32,1,R32/S32))," ") -> 0.81033083 | U32: El resultado obtenido, es reflejo de un seguimiento detallado a nuestros clientes y a la facturación emitida, a las revisiones y correcciones en los estados de cuenta que presentan error, a mejorar canales de comunicación con nuestros clientes internos y externos al cobro de cartera y al compromiso de cada integrante del equipo para lograr recaudo. Igualmente, en este recaudo se reflejan los porcentajes de efectividad entre la facturación y lo recaudado diferenciado por cada mes: Enero: 83% Febrero: 81% Marzo: 100% Abril: 92% Mayo: 92% Junio: 90% | V32: Actualmente se encuentran pendientes los siguientes solicitudes de generación de nuevos procedimientos o directrices que se han elevado en las instancias correspondientes: * Procedimiento para la elaboración de notas crédito y debito de periodos fiscales anteriores. * Se requiere información verificada de saldos iniciales para la conciliación de los contratos de retoma. * Se requiere confirmación de los recaudos mal aplicados por temas de indemnización de las aseguradoras y que las mismas generen el pago del siniestro dentro del mismo mes siniestrado. Igualmente, sobre esta meta se resalta que por directriz del Comité Directivo todos los contratos de arrendamiento y transacción están incluyendo la viabilidad de la Gerencia de Riesgo Ética y Cumplimiento. | AE32: =IF(B32=Datos!$C$11, "Iniciativas_Objetivo1", IF(B32=Datos!$C$12, "Iniciativas_Objetivo2", IF(B32=Datos!$C$13, "Iniciativas_Objetivo3", IF(B32=Datos!$C$14, "Iniciativas_Objetivo4", IF(B32=Datos!$C$15, "Iniciativas_Objetivo5", IF(B32=Datos!$C$16, "Iniciativas_Objetivo6", IF(B32=Datos!$C$17, "Iniciativas_Objetivo7", IF(B32=Datos!$C$18, "Iniciativas_Objetivo8", IF(B32=Datos!$C$19, "Iniciativas_Objetivo9", IF(B32=Datos!$C$20, "Iniciativas_Objetivo10", IF(B32=Datos!$C$21, "Iniciativas_Objetivo11", IF(B32=Datos!$C$22, "Iniciativas_Objetivo12",IF(B32=Datos!$C$23, "Iniciativas_Objetivo13", " "))))))))))))) -> Iniciativas_Objetivo4
A33: Financiera | B33: 04. Generar rentabilidad económica a partir de la diversificación de ingresos, para la inversión social y la lucha contra el crimen organizado. | C33: Generar ingresos producto de la administración o disposición temporal de activos | D33: Recaudar ingresos producto de contratos suscritos bajo el esquema de administración temporal | E33: Disposición Temporal | F33: Administración Directa | G33: Recaudo de Contratos | H33: SÍ | I33: Eficacia | J33: Programación | K33: Gerencia Regional Norte | L33: (Valor recaudado/ Meta de recaudo esperado producto de contratos bajo esquemas de administración temporal)*100% | M33: Objetivo del indicador: medir el recaudo realizado producto de contratos bajo esquemas de administración temporal. Numerador: corresponde al valor recaudado producto de contratos de arrendamiento, de transacción, de legalización o saneamiento (reconocimiento de contratos de arrendamiento de bienes inmuebles). Denominador: corresponde al valor económico de recaudo establecido como meta para la anualidad. | N33: 16166700000 | O33: Trimestral | P33: 6314152313 | Q33: =N33 -> 16166700000 | R33: =IFERROR(IF(COUNTIF(N33,"*%")=1,(P33/Q33)*(100%/N33),P33/Q33)," ") -> 0.39056532 | S33: 0.5 | T33: =IFERROR(IF(R33=" "," ",IF(R33>=S33,1,R33/S33))," ") -> 0.78113063 | U33: La meta de recaudo fue aumentada y en el mes de Junio se cumplió con el indicador de recaudo, sin embargo el cumplimiento del 50% se ha visto afectado por los saneamientos que están en curso debido a la espera de estimados de renta y preaprobados de pólizas. | V33: La Regional Norte se enfocará en la activación de la facturación de los contratos que se encuentran en prórroga y saneamiento y énfasis en la gestión efectiva del recaudo de cartera vencida. | AE33: =IF(B33=Datos!$C$11, "Iniciativas_Objetivo1", IF(B33=Datos!$C$12, "Iniciativas_Objetivo2", IF(B33=Datos!$C$13, "Iniciativas_Objetivo3", IF(B33=Datos!$C$14, "Iniciativas_Objetivo4", IF(B33=Datos!$C$15, "Iniciativas_Objetivo5", IF(B33=Datos!$C$16, "Iniciativas_Objetivo6", IF(B33=Datos!$C$17, "Iniciativas_Objetivo7", IF(B33=Datos!$C$18, "Iniciativas_Objetivo8", IF(B33=Datos!$C$19, "Iniciativas_Objetivo9", IF(B33=Datos!$C$20, "Iniciativas_Objetivo10", IF(B33=Datos!$C$21, "Iniciativas_Objetivo11", IF(B33=Datos!$C$22, "Iniciativas_Objetivo12",IF(B33=Datos!$C$23, "Iniciativas_Objetivo13", " "))))))))))))) -> Iniciativas_Objetivo4
A34: Financiera | B34: 04. Generar rentabilidad económica a partir de la diversificación de ingresos, para la inversión social y la lucha contra el crimen organizado. | C34: Generar ingresos producto de la administración o disposición temporal de activos | D34: Recaudar ingresos producto de contratos suscritos bajo el esquema de administración temporal | E34: Disposición Temporal | F34: Administración Directa | G34: Recaudo de Contratos | H34: SÍ | I34: Eficacia | J34: Programación | K34: Gerencia Regional Occidente | L34: (Valor recaudado/ Meta de recaudo esperado producto de contratos bajo esquemas de administración temporal)*100% | M34: Objetivo del indicador: medir el recaudo realizado producto de contratos bajo esquemas de administración temporal. Numerador: corresponde al valor recaudado producto de contratos de arrendamiento, de transacción, de legalización o saneamiento (reconocimiento de contratos de arrendamiento de bienes inmuebles). Denominador: corresponde al valor económico de recaudo establecido como meta para la anualidad. | N34: 38212200000 | O34: Trimestral | P34: 1.4676414e+10 | Q34: 38212200000 | R34: =IFERROR(IF(COUNTIF(N34,"*%")=1,(P34/Q34)*(100%/N34),P34/Q34)," ") -> 0.38407665 | S34: 0.5 | T34: =IFERROR(IF(R34=" "," ",IF(R34>=S34,1,R34/S34))," ") -> 0.76815329 | U34: Se cuenta con un cumplimiento del 77% teniendo en cuenta que nos estamos ajustando a los nuevos lineamientos dados por Nivel Central. Uno de los factores que afectan el cumplimiento del indicador son las terminaciones resultantes de la revisión de los contratos de arrendamiento ya que se evidencio que los arrendatarios eran afectados dentro del proceso, y se debe dar cumplimiento a la Metodología. | V34: Como mecanismo para alcanzar el cumplimiento del indicador de recaudo el Nivel Central esta revisando y actualizando la metodología en pro de el logro del mismo. En la Regional Occidente se promueve la celebración de contratos de transacción para cuidar el peculado y minimizar el riesgo de no recibir estos dineros por usufruto. En la Regional se realiza la revisión de la facturación minuciosamente para lograr que todos los contratos facturen y recauden. | AE34: =IF(B34=Datos!$C$11, "Iniciativas_Objetivo1", IF(B34=Datos!$C$12, "Iniciativas_Objetivo2", IF(B34=Datos!$C$13, "Iniciativas_Objetivo3", IF(B34=Datos!$C$14, "Iniciativas_Objetivo4", IF(B34=Datos!$C$15, "Iniciativas_Objetivo5", IF(B34=Datos!$C$16, "Iniciativas_Objetivo6", IF(B34=Datos!$C$17, "Iniciativas_Objetivo7", IF(B34=Datos!$C$18, "Iniciativas_Objetivo8", IF(B34=Datos!$C$19, "Iniciativas_Objetivo9", IF(B34=Datos!$C$20, "Iniciativas_Objetivo10", IF(B34=Datos!$C$21, "Iniciativas_Objetivo11", IF(B34=Datos!$C$22, "Iniciativas_Objetivo12",IF(B34=Datos!$C$23, "Iniciativas_Objetivo13", " "))))))))))))) -> Iniciativas_Objetivo4
A35: Financiera | B35: 04. Generar rentabilidad económica a partir de la diversificación de ingresos, para la inversión social y la lucha contra el crimen organizado. | C35: Generar ingresos producto de la administración o disposición temporal de activos | D35: Recaudar ingresos producto de contratos suscritos bajo el esquema de administración temporal | E35: Disposición Temporal | F35: Administración Directa | G35: Recaudo de Contratos | H35: SÍ | I35: Eficacia | J35: Programación | K35: Gerencia Regional Sur Occidente | L35: (Valor recaudado/ Meta de recaudo esperado producto de contratos bajo esquemas de administración temporal)*100% | M35: Objetivo del indicador: medir el recaudo realizado producto de contratos bajo esquemas de administración temporal. Numerador: corresponde al valor recaudado producto de contratos de arrendamiento, de transacción, de legalización o saneamiento (reconocimiento de contratos de arrendamiento de bienes inmuebles). Denominador: corresponde al valor económico de recaudo establecido como meta para la anualidad. | N35: 41151600000 | O35: Trimestral | P35: 16810328995 | Q35: 41151600000 | R35: =IFERROR(IF(COUNTIF(N35,"*%")=1,(P35/Q35)*(100%/N35),P35/Q35)," ") -> 0.40849758 | S35: 0.5 | T35: =IFERROR(IF(R35=" "," ",IF(R35>=S35,1,R35/S35))," ") -> 0.81699516 | U35: El recaudo mensual hasta junio 30 de 2023 por parte de la Regional Suroccidente por conceptos de cánones de arrendamiento ha sido así. ENERO $2,730,874,039, FEBRERO $2,813,893,341, MARZO $2,753,524,266, ABRIL $2,701,051,501, MAYO $3,125,237,425, JUNIO $2,685,748,423. | AE35: =IF(B35=Datos!$C$11, "Iniciativas_Objetivo1", IF(B35=Datos!$C$12, "Iniciativas_Objetivo2", IF(B35=Datos!$C$13, "Iniciativas_Objetivo3", IF(B35=Datos!$C$14, "Iniciativas_Objetivo4", IF(B35=Datos!$C$15, "Iniciativas_Objetivo5", IF(B35=Datos!$C$16, "Iniciativas_Objetivo6", IF(B35=Datos!$C$17, "Iniciativas_Objetivo7", IF(B35=Datos!$C$18, "Iniciativas_Objetivo8", IF(B35=Datos!$C$19, "Iniciativas_Objetivo9", IF(B35=Datos!$C$20, "Iniciativas_Objetivo10", IF(B35=Datos!$C$21, "Iniciativas_Objetivo11", IF(B35=Datos!$C$22, "Iniciativas_Objetivo12",IF(B35=Datos!$C$23, "Iniciativas_Objetivo13", " "))))))))))))) -> Iniciativas_Objetivo4
A36: Financiera | B36: 04. Generar rentabilidad económica a partir de la diversificación de ingresos, para la inversión social y la lucha contra el crimen organizado. | C36: Generar ingresos producto de la administración o disposición temporal de activos | D36: Distribuir las utilidades generadas por sociedades activas al FRISCO | E36: Disposición Temporal | F36: Administración de Depósitos Provisionales | G36: Distribución de utilidades generadas por sociedades activas al FRISCO | H36: SÍ | I36: Economía | J36: Programación | K36: Gerencia Sociedades Activas | L36: (Utilidades generadas por sociedades distribuidas al FRISCO en el periodo / Utilidades estimadas a distribuir al FRISCO)*100% | M36: Objetivo del indicador: medir la distribución de utilidades generadas por las Sociedades Activas. Numerador: corresponde a las utilidades distribuidas al FRISCO después de pago de pasivos de las sociedades. Denominador: corresponde a las utilidades estimadas a distribuir por sociedades. La estimación prevista para el 2023 se toma con base en estudio realizado por consultora externa. | N36: 1321000000 | O36: Trimestral | P36: 3.9142097e+08 | Q36: 1321000000 | R36: =IFERROR(IF(COUNTIF(N36,"*%")=1,(P36/Q36)*(100%/N36),P36/Q36)," ") -> 0.29630656 | S36: 0.5 | T36: =IFERROR(IF(R36=" "," ",IF(R36>=S36,1,R36/S36))," ") -> 0.59261313 | U36: En el primer trimestre se reportaron cerca de $5.000 millones de pesos registrados en Asambleas de las Sociedades, sin embargo, en su mayoría no han ingresado a la Sociedad de Activos Especiales, por tanto hasta ahora se han registrado $362,221,079 de la sociedad Prosalud IPS y Droguerías S.A. y $29,199,893 que corresponden a la mitad de las utilidades generadas por la sociedad Vaselinas Industriales de Colombia S.A. | V36: Dado lo anterior, se espera superar la meta en más del 300%. Se generaron cupones de pago para que ese dinero ingrese a la sociedad en el mes de Agosto. | AE36: =IF(B36=Datos!$C$11, "Iniciativas_Objetivo1", IF(B36=Datos!$C$12, "Iniciativas_Objetivo2", IF(B36=Datos!$C$13, "Iniciativas_Objetivo3", IF(B36=Datos!$C$14, "Iniciativas_Objetivo4", IF(B36=Datos!$C$15, "Iniciativas_Objetivo5", IF(B36=Datos!$C$16, "Iniciativas_Objetivo6", IF(B36=Datos!$C$17, "Iniciativas_Objetivo7", IF(B36=Datos!$C$18, "Iniciativas_Objetivo8", IF(B36=Datos!$C$19, "Iniciativas_Objetivo9", IF(B36=Datos!$C$20, "Iniciativas_Objetivo10", IF(B36=Datos!$C$21, "Iniciativas_Objetivo11", IF(B36=Datos!$C$22, "Iniciativas_Objetivo12",IF(B36=Datos!$C$23, "Iniciativas_Objetivo13", " "))))))))))))) -> Iniciativas_Objetivo4
A37: Financiera | B37: 05. Garantizar la recuperación de cartera por procesos de cobro persuasivo y judicialización. | C37: Gestionar la recuperación de cartera producto de la administración de activos. | D37: Recuperar obligaciones vencidas a través de CISA | E37: Disposición Temporal | F37: Administración Directa | G37: Cartera recuperada por cobro persuasivo | H37: SÍ | I37: Economía | J37: Programación trimestral | K37: Gerencia Comercial | L37: (Valor recaudado por el gestor de cobranza / Saldo de cartera asignado al operador a corte del trimestre evaluado) *100% | M37: Objetivo del indicador: medir la recuperación de la cartera por cobro persuasivo. Numerador: es el valor del recaudo de cartera, es decir, el valor recaudado por SAE. Estos datos son acumulados a corte del trimestre evaluado. Denominador: corresponde a la meta de recaudo de la cartera asignada a corte del trimestre evaluado, la cual es variable de acuerdo con asignación. La meta mensual mínima de recuperación de cartera es del 7%, por lo que la meta asignada anualmente, corresponde a la sumatoria del 7% asignado mes a mes en la vigencia. | N37: 84% | O37: Trimestral | P37: 7392672452 | Q37: 9647960360 | R37: =IFERROR(IF(COUNTIF(N37,"*%")=1,(P37/Q37)*(100%/N37)*(S37/100%),(P37/Q37)*(S37/100%))," ") -> 0.45609643 | S37: 0.5 | T37: =IFERROR(IF(R37=" "," ",IF(OR(R37>=S37,((R37/S37)*(100%/N37))>1),1,((R37/S37)*(100%/N37)))),"") -> 1 | U37: Desde la Gerencia Financiera se reporta los datos asociados al indicador mientras surte el cambio de responsable: A Junio de 2023 a través del cobro persuasivo ejercido por CISA se ha recaudado $7,392 millones m/cte., frente a la base de meta que es el 7% mensual acumulada en los 6 meses que corresponde a $9,647 millones m/cte. de capital vencido asignado a este aliado externo para ejercer el cobro persuasivo. De acuerdo con el recaudo, se concluye que CISA tiene una efectividad promedio de 5.3% lo cual está por debajo del recaudo mínimo propuesto como meta, obteniendo como resultado para el indicador en el T2 un cumplimiento del 100% y el 91% frente a la meta anual. | V37: Se solicita el cambio de responsable de este indicador, teniendo en cuenta que mediante la resolución 176 del mayo de 2023, se modifican las funciones relacionadas con la recuperación de cartera y cobro persuasivo, quedando como responsable de la Gerencia Financiera. La Gerencia Financiera será la responsable de reportar y responder por el dato suministrado mientras surte el proceso de cambio de responsable del indicador. | AE37: =IF(B37=Datos!$C$11, "Iniciativas_Objetivo1", IF(B37=Datos!$C$12, "Iniciativas_Objetivo2", IF(B37=Datos!$C$13, "Iniciativas_Objetivo3", IF(B37=Datos!$C$14, "Iniciativas_Objetivo4", IF(B37=Datos!$C$15, "Iniciativas_Objetivo5", IF(B37=Datos!$C$16, "Iniciativas_Objetivo6", IF(B37=Datos!$C$17, "Iniciativas_Objetivo7", IF(B37=Datos!$C$18, "Iniciativas_Objetivo8", IF(B37=Datos!$C$19, "Iniciativas_Objetivo9", IF(B37=Datos!$C$20, "Iniciativas_Objetivo10", IF(B37=Datos!$C$21, "Iniciativas_Objetivo11", IF(B37=Datos!$C$22, "Iniciativas_Objetivo12",IF(B37=Datos!$C$23, "Iniciativas_Objetivo13", " "))))))))))))) -> Iniciativas_Objetivo5
A38: Financiera | B38: 05. Garantizar la recuperación de cartera por procesos de cobro persuasivo y judicialización. | C38: Gestionar la recuperación de cartera producto de la administración de activos. | D38: Recuperar las obligaciones vencidas superiores a 180 días identificadas para judicialización | E38: Gestión Jurídica | F38: Defensa Judicial | G38: Cartera recuperada por judicialización | H38: SÍ | I38: Economía | J38: Programación | K38: Gerencia de Asuntos Legales | L38: (Valor de cartera recuperada/ Valor de la cartera programada a recuperar en la vigencia) * 100% | M38: Objetivo del indicador: medir la recuperación de la cartera por judicialización. Numerador: es el valor recaudado de cartera por SAE. Esta cartera incluye carteras provenientes de vigencias pasadas y que fueron programadas para recuperar en la vigencia actual. Denominador: la programación de cartera a recuperar en la vigencia corresponde al valor castigado jurídicamente a corte de la vigencia. El valor a programar para la vigencia es de 1800 millones de pesos. Nota: los datos de recaudo y metas son acumulados. | N38: 1 | O38: Trimestral | P38: 1116017502 | Q38: 1800000000 | R38: =IFERROR(IF(COUNTIF(N38,"*%")=1,(P38/Q38)*(100%/N38),P38/Q38)," ") -> 0.62000972 | S38: 0.5 | T38: =IFERROR(IF(R38=" "," ",IF(R38>=S38,1,R38/S38))," ") -> 1 | U38: Este indicador es el logro de la recuperación de cartera del primer semestre de los contratistas el cual va, en un cumplimiento mayor al 50%, esto como resultado de un trabajo conjunto con los abogados externos encaminado a identificar los casos de cartera recuperables, iniciando el proceso por estos, acompañado de la solicitud de medidas cautelares dentro los procesos ejecutivos y suscripción de acuerdos de pago exitosos, información presentada a corte de Mayo 2023 | V38: \\fileserver.saesas.gov.co\publica\3 - Gerencia Jurídica\1. DEFENSA JUDICIAL -G.A.L\12. SOPORTE DE INDICADORES\REPORTES 2023\II TRIMESTRE | AE38: =IF(B38=Datos!$C$11, "Iniciativas_Objetivo1", IF(B38=Datos!$C$12, "Iniciativas_Objetivo2", IF(B38=Datos!$C$13, "Iniciativas_Objetivo3", IF(B38=Datos!$C$14, "Iniciativas_Objetivo4", IF(B38=Datos!$C$15, "Iniciativas_Objetivo5", IF(B38=Datos!$C$16, "Iniciativas_Objetivo6", IF(B38=Datos!$C$17, "Iniciativas_Objetivo7", IF(B38=Datos!$C$18, "Iniciativas_Objetivo8", IF(B38=Datos!$C$19, "Iniciativas_Objetivo9", IF(B38=Datos!$C$20, "Iniciativas_Objetivo10", IF(B38=Datos!$C$21, "Iniciativas_Objetivo11", IF(B38=Datos!$C$22, "Iniciativas_Objetivo12",IF(B38=Datos!$C$23, "Iniciativas_Objetivo13", " "))))))))))))) -> Iniciativas_Objetivo5
A39: Grupos de Interés | B39: 06. Garantizar el acceso a la información pública, la participación ciudadana y el diálogo social entre la SAE y poblaciones constitucionalmente protegidas y demás grupos de interés, con principios de inclusión, transparencia, calidad y consistencia. | C39: Diversificar estrategias y canales de información pública dirigidos a la ciudadanía | D39: Promover el portafolio social y comercial de la SAE en los diferentes grupos de interés | E39: Comunicación y Atención de Requerimientos | F39: Comunicación Organizacional | G39: Promoción de portafolio social y comercial de la SAE | H39: SÍ | I39: Eficacia | J39: Programación | K39: Oficina de Comunicaciones y Atención al Ciudadano | L39: (Número de estrategias asociadas al portafolio social y comercial de SAE implementadas / Número de estrategias asociadas al portafolio social y comercial de SAE programadas)*100% | M39: Objetivo del indicador: medir la implementación de las estrategias de comunicación asociadas al portafolio social y comercial de SAE en medios digitales. Numerador: corresponde a las estrategias de comunicación asociadas al portafolio social y comercial implementadas en redes sociales y/o página web institucional. Denominador: corresponde a las estrategias programadas por la Oficina de Comunicaciones y Atención al Ciudadano relacionadas con la divulgación del portafolio social y comercial de SAE . El portafolio social corresponde a sociedades y el comercial a las otras tipologías de activos. | N39: 180 | O39: Trimestral | P39: 90 | Q39: 180 | R39: =IFERROR(IF(COUNTIF(N39,"*%")=1,(P39/Q39)*(100%/N39),P39/Q39)," ") -> 0.5 | S39: 0.5 | T39: =IFERROR(IF(R39=" "," ",IF(R39>=S39,1,R39/S39))," ") -> 1 | U39: En redes sociales se realizó piezas informativas sobre el portafolio de la SAE bajo las nuevas directrices de presidencia. Primer trimestre: Se realizaron 45 publicaciones Segundo trimestre: Se realizaron 45 publicaciones Total : 90 publicaciones. https://www.instagram.com/saesas1/ https://www.facebook.com/activosSAE https://twitter.com/activosSAE | AE39: =IF(B39=Datos!$C$11, "Iniciativas_Objetivo1", IF(B39=Datos!$C$12, "Iniciativas_Objetivo2", IF(B39=Datos!$C$13, "Iniciativas_Objetivo3", IF(B39=Datos!$C$14, "Iniciativas_Objetivo4", IF(B39=Datos!$C$15, "Iniciativas_Objetivo5", IF(B39=Datos!$C$16, "Iniciativas_Objetivo6", IF(B39=Datos!$C$17, "Iniciativas_Objetivo7", IF(B39=Datos!$C$18, "Iniciativas_Objetivo8", IF(B39=Datos!$C$19, "Iniciativas_Objetivo9", IF(B39=Datos!$C$20, "Iniciativas_Objetivo10", IF(B39=Datos!$C$21, "Iniciativas_Objetivo11", IF(B39=Datos!$C$22, "Iniciativas_Objetivo12",IF(B39=Datos!$C$23, "Iniciativas_Objetivo13", " "))))))))))))) -> Iniciativas_Objetivo6
A40: Grupos de Interés | B40: 06. Garantizar el acceso a la información pública, la participación ciudadana y el diálogo social entre la SAE y poblaciones constitucionalmente protegidas y demás grupos de interés, con principios de inclusión, transparencia, calidad y consistencia. | C40: Generar espacios de participación ciudadana y diálogo social con los grupos de interés de SAE | D40: Contribuir a la emisión de respuestas oportunas por concepto de derechos de petición y PQRS | E40: Comunicación y Atención de Requerimientos | F40: Atención al Usuario | G40: Gestión de derechos de petición y PQRS | H40: No | I40: Calidad | J40: Demanda | K40: Oficina de Comunicaciones y Atención al Ciudadano | L40: (Cantidad de Derechos de Petición y PQRS con respuesta oportuna / Cantidad de Derechos de Petición y PQRS allegados a la entidad)*100% | M40: Objetivo del indicador: medir la consolidación y control de las respuestas oportunas de los derechos de petición y PQRS. El Indicador es centralizado en esta Oficina y se presenta de forma global de acuerdo a las respuestas de las áreas. Numerador: corresponde al número de derechos de petición y PQRS que han sido respondidos de manera oportuna con base en los siguientes Acuerdos de Niveles de Servicio (ANS): * 30 DÍAS: Consultas * 15 DÍAS: Denuncia por actos de corrupción; Derechos de petición; Felicitación; Informativo; Quejas; Reclamos; Solicitudes de acceso a información pública (copias); Solicitudes de acceso a información pública; Solicitudes de informes por los congresistas y Sugerencias. * 10 DÍAS: Peticiones entre autoridades y Solicitudes de copias de documentos. * 5 DÍAS: Solicitudes de informes por los congresistas y Solicitudes de periodistas ejercicio de profesión Denominador: corresponde al número de derechos de petición y PQRSs que allegan a SAE por los canales disponibles para estas solicitudes. | N40: 100% | O40: Trimestral | P40: 6919 | Q40: 10764 | R40: =IFERROR(IF(COUNTIF(N40,"*%")=1,(P40/Q40)*(100%/N40)*(S40/100%),(P40/Q40)*(S40/100%))," ") -> 0.32139539 | S40: 0.5 | T40: =IFERROR(IF(R40=" "," ",IF(OR(R40>=S40,((R40/S40)*(100%/N40))>1),1,((R40/S40)*(100%/N40)))),"") -> 0.64279078 | U40: A la Sociedad de Activos Especiales llegaron en el PRIMER TRIMESTRE del año 2023 5.309 PQRSFD, de las cuales se reporta así: Enero: 1463 Febrero: 1800 Marzo: 2046 Ahora bien, durante el periodo evaluado se reportó el siguiente estado de las solicitudes: En términos: 172 Respuesta extemporánea: 1428 Tramitado en término legal: 3599 Vencida: 110 Desistida: 0 SEGUNDO TRIMESTRE: A la sociedad de Activos Especiales ingresaron 5.455 PQRSFD, de las cuales se reporta así: Abril: 1751 Mayo: 2071 Junio: 1633 Ahora bien, durante el periodo evaluado se reportó el siguiente estado de las solicitudes: En términos: 636 Respuesta extemporánea: 1292 Tramitado en término legal: 3320 Vencida: 207 Desistida: 0 En ese orden de ideas se evidencia que más del 50% de las solicitudes que ingresan a la Entidad se han tramitado oportunamente, sin embargo, debemos mejorar en la atención oportuna de las respuestas. Total PQRSFD: 10.764 https://www.saesas.gov.co/informacion_ciudadano/informacion_adicional/estadisticas_servicio/2023 | AE40: =IF(B40=Datos!$C$11, "Iniciativas_Objetivo1", IF(B40=Datos!$C$12, "Iniciativas_Objetivo2", IF(B40=Datos!$C$13, "Iniciativas_Objetivo3", IF(B40=Datos!$C$14, "Iniciativas_Objetivo4", IF(B40=Datos!$C$15, "Iniciativas_Objetivo5", IF(B40=Datos!$C$16, "Iniciativas_Objetivo6", IF(B40=Datos!$C$17, "Iniciativas_Objetivo7", IF(B40=Datos!$C$18, "Iniciativas_Objetivo8", IF(B40=Datos!$C$19, "Iniciativas_Objetivo9", IF(B40=Datos!$C$20, "Iniciativas_Objetivo10", IF(B40=Datos!$C$21, "Iniciativas_Objetivo11", IF(B40=Datos!$C$22, "Iniciativas_Objetivo12",IF(B40=Datos!$C$23, "Iniciativas_Objetivo13", " "))))))))))))) -> Iniciativas_Objetivo6
A41: Grupos de Interés | B41: 07. Promover la creación de alianzas público populares, comunitarias, cooperativas, corporativas y de cooperación internacional, que permitan el uso y el goce de bienes y servicios de la SAE por parte de sus grupos de interés, así como su fortalecimiento institucional. | C41: Generar alianzas estratégicas para el cumplimiento de los objetivos institucionales de SAE | D41: Generar espacios de interacción con la población beneficiaria | E41: Comunicación y Atención de Requerimientos | F41: Comunicación Organizacional | G41: Espacios de interacción con la población beneficiaria | H41: SÍ | I41: Eficacia | J41: Programación | K41: Oficina de Comunicaciones y Atención al Ciudadano | L41: (Espacios de interacción con la población beneficiaria ejecutados/ Meta de espacios de interacción con la población beneficiaria)*100% | M41: Objetivo del indicador: medir la generación de espacios de interacción con población beneficiaria. Estos espacios tendrán como objetivo brindar herramientas comunicativas a la población beneficiaria a través de talleres dirigidos . Numerador: corresponde a el número de espacios de interacción con población beneficiaria que han sido culminados exitosamente y cuentan con las respectivas evidencias. Denominador: corresponde al número de espacios de interacción con población beneficiaria programadas para la vigencia. | N41: 6 | O41: Trimestral | P41: 2 | Q41: 6 | R41: =IFERROR(IF(COUNTIF(N41,"*%")=1,(P41/Q41)*(100%/N41),P41/Q41)," ") -> 0.33333333 | S41: 0.5 | T41: =IFERROR(IF(R41=" "," ",IF(R41>=S41,1,R41/S41))," ") -> 0.66666667 | U41: PRIMER TRIMESTRE: Se realizó socialización a la comunidad previo los eventos de entrega de predios indicándoles el accionar de la SAE en los departamentos de Córdoba, Sucre. SEGUNDO TRIMESTRE: No se tuvo avance, por lo que se desarrolló un cronograma que tiene como fin realizar 6 talleres en los próximos trimestres con la población beneficiaria, al cual tiene como fin establecer espacios de capacitación para la construcción de un proyecto productivo, su desarrollo y comercialización, esto, para que las comunidades beneficiarias tengan los elementos necesarios para la adecuada ejecución de sus proyectos productivos, | AE41: =IF(B41=Datos!$C$11, "Iniciativas_Objetivo1", IF(B41=Datos!$C$12, "Iniciativas_Objetivo2", IF(B41=Datos!$C$13, "Iniciativas_Objetivo3", IF(B41=Datos!$C$14, "Iniciativas_Objetivo4", IF(B41=Datos!$C$15, "Iniciativas_Objetivo5", IF(B41=Datos!$C$16, "Iniciativas_Objetivo6", IF(B41=Datos!$C$17, "Iniciativas_Objetivo7", IF(B41=Datos!$C$18, "Iniciativas_Objetivo8", IF(B41=Datos!$C$19, "Iniciativas_Objetivo9", IF(B41=Datos!$C$20, "Iniciativas_Objetivo10", IF(B41=Datos!$C$21, "Iniciativas_Objetivo11", IF(B41=Datos!$C$22, "Iniciativas_Objetivo12",IF(B41=Datos!$C$23, "Iniciativas_Objetivo13", " "))))))))))))) -> Iniciativas_Objetivo7
A42: Grupos de Interés | B42: 07. Promover la creación de alianzas público populares, comunitarias, cooperativas, corporativas y de cooperación internacional, que permitan el uso y el goce de bienes y servicios de la SAE por parte de sus grupos de interés, así como su fortalecimiento institucional. | C42: Generar alianzas estratégicas para el cumplimiento de los objetivos institucionales de SAE | D42: Realizar la estructuración de proyectos de cooperación nacional e internacional | E42: Direccionamiento Estratégico | F42: Gobierno y Gestión de la Estrategia | G42: Estructuración de proyectos de cooperación nacional e internacional | H42: SÍ | I42: Eficacia | J42: Programación | K42: Gerencia de Proyectos Especiales | L42: (Proyectos de cooperación viabilizados / Proyectos de cooperación estructurados)*100% | M42: Objetivo del indicador: medir la estructuración realizada de proyectos de cooperación nacional e internacional. El numerador: son los proyectos de cooperación viabilizados, hace referencia a los proyectos aprobados. El denominador: es el número de proyectos de cooperación estructurados, hace referencia a los proyectos a los que se han presentado la propuesta a la espera de aprobación. | N42: 100% | O42: Trimestral | P42: 2 | Q42: 2 | R42: =IFERROR(IF(COUNTIF(N42,"*%")=1,(P42/Q42)*(100%/N42),P42/Q42)," ") -> 1 | S42: 0.5 | T42: =IFERROR(IF(R42=" "," ",IF(R42>=S42,1,R42/S42))," ") -> 1 | U42: 1. El 15 de junio de 2023 fue firmado el contrato entre la OEA y la SAE con el fin de asesorar técnicamente a PRONABI (Agencia homóloga de la SAE en Perú, por un valor de USD 43.000, con el fin de prestar asesoría técnica respecto a la administración de bienes en espacial: *Contratos de arrendamiento comercial *Mandato de Sociedades *Contrato de Chatarrización *Capacitación técnica en los modelos de administración y en el funcionamiento de las oficinas regionales Para cada uno de los anteriores se prevé un estudio de mercado. 2. El 22 de junio de 2023 fue firmada una carta de compromiso entre el programa COPOLAD III y la SAE a través de la cual se busca la cooperación técnica y acompañamiento de la agencia de bienes incautados de Italia a la SAE para la creación de un banco de proyectos. A la fecha, se cuenta con ficha técnica de cooperación y la compartición de documentos solicitados por parte de la Agencia. | V42: No aplica | AE42: =IF(B42=Datos!$C$11, "Iniciativas_Objetivo1", IF(B42=Datos!$C$12, "Iniciativas_Objetivo2", IF(B42=Datos!$C$13, "Iniciativas_Objetivo3", IF(B42=Datos!$C$14, "Iniciativas_Objetivo4", IF(B42=Datos!$C$15, "Iniciativas_Objetivo5", IF(B42=Datos!$C$16, "Iniciativas_Objetivo6", IF(B42=Datos!$C$17, "Iniciativas_Objetivo7", IF(B42=Datos!$C$18, "Iniciativas_Objetivo8", IF(B42=Datos!$C$19, "Iniciativas_Objetivo9", IF(B42=Datos!$C$20, "Iniciativas_Objetivo10", IF(B42=Datos!$C$21, "Iniciativas_Objetivo11", IF(B42=Datos!$C$22, "Iniciativas_Objetivo12",IF(B42=Datos!$C$23, "Iniciativas_Objetivo13", " "))))))))))))) -> Iniciativas_Objetivo7
A43: Grupos de Interés | B43: 08. Posicionar a la SAE como una entidad líder en la administración transparente de activos a nivel local, nacional e internacional con enfoque social, ambiental y productivo | C43: Diseñar estrategias de medición de percepción de calidad y/o oportunidad del servicio ofrecido por SAE a nivel externo e interno | D43: Elaborar oportunamente los actos administrativos de destinación definitiva | E43: Gestión Jurídica | F43: Orientación Jurídica | G43: Oportunidad en la elaboración de actos administración de destinación definitiva | H43: SÍ | I43: Calidad | J43: Demanda | K43: Gerencia de Asuntos Legales | L43: ( Actos administrativos de destinación definitiva elaborados oportunamente/ Solicitudes de elaboración de actos administrativos de destinación definitiva)*100% | M43: Objetivo del indicador: medir la oportunidad de la elaboración de actos administrativos de destinación definitiva. Numerador: la oportunidad de elaboración de actos administrativos se mide a partir de la solicitud efectuada conforme al término dispuesto en el procedimiento (10 días). Denominador: corresponde a las solicitudes de destinación definitiva de activos realizadas por las áreas misionales y que se encuentran establecidas en la ley. | N43: 100% | O43: Trimestral | P43: 8 | Q43: 8 | R43: =IFERROR(IF(COUNTIF(N43,"*%")=1,(P43/Q43)*(100%/N43)*(S43/100%),(P43/Q43)*(S43/100%))," ") -> 0.5 | S43: 0.5 | T43: =IFERROR(IF(R43=" "," ",IF(OR(R43>=S43,((R43/S43)*(100%/N43))>1),1,((R43/S43)*(100%/N43)))),"") -> 1 | U43: DESTINACIONES DEFINITIVAS: "Se recibieron en total 8 solicitudes de elaboración de actos administrativos para destinación definitiva de inmuebles; se elaboraron 8 actos administrativos de destinación definitiva" "Se recibieron en total 520 solicitudes de elaboración de viabilidades jurídicas para destinación definitiva; se elaboraron 416 viabilidades jurídica de destinación definitiva" | V43: \\fileserver.saesas.gov.co\publica\3 - Gerencia Jurídica\1. DEFENSA JUDICIAL -G.A.L\12. SOPORTE DE INDICADORES\REPORTES 2023\II TRIMESTRE | AE43: =IF(B43=Datos!$C$11, "Iniciativas_Objetivo1", IF(B43=Datos!$C$12, "Iniciativas_Objetivo2", IF(B43=Datos!$C$13, "Iniciativas_Objetivo3", IF(B43=Datos!$C$14, "Iniciativas_Objetivo4", IF(B43=Datos!$C$15, "Iniciativas_Objetivo5", IF(B43=Datos!$C$16, "Iniciativas_Objetivo6", IF(B43=Datos!$C$17, "Iniciativas_Objetivo7", IF(B43=Datos!$C$18, "Iniciativas_Objetivo8", IF(B43=Datos!$C$19, "Iniciativas_Objetivo9", IF(B43=Datos!$C$20, "Iniciativas_Objetivo10", IF(B43=Datos!$C$21, "Iniciativas_Objetivo11", IF(B43=Datos!$C$22, "Iniciativas_Objetivo12",IF(B43=Datos!$C$23, "Iniciativas_Objetivo13", " "))))))))))))) -> Iniciativas_Objetivo8
A44: Grupos de Interés | B44: 08. Posicionar a la SAE como una entidad líder en la administración transparente de activos a nivel local, nacional e internacional con enfoque social, ambiental y productivo | C44: Diseñar estrategias de medición de percepción de calidad y/o oportunidad del servicio ofrecido por SAE a nivel externo e interno | D44: Responder las solicitudes contractuales oportunamente | E44: Adquisición de Bienes y Servicios | F44: Planeación Contractual Contratación | G44: Oportunidad en el trámite de solicitudes contractuales | H44: SÍ | I44: Calidad | J44: Demanda | K44: Gerencia de Contratos | L44: (Solicitudes contractuales atendidas oportunamente de acuerdo con los tiempos establecidos / Total de solicitudes contractuales realizadas por las áreas) * 100% | M44: Objetivo del indicador: medir la oportunidad del trámite de las solicitudes contractuales. Numerador: corresponde a las solicitudes contractuales atendidas oportunamente de acuerdo con los tiempos establecidos. La solicitud de contratación atendida implica una respuesta oportuna del acta de observaciones contractuales, ya sea favorable o desfavorable en términos de contratación, a partir de la recepción de la solicitud. El término de oportunidad se medirá de acuerdo con los siguientes Acuerdos de Niveles de Servicio: * Complejidad baja: contempla adiciones, prórrogas o contratación nueva con cuantías hasta 100 SMMLV. El término de respuesta es de 7 días hábiles a partir de la recepción de la solicitud a la G. Contratos. * Compleja media: contempla adiciones, prórrogas o contratación nueva con cuantías superiores a 100 SMMLV hasta 500 SMMLV. El término de respuesta es de 10 días hábiles a partir de la recepción de la solicitud a la G. Contratos. * Complejidad alta: contempla adiciones, prórrogas o contratación nueva con cuantías superiores a 500 SMML. El término de respuesta es de 15 días hábiles a partir de la recepción de la solicitud a la G. Contratos. Denominador: corresponde a solicitudes contractuales radicadas hasta el 30 de noviembre de la vigencia. * Para adiciones y prorrogas el área responsable deberá remitir la solicitud contractual con mínimo veinte (20) días hábiles de antelación a la fecha de vencimiento del contrato. | N44: 100% | O44: Trimestral | P44: 289 | Q44: 317 | R44: =IFERROR(IF(COUNTIF(N44,"*%")=1,(P44/Q44)*(100%/N44)*(S44/100%),(P44/Q44)*(S44/100%))," ") -> 0.45583596 | S44: 0.5 | T44: =IFERROR(IF(R44=" "," ",IF(OR(R44>=S44,((R44/S44)*(100%/N44))>1),1,((R44/S44)*(100%/N44)))),"") -> 0.91167192 | U44: Un total de 55 contratos, 79 modificaciones contractuales y 183 radicados de Orfeo. En la medida que las áreas radiquen bien y completas las contrataciones directas, tienen un nivel de complejidad baja. Las mínimas cuantías tienen un nivel de complejidad media y las solicitudes de Orfeo varían en complejidad entre baja y alta debido a que los tramites son muy variados, principalmente se tramitaron liquidaciones, transacciones, revisión de formatos, elaboraciones de poderes, revisión de minutas contractuales, entre otros: Para el segundo trimestre del presente año se incrementó el número de solicitudes de Orfeo en la Gerencia de Contratos. | V44: Las solicitudes de contratos nuevos 39 fueron contrataciones directas y 2 mínimas y 2 abreviadas. Los tramites de los Orfeo es su mayoría fueron: liquidaciones, transacciones, revisión de formatos, elaboraciones de poderes, revisión de minutas contractuales, entre otros | AE44: =IF(B44=Datos!$C$11, "Iniciativas_Objetivo1", IF(B44=Datos!$C$12, "Iniciativas_Objetivo2", IF(B44=Datos!$C$13, "Iniciativas_Objetivo3", IF(B44=Datos!$C$14, "Iniciativas_Objetivo4", IF(B44=Datos!$C$15, "Iniciativas_Objetivo5", IF(B44=Datos!$C$16, "Iniciativas_Objetivo6", IF(B44=Datos!$C$17, "Iniciativas_Objetivo7", IF(B44=Datos!$C$18, "Iniciativas_Objetivo8", IF(B44=Datos!$C$19, "Iniciativas_Objetivo9", IF(B44=Datos!$C$20, "Iniciativas_Objetivo10", IF(B44=Datos!$C$21, "Iniciativas_Objetivo11", IF(B44=Datos!$C$22, "Iniciativas_Objetivo12",IF(B44=Datos!$C$23, "Iniciativas_Objetivo13", " "))))))))))))) -> Iniciativas_Objetivo8
A45: Grupos de Interés | B45: 08. Posicionar a la SAE como una entidad líder en la administración transparente de activos a nivel local, nacional e internacional con enfoque social, ambiental y productivo | C45: Diseñar estrategias de medición de percepción de calidad y/o oportunidad del servicio ofrecido por SAE a nivel externo e interno | D45: Atender de manera oportuna los conceptos contractuales requeridos | E45: Adquisición de Bienes y Servicios | F45: Contratación Supervisión y liquidación | G45: Oportunidad de emisión de conceptos contractuales | H45: SÍ | I45: Calidad | J45: Demanda | K45: Gerencia de Contratos | L45: (Conceptos contractuales atendidos oportunamente de acuerdo con los tiempos establecidos / Total de solicitudes de conceptos contractuales realizadas por las áreas) * 100% | M45: Objetivo del indicador: realizar la medición de la oportunidad de emisión de conceptos contractuales. Numerador: los conceptos contractuales atendidos oportunamente corresponden a los atendidos dentro de los treinta (30) días hábiles a partir de la recepción de la solicitud del concepto. Denominador: los conceptos contractuales solicitados podrán corresponder a conceptos jurídicos relacionados con contratación, minutas de contratos, revisión de negocios, incumplimientos contractuales, validación de suspensiones y cesiones de contratos, solicitados por las áreas. | N45: 100% | O45: Trimestral | P45: 17 | Q45: 17 | R45: =IFERROR(IF(COUNTIF(N45,"*%")=1,(P45/Q45)*(100%/N45)*(S45/100%),(P45/Q45)*(S45/100%))," ") -> 0.5 | S45: 0.5 | T45: =IFERROR(IF(R45=" "," ",IF(OR(R45>=S45,((R45/S45)*(100%/N45))>1),1,((R45/S45)*(100%/N45)))),"") -> 1 | U45: Se realizaron un total de 17 conceptos, para el segundo trimestre se elaboraron 4 conceptos relacionados con el Macroproceso de Adquisición de Bienes, sobre los bienes FRISCO y los Bienes FARC. El nivel de complejidad de los conceptos varia entre medio y alto Temas de los conceptos en el primer semestre: Incumplimientos contractuales, patrimonio autónomo bienes FARC, avalúos, cesión de contratos, Ctos. ROM, Contratos de arrendamiento, uso de facultades de policía administrativa, conflictos de interés, impuestos en contratos, facultades contractuales en bienes de vocación turística, terminación de procesos de comercialización, transacciones y viabilidad de creación de nuevas figuras para la custodia de inmueble. | V45: Conceptos sobre el patrimonio autónomo de los bienes FARC, incumplimiento ROM, contratos de arrendamiento y régimen de inhabilidades e incompatibilidades | AE45: =IF(B45=Datos!$C$11, "Iniciativas_Objetivo1", IF(B45=Datos!$C$12, "Iniciativas_Objetivo2", IF(B45=Datos!$C$13, "Iniciativas_Objetivo3", IF(B45=Datos!$C$14, "Iniciativas_Objetivo4", IF(B45=Datos!$C$15, "Iniciativas_Objetivo5", IF(B45=Datos!$C$16, "Iniciativas_Objetivo6", IF(B45=Datos!$C$17, "Iniciativas_Objetivo7", IF(B45=Datos!$C$18, "Iniciativas_Objetivo8", IF(B45=Datos!$C$19, "Iniciativas_Objetivo9", IF(B45=Datos!$C$20, "Iniciativas_Objetivo10", IF(B45=Datos!$C$21, "Iniciativas_Objetivo11", IF(B45=Datos!$C$22, "Iniciativas_Objetivo12",IF(B45=Datos!$C$23, "Iniciativas_Objetivo13", " "))))))))))))) -> Iniciativas_Objetivo8
A46: Grupos de Interés | B46: 08. Posicionar a la SAE como una entidad líder en la administración transparente de activos a nivel local, nacional e internacional con enfoque social, ambiental y productivo | C46: Diseñar estrategias de medición de percepción de calidad y/o oportunidad del servicio ofrecido por SAE a nivel externo e interno | D46: Emitir conceptos técnicos de manera oportuna | E46: Diagnóstico y Alistamiento | F46: Diagnóstico de Activos | G46: Oportunidad de conceptos técnicos | H46: SÍ | I46: Eficacia | J46: Demanda | K46: Gerencia Técnica | L46: (Conceptos técnicos realizados de manera oportuna / Número de conceptos técnicos solicitados) *100% | M46: Objetivo del indicador: medir la oportunidad con la que se generan los conceptos técnicos emitidos. Numerador: se considera que un concepto técnico es oportuno, cuando éste cumple con los siguientes Acuerdos de Nivel de Servicio: * Complejidad alta: corresponde a conceptos técnicos que requieren de recopilación de información de entidades o actores externos. El tiempo para atender de manera oportuna este tipo de conceptos es de 15 a 30 días. * Complejidad media: corresponde a conceptos técnicos que requieren de recopilación de información con otras áreas o de consulta de información secundaria. El tiempo para atender de manera oportuna este tipo de conceptos es de 5 a 15 días. * Complejidad baja: corresponde a conceptos técnicos que se responden con información o conocimiento técnico que tiene la G. Técnica; ejemplo; los conceptos relacionados con nuevos modelos de negocio. El tiempo para atender de manera oportuna este tipo de conceptos es de 1 a 5 días. Denominador: los conceptos técnicos solicitados por parte de las áreas corresponden a conceptos relacionados con viabilidad de nuevos negocios, valoración de activos, normatividad relacionada con ordenamiento territorial, arrendamientos, entre otros. | N46: 100% | O46: Trimestral | P46: 71 | Q46: 71 | R46: =IFERROR(IF(COUNTIF(N46,"*%")=1,(P46/Q46)*(100%/N46)*(S46/100%),(P46/Q46)*(S46/100%))," ") -> 0.5 | S46: 0.5 | T46: =IFERROR(IF(R46=" "," ",IF(OR(R46>=S46,((R46/S46)*(100%/N46))>1),1,((R46/S46)*(100%/N46)))),"") -> 1 | U46: Complejidad Alta: 8 Conceptos técnicos, realizados mediante solicitud al grupo de Saneamiento y/o generados como soporte técnico para el saneamiento de uno o varios folios de matrícula inmobiliaria. 1 Revisión de los dictámenes periciales para valorar los daños y perjuicios Complejidad Media: 23 Conceptos Técnicos Proceso Alistamiento Físico Catastral de Inmuebles Susceptibles de Venta 2 Conceptos técnicos para estimar costos de adecuación, verificación del estado actual de estructuras, revisión de los presupuestos estimados por el contratista Complejidad Baja: 30 Conceptos Técnicos revisiones de Avalúos comerciales de venta de predios, revisión de Avalúo comercial de los equipos EDS Disercom, Concepto Técnico estimado de Renta. 4 Viabilidades de Negocios 3 Precios mínimos de Venta | V46: Indicador de acuerdo a solicitud | AE46: =IF(B46=Datos!$C$11, "Iniciativas_Objetivo1", IF(B46=Datos!$C$12, "Iniciativas_Objetivo2", IF(B46=Datos!$C$13, "Iniciativas_Objetivo3", IF(B46=Datos!$C$14, "Iniciativas_Objetivo4", IF(B46=Datos!$C$15, "Iniciativas_Objetivo5", IF(B46=Datos!$C$16, "Iniciativas_Objetivo6", IF(B46=Datos!$C$17, "Iniciativas_Objetivo7", IF(B46=Datos!$C$18, "Iniciativas_Objetivo8", IF(B46=Datos!$C$19, "Iniciativas_Objetivo9", IF(B46=Datos!$C$20, "Iniciativas_Objetivo10", IF(B46=Datos!$C$21, "Iniciativas_Objetivo11", IF(B46=Datos!$C$22, "Iniciativas_Objetivo12",IF(B46=Datos!$C$23, "Iniciativas_Objetivo13", " "))))))))))))) -> Iniciativas_Objetivo8
A47: Procesos | B47: 09. Garantizar la mejora continua del modelo de operación de la SAE basado en acciones de optimización, automatización, control y articulación de procesos contribuyendo a la reducción de tiempos, la transparencia en la operación y el cumplimiento de objetivos institucionales. | C47: Estandarizar, optimizar y automatizar procesos de SAE de acuerdo a nuevo modelo operacional | D47: Gestionar el saneamiento físico catastral de inmuebles sociales y no sociales | E47: Diagnóstico y Alistamiento | F47: Alistamiento de Activos | G47: Saneamiento físico catastral de inmuebles | H47: SÍ | I47: Eficacia | J47: Programación | K47: Gerencia Técnica | L47: (Número de activos con saneamiento físico catastral / Número de activos programados para saneamiento físico catastral) *100% | M47: Objetivo del indicador: medir el saneamiento físico catastral de inmuebles programados para la vigencia. Numerador: corresponde a los activos que cuentan con saneamiento físico catastral, es decir, que su información catastral y registral coincida con la información real del activo. Denominador: corresponde al número de activos programados para saneamiento físico catastral. En la programación de activos a sanear se priorizan las solicitudes de destinación, los activos a comercializar y las solicitudes especiales relevantes. | N47: 400 | O47: Trimestral | P47: 200 | Q47: 400 | R47: =IFERROR(IF(COUNTIF(N47,"*%")=1,(P47/Q47)*(100%/N47),P47/Q47)," ") -> 0.5 | S47: 0.5 | T47: =IFERROR(IF(R47=" "," ",IF(R47>=S47,1,R47/S47))," ") -> 1 | U47: Aproximadamente el 30% de lo analizado y verificado en diagnóstico de Inmuebles va dirigido al proceso de Saneamiento, donde se desarrollan las actividades necesarias para resolver las inconsistencias a nivel documental, físico, catastral y técnico de dichos inmuebles, para que puedan entrar a alistamiento y después a su respectiva comercialización. La meta asignada para el año 2023 fue de 400 Saneamientos físicos catastrales de Inmuebles, de los cuales durante este trimestre , se realizó el proceso de Saneamiento Físico Catastral de 103 Folios de Matricula Inmobiliaria – FMI mediante procesos internos y externos habilitados para tramites posteriores. | V47: Indicador de acuerdo a solicitud | AE47: =IF(B47=Datos!$C$11, "Iniciativas_Objetivo1", IF(B47=Datos!$C$12, "Iniciativas_Objetivo2", IF(B47=Datos!$C$13, "Iniciativas_Objetivo3", IF(B47=Datos!$C$14, "Iniciativas_Objetivo4", IF(B47=Datos!$C$15, "Iniciativas_Objetivo5", IF(B47=Datos!$C$16, "Iniciativas_Objetivo6", IF(B47=Datos!$C$17, "Iniciativas_Objetivo7", IF(B47=Datos!$C$18, "Iniciativas_Objetivo8", IF(B47=Datos!$C$19, "Iniciativas_Objetivo9", IF(B47=Datos!$C$20, "Iniciativas_Objetivo10", IF(B47=Datos!$C$21, "Iniciativas_Objetivo11", IF(B47=Datos!$C$22, "Iniciativas_Objetivo12",IF(B47=Datos!$C$23, "Iniciativas_Objetivo13", " "))))))))))))) -> Iniciativas_Objetivo9
A48: Procesos | B48: 09. Garantizar la mejora continua del modelo de operación de la SAE basado en acciones de optimización, automatización, control y articulación de procesos contribuyendo a la reducción de tiempos, la transparencia en la operación y el cumplimiento de objetivos institucionales. | C48: Estandarizar, optimizar y automatizar procesos de SAE de acuerdo a nuevo modelo operacional | D48: Gestionar el alistamiento físico catastral de inmuebles sociales y no sociales | E48: Diagnóstico y Alistamiento | F48: Alistamiento de Activos | G48: Alistamiento físico catastral de inmuebles susceptibles de venta | H48: SÍ | I48: Eficacia | J48: Demanda | K48: Gerencia Técnica | L48: (Número de inmuebles con alistamiento físico catastral/ Número de inmuebles susceptibles de alistamiento físico catastral) *100% | M48: Objetivo del indicador: medir el alistamiento físico catastral de inmuebles susceptibles de venta realizados, es decir, los que cuenten con viabilidad jurídica y que requieren alistamiento físico. Numerador: corresponde a los inmuebles con alistamiento físico catastral, es decir, con saneamiento físico catastral y/o valoración realizada. Denominador: corresponde a los inmuebles requeridos o susceptibles de alistamiento físico catastral, es decir, que ya cuenten con viabilidad jurídica y requieran saneamiento físico catastral o valoración. | N48: 100% | O48: Trimestral | P48: 422 | Q48: 422 | R48: =IFERROR(IF(COUNTIF(N48,"*%")=1,(P48/Q48)*(100%/N48)*(S48/100%),(P48/Q48)*(S48/100%))," ") -> 0.5 | S48: 0.5 | T48: =IFERROR(IF(R48=" "," ",IF(OR(R48>=S48,((R48/S48)*(100%/N48))>1),1,((R48/S48)*(100%/N48)))),"") -> 1 | U48: Se refiere al estudio que se realiza a todos los inmuebles administrados por la Entidad y cuyo interés de alistamiento se da con el objetivo de dar inicio al proceso de venta, bien porque sean Activos Extintos o porque son aprobados dentro del proceso de Enajenación Temprana. El Alistamiento físico Catastral de Inmuebles Susceptibles de Venta del Primer trimestre 2023 corresponde a 194 FMI Habilitados para Avalúo y 228 FMI trasladados al proceso de Saneamiento, para un total de 422 FMI. Descripción: Habilitado para avalúo 194 FMI Proceso de Saneamiento 228 FMI descriptos de la siguiente manera: área referidas a escrituras viejas Según Ep): 47 Diferencia de áreas: 100 diferencia de áreas PH: 16 Error de digitación: 1 sin área: 55 sin Certificado Catastral: 2 sin certificado de Tradición y libertad: 7 Cabe resaltar que el número de inmuebles susceptibles de alistamiento físico catastral es dinámico, ya que depende de la cantidad de inmuebles que habilite el área jurídica y se aprueben en comité de enajenación temprana, dependiendo del estado legal del predio. | V48: Indicador de acuerdo a solicitud | AE48: =IF(B48=Datos!$C$11, "Iniciativas_Objetivo1", IF(B48=Datos!$C$12, "Iniciativas_Objetivo2", IF(B48=Datos!$C$13, "Iniciativas_Objetivo3", IF(B48=Datos!$C$14, "Iniciativas_Objetivo4", IF(B48=Datos!$C$15, "Iniciativas_Objetivo5", IF(B48=Datos!$C$16, "Iniciativas_Objetivo6", IF(B48=Datos!$C$17, "Iniciativas_Objetivo7", IF(B48=Datos!$C$18, "Iniciativas_Objetivo8", IF(B48=Datos!$C$19, "Iniciativas_Objetivo9", IF(B48=Datos!$C$20, "Iniciativas_Objetivo10", IF(B48=Datos!$C$21, "Iniciativas_Objetivo11", IF(B48=Datos!$C$22, "Iniciativas_Objetivo12",IF(B48=Datos!$C$23, "Iniciativas_Objetivo13", " "))))))))))))) -> Iniciativas_Objetivo9
A49: Procesos | B49: 09. Garantizar la mejora continua del modelo de operación de la SAE basado en acciones de optimización, automatización, control y articulación de procesos contribuyendo a la reducción de tiempos, la transparencia en la operación y el cumplimiento de objetivos institucionales. | C49: Estandarizar, optimizar y automatizar procesos de SAE de acuerdo a nuevo modelo operacional | D49: Realizar avalúos de bienes inmuebles | E49: Diagnóstico y Alistamiento | F49: Alistamiento de Activos | G49: Avalúos de bienes inmuebles | H49: SÍ | I49: Eficacia | J49: Programación | K49: Gerencia Técnica | L49: (Cantidad de avalúos gestionados / Cantidad de avalúos solicitados a la Gerencia Técnica) *100% | M49: Objetivo del indicador: medir la gestión realizada frente a la elaboración y/o revisión de avalúos de inmuebles sociales y no sociales dispuestos para enajenación temprana o comercialización. Numerador: corresponde a los avalúos gestionados realizados frente a la elaboración de avalúos de inmuebles sociales y no sociales solicitados. Denominador: corresponde a solicitudes de elaboración de avalúos de inmuebles sociales y no sociales dispuestos para enajenación temprana o comercialización. | N49: =3800*1.15 -> 4370 | O49: Trimestral | P49: 1990 | Q49: 4370 | R49: =IFERROR(IF(COUNTIF(N49,"*%")=1,(P49/Q49)*(100%/N49),P49/Q49)," ") -> 0.45537757 | S49: 0.5 | T49: =IFERROR(IF(R49=" "," ",IF(R49>=S49,1,R49/S49))," ") -> 0.91075515 | U49: Este proceso se desarrolla desde la Gerencia Técnica con el fin de obtener el Avaluó comercial de los bienes inmuebles urbanos y rurales conforme a las metodologías establecidas por el Instituto Geográfico Agustín Codazzi (IGAC) a través del registro abierto de avaluadores. Durante el segundo trimestre de la vigencia 2023 se realizaron los avalúos de 1107 Inmuebles disponibles para la venta de acuerdo con su categoría: Enajenación temprana: 928 Folios de Matricula Inmobiliaria - FMI. Extintos: 141 Folios de Matricula Inmobiliaria - FMI. Sociedades en Liquidación: 27 Folios de Matricula Inmobiliaria - FMI. Sociedades Activas: 11 Folios de Matricula Inmobiliaria - FMI. | V49: Indicador de acuerdo a solicitud | AE49: =IF(B49=Datos!$C$11, "Iniciativas_Objetivo1", IF(B49=Datos!$C$12, "Iniciativas_Objetivo2", IF(B49=Datos!$C$13, "Iniciativas_Objetivo3", IF(B49=Datos!$C$14, "Iniciativas_Objetivo4", IF(B49=Datos!$C$15, "Iniciativas_Objetivo5", IF(B49=Datos!$C$16, "Iniciativas_Objetivo6", IF(B49=Datos!$C$17, "Iniciativas_Objetivo7", IF(B49=Datos!$C$18, "Iniciativas_Objetivo8", IF(B49=Datos!$C$19, "Iniciativas_Objetivo9", IF(B49=Datos!$C$20, "Iniciativas_Objetivo10", IF(B49=Datos!$C$21, "Iniciativas_Objetivo11", IF(B49=Datos!$C$22, "Iniciativas_Objetivo12",IF(B49=Datos!$C$23, "Iniciativas_Objetivo13", " "))))))))))))) -> Iniciativas_Objetivo9
A50: Grupos de Interés | B50: 08. Posicionar a la SAE como una entidad líder en la administración transparente de activos a nivel local, nacional e internacional con enfoque social, ambiental y productivo | C50: Diseñar estrategias de medición de percepción de calidad y/o oportunidad del servicio ofrecido por SAE a nivel externo e interno | D50: Medir la oportunidad en la atención de solicitudes de comisión o desplazamientos de viajes | E50: Gestión de viáticos y comisiones | F50: Administración de viáticos y comisiones | G50: Oportunidad de atención de solicitudes de comisión o desplazamiento de viajes | H50: SÍ | I50: Calidad | J50: Demanda | K50: GIT. Viáticos y Comisiones | L50: (Solicitud de comisión o desplazamiento de viaje atendida oportunamente/ Solicitudes de comisión o desplazamiento de viajes realizadas por las áreas)*100% | M50: Objetivo del indicador: medir el trámite oportuno de las solicitudes de comisión o desplazamiento de viaje. Numerador: la atención de la solicitud de comisión o desplazamiento de viaje por el GIT de Viáticos y Comisiones contempla el trámite de compra de tiquetes, reserva de hoteles o trámites de cancelaciones requeridas. Se considera atendida oportunamente una comisión o desplazamiento El tiempo oportuno de atención del trámite es de dos (2) días hábiles a partir de la solicitud de comisión o desplazamiento aprobada por el líder del proceso. Denominador: corresponde a las solicitudes de comisión o desplazamiento aprobadas por parte del líder del proceso, diligenciadas adecuadamente. | N50: 100% | O50: Trimestral | P50: 2656 | Q50: 2656 | R50: =IFERROR(IF(COUNTIF(N50,"*%")=1,(P50/Q50)*(100%/N50)*(S50/100%),(P50/Q50)*(S50/100%))," ") -> 0.5 | S50: 0.5 | T50: =IFERROR(IF(R50=" "," ",IF(OR(R50>=S50,((R50/S50)*(100%/N50))>1),1,((R50/S50)*(100%/N50)))),"") -> 1 | U50: Durante el periodo del 1 de enero al 30 de junio de 2023 se recibieron 2.656 solicitudes de comisiones de servicio y fueron gestionadas en su totalidad de manera oportuna. | AE50: =IF(B50=Datos!$C$11, "Iniciativas_Objetivo1", IF(B50=Datos!$C$12, "Iniciativas_Objetivo2", IF(B50=Datos!$C$13, "Iniciativas_Objetivo3", IF(B50=Datos!$C$14, "Iniciativas_Objetivo4", IF(B50=Datos!$C$15, "Iniciativas_Objetivo5", IF(B50=Datos!$C$16, "Iniciativas_Objetivo6", IF(B50=Datos!$C$17, "Iniciativas_Objetivo7", IF(B50=Datos!$C$18, "Iniciativas_Objetivo8", IF(B50=Datos!$C$19, "Iniciativas_Objetivo9", IF(B50=Datos!$C$20, "Iniciativas_Objetivo10", IF(B50=Datos!$C$21, "Iniciativas_Objetivo11", IF(B50=Datos!$C$22, "Iniciativas_Objetivo12",IF(B50=Datos!$C$23, "Iniciativas_Objetivo13", " "))))))))))))) -> Iniciativas_Objetivo8
A51: Grupos de Interés | B51: 08. Posicionar a la SAE como una entidad líder en la administración transparente de activos a nivel local, nacional e internacional con enfoque social, ambiental y productivo | C51: Diseñar estrategias de medición de percepción de calidad y/o oportunidad del servicio ofrecido por SAE a nivel externo e interno | D51: Medir la percepción y satisfacción que tienen el público externo frente a SAE | E51: Comunicación y Atención de Requerimientos | F51: Comunicación Organizacional | G51: Mediciones de satisfacción y/o percepción a nivel externo | H51: SÍ | I51: Eficacia | J51: Programación | K51: Oficina de Comunicaciones y Atención al Ciudadano | L51: (Número de mediciones externas realizadas / Número de mediciones externas programadas) 100% | M51: Objetivo del indicador: medir la realización de las mediciones externas de manera virtual con público de interés en la SAE como compradores, arrendatarios, entre otros. Numerador: corresponde al número de mediciones realizadas a nivel externo a través de los canales dispuestos para tal fin. La medición de satisfacción se considera como finalizada cuando se realiza el informe trimestral de los resultados de la encuesta de satisfacción publicada en la página web. La medición de percepción se considera como finalizada cuando se obtienen los resultados de la encuesta a nivel semestral. Denominador: corresponde al número de mediciones programadas de satisfacción y percepción de la gestión de SAE. Para la vigencia se tiene previsto 6 mediciones distribuidas de la siguiente forma: *Medición de satisfacción: 4 mediciones publicadas en página web sobre la calidad del servicio. El cuestionario se encuentra disponible de manera permanente en la página web y su medición se hará con corte trimestral. * Medición de percepción: 2 mediciones a grupos de interés dirigida a personal que registre en base de datos de compradores, arrendatarios, destinatarios, entre otros. | N51: 6 | O51: Trimestral | P51: 2 | Q51: 6 | R51: =IFERROR(IF(COUNTIF(N51,"*%")=1,(P51/Q51)*(100%/N51),P51/Q51)," ") -> 0.33333333 | S51: 0.5 | T51: =IFERROR(IF(R51=" "," ",IF(R51>=S51,1,R51/S51))," ") -> 0.66666667 | U51: n el informe mensual y trimestral de PQRSFD , registra una sección en la cual se reporta los resultados de la encuesta de satisfacción que se tiene a nivel externo, en la cual se plantean 5 preguntas: 1. ¿Cómo califica el interés y aptitud de nuestros funcionarios para resolver el motivo de su solicitud? 2. ¿Cómo califica el servicio inicial recibido? 3. ¿Cómo califica la rapidez en la atención del motivo de su solicitud? 4. ¿Recibió atención cordial y personalizada? 5. Tipo de cliente (arrendatario, comprador, depositario, liquidador, entidad estatal o ciudadanía en general). Primer trimestre: Respondieron un promedio de 334 personas. De lo anterior, se pudo concluir que hay un participación mínima en dar respuesta a la encuesta a comparación de la cantidad de usuarios que se registran en las bases de datos, por ende, se realizó diseño de nuevas estrategias que tengan mayor alcance en las próximas mediciones de satisfacción a nivel externo. Segundo trimestre: Respondieron un promedio de 330 personas, donde registra que más de 50% de nuestros clientes se encuentran satisfechos con la prestación de nuestros servicios, adicionalmente, registra que las personas que más respondieron la encuesta fue la ciudadanía en general. Se tiene proyectado que en el tercer trimestre se realice una encuesta externa a que pueda medir el nivel de satisfacción y percepción que tiene la entidad, la cual identifica a cada uno de nuestros clientes (comprador, arrendador, depositario, destinatario, liquidador, ciudadanía general). https://www.saesas.gov.co/informacion_ciudadano/informacion_adicional/estadisticas_servicio/2023 | AE51: =IF(B51=Datos!$C$11, "Iniciativas_Objetivo1", IF(B51=Datos!$C$12, "Iniciativas_Objetivo2", IF(B51=Datos!$C$13, "Iniciativas_Objetivo3", IF(B51=Datos!$C$14, "Iniciativas_Objetivo4", IF(B51=Datos!$C$15, "Iniciativas_Objetivo5", IF(B51=Datos!$C$16, "Iniciativas_Objetivo6", IF(B51=Datos!$C$17, "Iniciativas_Objetivo7", IF(B51=Datos!$C$18, "Iniciativas_Objetivo8", IF(B51=Datos!$C$19, "Iniciativas_Objetivo9", IF(B51=Datos!$C$20, "Iniciativas_Objetivo10", IF(B51=Datos!$C$21, "Iniciativas_Objetivo11", IF(B51=Datos!$C$22, "Iniciativas_Objetivo12",IF(B51=Datos!$C$23, "Iniciativas_Objetivo13", " "))))))))))))) -> Iniciativas_Objetivo8
A52: Grupos de Interés | B52: 08. Posicionar a la SAE como una entidad líder en la administración transparente de activos a nivel local, nacional e internacional con enfoque social, ambiental y productivo | C52: Diseñar estrategias de medición de percepción de calidad y/o oportunidad del servicio ofrecido por SAE a nivel externo e interno | D52: Gestionar las solicitudes de Mesa de ayuda de manera oportuna según los ANS establecidos en el catálogo de servicio | E52: Tecnología | F52: Gestión de Infraestructura Tecnológica Mantenimiento y Soporte de Aplicaciones | G52: Oportunidad de atención de Mesa de ayuda | H52: SÍ | I52: Calidad | J52: Demanda | K52: Oficina de Gestión de la Información | L52: (N.º de tickets resueltos oportunamente / N.º de tickets radicados en Mesa de ayuda) *100% | M52: Objetivo del indicador: medir la atención oportuna de los tickets que radican las áreas en la Mesa de ayuda. Numerador: corresponde a las solicitudes resueltas cuando en el Sistema de Mesa de Ayuda les asigna el estado de "resuelto". Denominador: los tickets radicados en Mesa de Ayuda corresponden a las solicitudes creadas por los usuarios dentro de la vigencia. Para que sea oportuno el servicio se tienen en cuenta los tiempos (ANS), de acuerdo con el tipo de servicio (catálogo de servicios NT1-061) | N52: 95% | O52: Trimestral | P52: 4712 | Q52: 5170 | R52: =IFERROR(IF(COUNTIF(N52,"*%")=1,(P52/Q52)*(100%/N52)*(S52/100%),(P52/Q52)*(S52/100%))," ") -> 0.47969052 | S52: 0.5 | T52: =IFERROR(IF(R52=" "," ",IF(OR(R52>=S52,((R52/S52)*(100%/N52))>1),1,((R52/S52)*(100%/N52)))),"") -> 1 | U52: Proceso Aplicaciones: enero a junio 2023 se han gestionado 701 tickets en estado cerrado de los cuales 539 tickets fueron atendidos a tiempo según los ANS definidos en el catalogo de servicios y 162 fueron atenidos fuera del tiempo, dando cumplimiento 76,89% de cumplimiento. Proceso Soporte: enero a marzo 2023 se han gestionado 2220 tickets en estado cerrado de los cuales 2186 tickets fueron atendidos a tiempo según los ANS definidos en el catalogo de servicios y 34 fueron atenidos fuera del tiempo, dando cumplimiento 98.47% de cumplimiento. Proceso Infraestructura : enero a marzo 2023 se han gestionado 584 tickets en estado cerrado de los cuales 487 tickets fueron atendidos a tiempo según los ANS definidos en el catalogo de servicios y 97 fueron atendidos fuera del tiempo, dando cumplimiento 83,39% de cumplimiento. Proceso Seguridad: enero a marzo 2023 se han gestionado 1539 tickets en estado cerrado e los cuales 1339 tickets fueron atendidos a tiempo según los ANS definidos en el catalogo de servicios y 200 fueron atendidos fuera del tiempo, dando cumplimiento 87,00% de cumplimiento "En conclusión de los 5170 tickets gestionados por la OGI se atendieron el 89,92% a tiempo y representado en el 10% fuera de tiempo según los ANS definidos en el catalogo de servicios de la OGI " | V52: N/A | AE52: =IF(B52=Datos!$C$11, "Iniciativas_Objetivo1", IF(B52=Datos!$C$12, "Iniciativas_Objetivo2", IF(B52=Datos!$C$13, "Iniciativas_Objetivo3", IF(B52=Datos!$C$14, "Iniciativas_Objetivo4", IF(B52=Datos!$C$15, "Iniciativas_Objetivo5", IF(B52=Datos!$C$16, "Iniciativas_Objetivo6", IF(B52=Datos!$C$17, "Iniciativas_Objetivo7", IF(B52=Datos!$C$18, "Iniciativas_Objetivo8", IF(B52=Datos!$C$19, "Iniciativas_Objetivo9", IF(B52=Datos!$C$20, "Iniciativas_Objetivo10", IF(B52=Datos!$C$21, "Iniciativas_Objetivo11", IF(B52=Datos!$C$22, "Iniciativas_Objetivo12",IF(B52=Datos!$C$23, "Iniciativas_Objetivo13", " "))))))))))))) -> Iniciativas_Objetivo8
A53: Grupos de Interés | B53: 08. Posicionar a la SAE como una entidad líder en la administración transparente de activos a nivel local, nacional e internacional con enfoque social, ambiental y productivo | C53: Implementar estrategias de comunicación y posicionamiento de SAE desde un enfoque productivo, social y ambiental | D53: Desarrollar estrategias de posicionamiento de la gestión de SAE a nivel interno y externo | E53: Comunicación y Atención de Requerimientos | F53: Comunicación Organizacional | G53: Estrategias de posicionamiento sobre la gestión de SAE | H53: SÍ | I53: Eficacia | J53: Programación | K53: Oficina de Comunicaciones y Atención al Ciudadano | L53: (Número de estrategias de comunicación realizadas / Número de estrategias de comunicación programadas)*100% | M53: Objetivo del indicador: medir las estrategias de comunicación realizadas sobre la gestión de SAE, con el fin de informar a públicos de interés sobre la administración de activos especiales. Numerador: hace alusión al número de estrategias de comunicación realizadas con sus respectivas evidencias. Denominador: corresponde al número de estrategias programadas para posicionamiento a nivel interno y externo. A nivel interno se tiene previsto hacer uso de: noticiero quincenal (video clips sobre gestión de SAE), canales internos como cartelera de comunicaciones y correo electrónico o WhatsApp A nivel externo se tiene previsto hacer uso de: boletín institucional en canales externos como la página web. Para la vigencia se han fijado 12 estrategias de comunicación (6 internas y 6 externas). | N53: 12 | O53: Trimestral | P53: 7 | Q53: 12 | R53: =IFERROR(IF(COUNTIF(N53,"*%")=1,(P53/Q53)*(100%/N53),P53/Q53)," ") -> 0.58333333 | S53: 0.5 | T53: =IFERROR(IF(R53=" "," ",IF(R53>=S53,1,R53/S53))," ") -> 1 | U53: La Oficina de Comunicaciones y Atención al Ciudadano realizo las siguientes campañas: Primer trimestre: 1. Activos por el cambio 2. Se realizo las estrategias de tierras para producir y para la paz. Segundo trimestre: 1. Unidos por La Guajira 2. Entrega del TRYP y Campanario al Tequendama 3. Banco de Hojas de Vida, 4. Reporte de bienes 5. Gerentes y depositarios populares https://www.instagram.com/saesas1/ https://www.facebook.com/activosSAE https://twitter.com/activosSAE | AE53: =IF(B53=Datos!$C$11, "Iniciativas_Objetivo1", IF(B53=Datos!$C$12, "Iniciativas_Objetivo2", IF(B53=Datos!$C$13, "Iniciativas_Objetivo3", IF(B53=Datos!$C$14, "Iniciativas_Objetivo4", IF(B53=Datos!$C$15, "Iniciativas_Objetivo5", IF(B53=Datos!$C$16, "Iniciativas_Objetivo6", IF(B53=Datos!$C$17, "Iniciativas_Objetivo7", IF(B53=Datos!$C$18, "Iniciativas_Objetivo8", IF(B53=Datos!$C$19, "Iniciativas_Objetivo9", IF(B53=Datos!$C$20, "Iniciativas_Objetivo10", IF(B53=Datos!$C$21, "Iniciativas_Objetivo11", IF(B53=Datos!$C$22, "Iniciativas_Objetivo12",IF(B53=Datos!$C$23, "Iniciativas_Objetivo13", " "))))))))))))) -> Iniciativas_Objetivo8
A54: Grupos de Interés | B54: 08. Posicionar a la SAE como una entidad líder en la administración transparente de activos a nivel local, nacional e internacional con enfoque social, ambiental y productivo | C54: Implementar estrategias de comunicación y posicionamiento de SAE desde un enfoque productivo, social y ambiental | D54: Diseño de estrategias de comunicación y socialización de nuevo modelo de operación SAE | E54: Comunicación y Atención de Requerimientos | F54: Comunicación Organizacional | G54: Productos pedagógicos del nuevo modelo de operación | H54: SÍ | I54: Eficacia | J54: Programación | K54: Oficina de Comunicaciones y Atención al Ciudadano | L54: (Número de productos pedagógicos realizados/Número de productos pedagógicos programados)*100% | M54: Objetivo del indicador: medir la creación de productos pedagógicos que permitan la comunicación y socialización del nuevo modelo de operación de la SAE. Numerador: corresponde al número de productos pedagógicos creados y socializados. Los productos pedagógicos se consideran culminados cuando han sido difundidos por los canales oficiales de la SAE dispuestos para tal fin. Denominador: corresponde al número de productos pedagógicos programados para comunicación y socialización en la vigencia. Para esta vigencia se tienen programados 12 productos. | N54: 12 | O54: Trimestral | P54: 6 | Q54: 12 | R54: =IFERROR(IF(COUNTIF(N54,"*%")=1,(P54/Q54)*(100%/N54),P54/Q54)," ") -> 0.5 | S54: 0.5 | T54: =IFERROR(IF(R54=" "," ",IF(R54>=S54,1,R54/S54))," ") -> 1 | U54: Primer trimestre: Se diseñó formato de registro de los ciudadanos que participaron en los eventos para que reportaran el conocimiento de la ubicación de bienes como una herramienta digital Segundo trimestre: Se realizaron los siguientes productos pedagógicos: 2. Uso social y comunitario de los bienes Italia - https://www.youtube.com/watch?v=c4SVaF81kH8 3. Merchandisin (cuadernos, esferos, tula) para la implementación e interiorización de la nueva marca SAE realizada en abril. 4. Campaña "Ojo al dato, el cambio produce." 5. se acompañó la realización de eventos de entrega como: Gym box a la primera gerenta popular y la alianza con Alquería para beneficiar a campesinos. https://www.instagram.com/saesas1/ https://www.facebook.com/activosSAE https://twitter.com/activosSAE | AE54: =IF(B54=Datos!$C$11, "Iniciativas_Objetivo1", IF(B54=Datos!$C$12, "Iniciativas_Objetivo2", IF(B54=Datos!$C$13, "Iniciativas_Objetivo3", IF(B54=Datos!$C$14, "Iniciativas_Objetivo4", IF(B54=Datos!$C$15, "Iniciativas_Objetivo5", IF(B54=Datos!$C$16, "Iniciativas_Objetivo6", IF(B54=Datos!$C$17, "Iniciativas_Objetivo7", IF(B54=Datos!$C$18, "Iniciativas_Objetivo8", IF(B54=Datos!$C$19, "Iniciativas_Objetivo9", IF(B54=Datos!$C$20, "Iniciativas_Objetivo10", IF(B54=Datos!$C$21, "Iniciativas_Objetivo11", IF(B54=Datos!$C$22, "Iniciativas_Objetivo12",IF(B54=Datos!$C$23, "Iniciativas_Objetivo13", " "))))))))))))) -> Iniciativas_Objetivo8
A55: Grupos de Interés | B55: 08. Posicionar a la SAE como una entidad líder en la administración transparente de activos a nivel local, nacional e internacional con enfoque social, ambiental y productivo | C55: Implementar estrategias de comunicación y posicionamiento de SAE desde un enfoque productivo, social y ambiental | D55: Promocionar en medios comunitarios, regionales, alternativos y digitales la información institucional dentro de los públicos de interés | E55: Comunicación y Atención de Requerimientos | F55: Comunicación Organizacional | G55: Promoción de información institucional en medios alternativos y digitales | H55: SÍ | I55: Eficacia | J55: Programación | K55: Oficina de Comunicaciones y Atención al Ciudadano | L55: (Campañas de promoción y pauta implementadas/ Campañas de promoción y pauta programadas)*100% | M55: Objetivo del indicador: medir la implementación de campañas de promoción y pauta de la SAE en medios alternativos y digitales. Numerador: corresponde al número de campañas de promoción y pauta implementadas por la Oficina de Comunicaciones y Atención al Ciudadano. Denominador corresponde al número de campañas programadas para la vigencia en medios digitales y alternativos. Para esta vigencia se tiene programado la implementación de 4 campañas de promoción y pauta. | N55: 4 | O55: Trimestral | P55: 2 | Q55: 4 | R55: =IFERROR(IF(COUNTIF(N55,"*%")=1,(P55/Q55)*(100%/N55),P55/Q55)," ") -> 0.5 | S55: 0.5 | T55: =IFERROR(IF(R55=" "," ",IF(R55>=S55,1,R55/S55))," ") -> 1 | U55: Primer trimestre: 1. Se realizó pauta digital en redes sociales informando a la ciudadanía sobre el proceso de gerentes y depositarios provisionales Segundo trimestre: Se realizó pauta en Cartagena sobre la Invasión del Mamonal | AE55: =IF(B55=Datos!$C$11, "Iniciativas_Objetivo1", IF(B55=Datos!$C$12, "Iniciativas_Objetivo2", IF(B55=Datos!$C$13, "Iniciativas_Objetivo3", IF(B55=Datos!$C$14, "Iniciativas_Objetivo4", IF(B55=Datos!$C$15, "Iniciativas_Objetivo5", IF(B55=Datos!$C$16, "Iniciativas_Objetivo6", IF(B55=Datos!$C$17, "Iniciativas_Objetivo7", IF(B55=Datos!$C$18, "Iniciativas_Objetivo8", IF(B55=Datos!$C$19, "Iniciativas_Objetivo9", IF(B55=Datos!$C$20, "Iniciativas_Objetivo10", IF(B55=Datos!$C$21, "Iniciativas_Objetivo11", IF(B55=Datos!$C$22, "Iniciativas_Objetivo12",IF(B55=Datos!$C$23, "Iniciativas_Objetivo13", " "))))))))))))) -> Iniciativas_Objetivo8
A56: Grupos de Interés | B56: 08. Posicionar a la SAE como una entidad líder en la administración transparente de activos a nivel local, nacional e internacional con enfoque social, ambiental y productivo | C56: Implementar estrategias de comunicación y posicionamiento de SAE desde un enfoque productivo, social y ambiental | D56: Realizar el cambio de imagen institucional de SAE | E56: Comunicación y Atención de Requerimientos | F56: Comunicación Organizacional | G56: Cambio de Imagen Institucional | H56: SÍ | I56: Eficacia | J56: Programación | K56: Oficina de Comunicaciones y Atención al Ciudadano | L56: (Actividades ejecutadas/ Actividades programadas para el cambio de imagen institucional)*100% | M56: Objetivo del indicador: medir el grado de avance de las actividades relacionadas con el cambio de imagen institucional de SAE. Numerador: corresponde a las actividades del plan de trabajo ejecutadas al 100%. Denominador: corresponde a las actividades programadas para el cambio de imagen institucional, como por ejemplo, cambios de logos, actualizaciones en página web institucional, entre otras. | N56: 100% | O56: Trimestral | P56: 1 | Q56: 1 | R56: =IFERROR(IF(COUNTIF(N56,"*%")=1,(P56/Q56)*(100%/N56),P56/Q56)," ") -> 1 | S56: 0.5 | T56: =IFERROR(IF(R56=" "," ",IF(OR(R56>=S56,((R56/S56)*(100%/N56))>1),1,((R56/S56)*(100%/N56)))),"") -> 1 | U56: Se realizó el nuevo diseño de logo de la Entidad y su socialización mediante el brandeo en la Entidad y los productos institucionales para reforzar la imagen | AE56: =IF(B56=Datos!$C$11, "Iniciativas_Objetivo1", IF(B56=Datos!$C$12, "Iniciativas_Objetivo2", IF(B56=Datos!$C$13, "Iniciativas_Objetivo3", IF(B56=Datos!$C$14, "Iniciativas_Objetivo4", IF(B56=Datos!$C$15, "Iniciativas_Objetivo5", IF(B56=Datos!$C$16, "Iniciativas_Objetivo6", IF(B56=Datos!$C$17, "Iniciativas_Objetivo7", IF(B56=Datos!$C$18, "Iniciativas_Objetivo8", IF(B56=Datos!$C$19, "Iniciativas_Objetivo9", IF(B56=Datos!$C$20, "Iniciativas_Objetivo10", IF(B56=Datos!$C$21, "Iniciativas_Objetivo11", IF(B56=Datos!$C$22, "Iniciativas_Objetivo12",IF(B56=Datos!$C$23, "Iniciativas_Objetivo13", " "))))))))))))) -> Iniciativas_Objetivo8
A57: Grupos de Interés | B57: 08. Posicionar a la SAE como una entidad líder en la administración transparente de activos a nivel local, nacional e internacional con enfoque social, ambiental y productivo | C57: Realizar y participar en eventos comerciales, corporativos, académicos o estratégicos para el buen posicionamiento de SAE | D57: Desarrollar espacios virtuales con los diferentes grupos de interés para promover la productividad de los bienes que administra la Entidad. Realizar foros especializados focalizados a población priorizada | E57: Comunicación y Atención de Requerimientos | F57: Comunicación Organizacional | G57: Espacios virtuales a grupos de interés | H57: SÍ | I57: Eficacia | J57: Programación | K57: Oficina de Comunicaciones y Atención al Ciudadano | L57: (Cantidad de espacios virtuales realizados / Cantidad de espacios virtuales programados) *100% | M57: Objetivo del indicador: medir la realización de espacios virtuales realizados en los que se involucren población beneficiaria, población campesina y asociaciones, entidades territoriales, entre otros actores involucrados para dar conocer modalidades de acceso a RTAs de administración o activos de SAE entre otros temas de interés. Numerador: corresponde a la cantidad de espacios virtuales realizados y culminados exitosamente con sus evidencias respectivas. Denominador: corresponde al número de espacios virtuales programados. Los espacios virtuales deben contar con temáticas claras, interlocutores y actores que participan. Para el 2023 se tiene como meta la realización de 4 espacios virtuales. | N57: 4 | O57: Trimestral | P57: 2 | Q57: 4 | R57: =IFERROR(IF(COUNTIF(N57,"*%")=1,(P57/Q57)*(100%/N57),P57/Q57)," ") -> 0.5 | S57: 0.5 | T57: =IFERROR(IF(R57=" "," ",IF(R57>=S57,1,R57/S57))," ") -> 1 | U57: Primer trimestre: De acuerdo al nuevo organigrama de la Entidad se realizaron proyecciones para los foros virtuales atendiendo las prioridades de la misionales , par adrar a conocer a la ciudadanía en general Segundo trimestre: Se realizaron los siguientes espacios virtuales, 1. Foro de depositarios y gerentes populares, nuevo modelo de administración https://www.youtube.com/watch?v=Dhn9-__ml-c 2. Paso a paso para el registro en el Banco de Hojas de vida de la SAE https://www.youtube.com/watch?v=6fpVLIRYyes | AE57: =IF(B57=Datos!$C$11, "Iniciativas_Objetivo1", IF(B57=Datos!$C$12, "Iniciativas_Objetivo2", IF(B57=Datos!$C$13, "Iniciativas_Objetivo3", IF(B57=Datos!$C$14, "Iniciativas_Objetivo4", IF(B57=Datos!$C$15, "Iniciativas_Objetivo5", IF(B57=Datos!$C$16, "Iniciativas_Objetivo6", IF(B57=Datos!$C$17, "Iniciativas_Objetivo7", IF(B57=Datos!$C$18, "Iniciativas_Objetivo8", IF(B57=Datos!$C$19, "Iniciativas_Objetivo9", IF(B57=Datos!$C$20, "Iniciativas_Objetivo10", IF(B57=Datos!$C$21, "Iniciativas_Objetivo11", IF(B57=Datos!$C$22, "Iniciativas_Objetivo12",IF(B57=Datos!$C$23, "Iniciativas_Objetivo13", " "))))))))))))) -> Iniciativas_Objetivo8
A58: Grupos de Interés | B58: 08. Posicionar a la SAE como una entidad líder en la administración transparente de activos a nivel local, nacional e internacional con enfoque social, ambiental y productivo | C58: Realizar y participar en eventos comerciales, corporativos, académicos o estratégicos para el buen posicionamiento de SAE | D58: Participar en eventos estratégicos a nivel nacional e internacional | E58: Direccionamiento Estratégico | F58: Gobierno y Gestión de la Estrategia | G58: Participación de eventos estratégicos a nivel nacional e internacional | H58: SÍ | I58: Eficacia | J58: Demanda | K58: Gerencia de Proyectos Especiales | L58: (Eventos o reuniones estratégicos con participación de SAE / Eventos o reuniones estratégicas programadas)*100% | M58: Objetivo del indicador: medir la participación de eventos o reuniones estratégicos a nivel nacional e internacional para posicionar a SAE en el campo bilateral y multilateral. Numerador: son los eventos o reuniones estratégicas en los que participa la SAE a nivel nacional e internacional. Denominador: son los eventos o reuniones estratégicas programadas que varían de acuerdo a demanda u oferta del entorno. | N58: 100% | O58: Trimestral | P58: 3 | Q58: 3 | R58: =IFERROR(IF(COUNTIF(N58,"*%")=1,(P58/Q58)*(100%/N58)*(S58/100%),(P58/Q58)*(S58/100%))," ") -> 0.5 | S58: 0.5 | T58: =IFERROR(IF(R58=" "," ",IF(OR(R58>=S58,((R58/S58)*(100%/N58))>1),1,((R58/S58)*(100%/N58)))),"") -> 1 | U58: En el segundo trimestre de 2023 se coordinaron y desarrollaron desde la Gerencia de Proyectos Especiales 3 eventos con entidades internacionales encargadas de la administración de bienes en extinción de dominio en sus respectivos países como se indica a continuación: 1. Bolivia: (UIAF): 26 de mayo de 2023 2. Italia (ANBSC): 16 de junio de 2023 3. Perú (PRONABI): 26 de junio de 2023 | V58: Se solicita ajustar el objetivo del indicador así: Medir la participación de eventos o reuniones estratégicos a nivel nacional e internacional que sean organizados y desarrollados o que cuenten con la participación la Gerencia de Proyectos Especiales para posicionar a SAE en el campo bilateral y multilateral. Como segunda medida se recomienda solicitar el reporte a Presidencia sobre su participación en eventos de carácter nacional e internacional dado que esta gestión aporta al fortalecimiento institucional de la SAE y se escapa del alcance y la definición de la Gerencia de Proyectos Especiales | AE58: =IF(B58=Datos!$C$11, "Iniciativas_Objetivo1", IF(B58=Datos!$C$12, "Iniciativas_Objetivo2", IF(B58=Datos!$C$13, "Iniciativas_Objetivo3", IF(B58=Datos!$C$14, "Iniciativas_Objetivo4", IF(B58=Datos!$C$15, "Iniciativas_Objetivo5", IF(B58=Datos!$C$16, "Iniciativas_Objetivo6", IF(B58=Datos!$C$17, "Iniciativas_Objetivo7", IF(B58=Datos!$C$18, "Iniciativas_Objetivo8", IF(B58=Datos!$C$19, "Iniciativas_Objetivo9", IF(B58=Datos!$C$20, "Iniciativas_Objetivo10", IF(B58=Datos!$C$21, "Iniciativas_Objetivo11", IF(B58=Datos!$C$22, "Iniciativas_Objetivo12",IF(B58=Datos!$C$23, "Iniciativas_Objetivo13", " "))))))))))))) -> Iniciativas_Objetivo8
A59: Procesos | B59: 09. Garantizar la mejora continua del modelo de operación de la SAE basado en acciones de optimización, automatización, control y articulación de procesos contribuyendo a la reducción de tiempos, la transparencia en la operación y el cumplimiento de objetivos institucionales. | C59: Estandarizar, optimizar y automatizar procesos de SAE de acuerdo a nuevo modelo operacional | D59: Realizar y revisar estimados de renta en las regionales | E59: Diagnóstico y Alistamiento | F59: Alistamiento de Activos | G59: Estimados de renta gerencias regionales | H59: SÍ | I59: Eficacia | J59: Programación | K59: Gerencia Regional Norte | L59: (Cantidad de estimados de renta elaborados y revisados /Cantidad de estimados de renta definidos en la meta)*100% | M59: Objetivo del indicador: medir la elaboración y revisión de los estimados de renta en las gerencias regionales. Numerador: corresponde a los estimados de renta elaborados conforme al procedimiento de elaboración de estimados de renta (P-DP2-046) por las Gerencias Regionales, así como los estimados de renta revisados y elaborados por parte de los depositarios provisionales. Denominador: corresponde a la meta programada de estimados de renta a elaborar en la vigencia. Estas solicitudes pueden provenir de solicitudes de depositarios, de áreas misionales o las identificadas directamente por parte de la Gerencia Regional con base en necesidades. | N59: 160 | O59: Trimestral | P59: 67 | Q59: 160 | R59: =IFERROR(IF(COUNTIF(N59,"*%")=1,(P59/Q59)*(100%/N59),P59/Q59)," ") -> 0.41875 | S59: 0.5 | T59: =IFERROR(IF(R59=" "," ",IF(R59>=S59,1,R59/S59))," ") -> 0.8375 | U59: La Regional Norte durante el segundo trimestre en lo referente a estimados de renta decreció en la elaboración de ER requeridos para el cumplimiento de las metas propuestas por disminución de personal. | V59: El Reporte de los 67 Estimados de Renta incluyen: 45 Estimados de Renta del 1er Trimestre 2023 y 22 Estimados de Renta del 2o Trimestre del 2023. En el 1er Trimestre se contaba con 2 profesionales de ER y en el 2o Trimestre uno de ellos renuncio por traslado a otra ciudad, el día 25 de Mayo de 2023 lo que contribuyo a este resultado. | AE59: =IF(B59=Datos!$C$11, "Iniciativas_Objetivo1", IF(B59=Datos!$C$12, "Iniciativas_Objetivo2", IF(B59=Datos!$C$13, "Iniciativas_Objetivo3", IF(B59=Datos!$C$14, "Iniciativas_Objetivo4", IF(B59=Datos!$C$15, "Iniciativas_Objetivo5", IF(B59=Datos!$C$16, "Iniciativas_Objetivo6", IF(B59=Datos!$C$17, "Iniciativas_Objetivo7", IF(B59=Datos!$C$18, "Iniciativas_Objetivo8", IF(B59=Datos!$C$19, "Iniciativas_Objetivo9", IF(B59=Datos!$C$20, "Iniciativas_Objetivo10", IF(B59=Datos!$C$21, "Iniciativas_Objetivo11", IF(B59=Datos!$C$22, "Iniciativas_Objetivo12",IF(B59=Datos!$C$23, "Iniciativas_Objetivo13", " "))))))))))))) -> Iniciativas_Objetivo9
A60: Procesos | B60: 09. Garantizar la mejora continua del modelo de operación de la SAE basado en acciones de optimización, automatización, control y articulación de procesos contribuyendo a la reducción de tiempos, la transparencia en la operación y el cumplimiento de objetivos institucionales. | C60: Crear espacios de innovación y mejora que coadyuven a los objetivos estratégicos de SAE | D60: Implementar el esquema de gobierno corporativo en las Sociedades Activas priorizadas | E60: Diagnóstico y Alistamiento | F60: Diagnóstico de Activos | G60: Implementación de Gobierno Corporativo en Sociedades Activas | H60: SÍ | I60: Eficacia | J60: Demanda | K60: Gerencia Sociedades Activas | L60: (Sociedades Activas con implementación de gobierno corporativo / Sociedades Activas priorizadas para implementación de gobierno corporativo en la vigencia) *100% | M60: Objetivo del indicador: medir la implementación del Gobierno Corporativo en Sociedades Activas priorizadas. Numerador: corresponde a las sociedades con implementación de gobierno corporativo de acuerdo con lineamientos establecidos. Denominador: son las Sociedades priorizadas programadas para implementar su gobierno corporativo. Los criterios para priorizar las Sociedades son los siguientes: * Financiero: sociedades con ventas mayores a 2.000 millones de pesos. * Cualitativo: cuando las actividades económicas de las sociedades requieran un nivel de especialidad y complejidad. * Uso del Gobierno Corporativo: en los casos en que este instituido el gobierno corporativo, será necesaria la participación de los miembros de la Junta Directiva respecto al estudio de selección. | N60: 100% | O60: Trimestral | P60: 13 | Q60: 13 | R60: =IFERROR(IF(COUNTIF(N60,"*%")=1,(P60/Q60)*(100%/N60)*(S60/100%),(P60/Q60)*(S60/100%))," ") -> 0.5 | S60: 0.5 | T60: =IFERROR(IF(R60=" "," ",IF(OR(R60>=S60,((R60/S60)*(100%/N60))>1),1,((R60/S60)*(100%/N60)))),"") -> 1 | U60: En el total del semestre se ha implementado Gobierno Corporativo en 13 sociedades: - CARNES Y DERIVADOS DE OCCIDENTE SA - GRUPO GRAJALES - CIJ GUTIÉRREZ - DROGAS LA REBAJA - INVERSIONES GNECCO SAS - INVERSIONES GUATAPURI - GUNVOR COLOMBIA SAS - INVERSIONES COMERFAR - CI METALES PRECIOSOS DE COLOMBIA - OCTANO INDUSTRIAL - PALMERAS DE CONVENCIÓN LTDA - INVERSIONES RODRÍGUEZ FUENTES - SERVICENTRO PRADERA | AE60: =IF(B60=Datos!$C$11, "Iniciativas_Objetivo1", IF(B60=Datos!$C$12, "Iniciativas_Objetivo2", IF(B60=Datos!$C$13, "Iniciativas_Objetivo3", IF(B60=Datos!$C$14, "Iniciativas_Objetivo4", IF(B60=Datos!$C$15, "Iniciativas_Objetivo5", IF(B60=Datos!$C$16, "Iniciativas_Objetivo6", IF(B60=Datos!$C$17, "Iniciativas_Objetivo7", IF(B60=Datos!$C$18, "Iniciativas_Objetivo8", IF(B60=Datos!$C$19, "Iniciativas_Objetivo9", IF(B60=Datos!$C$20, "Iniciativas_Objetivo10", IF(B60=Datos!$C$21, "Iniciativas_Objetivo11", IF(B60=Datos!$C$22, "Iniciativas_Objetivo12",IF(B60=Datos!$C$23, "Iniciativas_Objetivo13", " "))))))))))))) -> Iniciativas_Objetivo9
A61: Procesos | B61: 09. Garantizar la mejora continua del modelo de operación de la SAE basado en acciones de optimización, automatización, control y articulación de procesos contribuyendo a la reducción de tiempos, la transparencia en la operación y el cumplimiento de objetivos institucionales. | C61: Estandarizar, optimizar y automatizar procesos de SAE de acuerdo a nuevo modelo operacional | D61: Realizar las fichas técnicas de caracterización Inmuebles Rurales para su comercialización | E61: Diagnóstico y Alistamiento | F61: Alistamiento de Activos | G61: Fichas técnicas de caracterización de Inmuebles Rurales entregadas a Gerencia Técnica para comercialización | H61: SÍ | I61: Eficacia | J61: Demanda | K61: Gerencia de Bienes Inmuebles Rurales | L61: (Fichas técnicas de caracterización de inmuebles rurales para comercialización entregadas a Gerencia Técnica/ Fichas técnicas de caracterización de Inmuebles rurales solicitados para comercialización) *100% | M61: Objetivo del indicador: medir las fichas técnicas de caracterización de Inmuebles Rurales para disponerlos de manera definitiva a través de procesos de comercialización. Numerador: se considera que un inmueble rural cuenta con ficha técnica de caracterización cuando se ha determinado: Vocación del bien; Estado del inmueble; Necesidades de saneamiento requeridos y estimación del valor del estimado de renta. Denominador: corresponde a las solicitudes de ficha técnica de caracterización de los inmuebles rurales por parte de las G. Regionales para su comercialización. | N61: 100% | O61: Trimestral | P61: 30 | Q61: 30 | R61: =IFERROR(IF(COUNTIF(N61,"*%")=1,(P61/Q61)*(100%/N61)*(S61/100%),(P61/Q61)*(S61/100%))," ") -> 0.5 | S61: 0.5 | T61: =IFERROR(IF(R61=" "," ",IF(OR(R61>=S61,((R61/S61)*(100%/N61))>1),1,((R61/S61)*(100%/N61)))),"") -> 1 | U61: Por parte de la Gerencia Comercial se solicitaron un total de 30 fichas de caracterización para poder determinar la procedencia de la enajenación temprana, fichas que ya fueron entregadas a éstas dependencia, mediante correo electrónico del 29 de junio del año en curso. | AE61: =IF(B61=Datos!$C$11, "Iniciativas_Objetivo1", IF(B61=Datos!$C$12, "Iniciativas_Objetivo2", IF(B61=Datos!$C$13, "Iniciativas_Objetivo3", IF(B61=Datos!$C$14, "Iniciativas_Objetivo4", IF(B61=Datos!$C$15, "Iniciativas_Objetivo5", IF(B61=Datos!$C$16, "Iniciativas_Objetivo6", IF(B61=Datos!$C$17, "Iniciativas_Objetivo7", IF(B61=Datos!$C$18, "Iniciativas_Objetivo8", IF(B61=Datos!$C$19, "Iniciativas_Objetivo9", IF(B61=Datos!$C$20, "Iniciativas_Objetivo10", IF(B61=Datos!$C$21, "Iniciativas_Objetivo11", IF(B61=Datos!$C$22, "Iniciativas_Objetivo12",IF(B61=Datos!$C$23, "Iniciativas_Objetivo13", " "))))))))))))) -> Iniciativas_Objetivo9
A62: Procesos | B62: 09. Garantizar la mejora continua del modelo de operación de la SAE basado en acciones de optimización, automatización, control y articulación de procesos contribuyendo a la reducción de tiempos, la transparencia en la operación y el cumplimiento de objetivos institucionales. | C62: Estandarizar, optimizar y automatizar procesos de SAE de acuerdo a nuevo modelo operacional | D62: Programar convocatorias para el registro de depositarios priorizando la inclusión de economías populares, comunitarias y otras comunidades con especial protección constitucional. | E62: Recepción y Registro | F62: Administración del Registro de Depositarios Provisionales y Liquidadores del FRISCO | G62: Programación de Convocatorias para registro de Depositarios | H62: SÍ | I62: Eficacia | J62: Programación | K62: GIT Depositarios Provisionales | L62: (Número de convocatorias realizadas / Número De convocatorias programadas) *100% | M62: Objetivo del indicador: medir las convocatorias realizadas para el registro de depositarios. Numerador: la programación de convocatorias para el registro de depositarios se realizará priorizando la inclusión de economías populares, comunitarias y otras comunidades con especial protección constitucional. Denominador: las convocatorias programadas para el 2023 corresponden a 2 convocatorias. | N62: 100% | O62: Trimestral | P62: 1 | Q62: 2 | R62: =IFERROR(IF(COUNTIF(N62,"*%")=1,(P62/Q62)*(100%/N62),P62/Q62)," ") -> 0.5 | S62: 0.5 | T62: =IFERROR(IF(R62=" "," ",IF(R62>=S62,1,R62/S62))," ") -> 1 | V62: En el momento actual se esta llevando a cabo la fase de evaluación técnica y jurídica de la convocatoria 01/23. | AE62: =IF(B62=Datos!$C$11, "Iniciativas_Objetivo1", IF(B62=Datos!$C$12, "Iniciativas_Objetivo2", IF(B62=Datos!$C$13, "Iniciativas_Objetivo3", IF(B62=Datos!$C$14, "Iniciativas_Objetivo4", IF(B62=Datos!$C$15, "Iniciativas_Objetivo5", IF(B62=Datos!$C$16, "Iniciativas_Objetivo6", IF(B62=Datos!$C$17, "Iniciativas_Objetivo7", IF(B62=Datos!$C$18, "Iniciativas_Objetivo8", IF(B62=Datos!$C$19, "Iniciativas_Objetivo9", IF(B62=Datos!$C$20, "Iniciativas_Objetivo10", IF(B62=Datos!$C$21, "Iniciativas_Objetivo11", IF(B62=Datos!$C$22, "Iniciativas_Objetivo12",IF(B62=Datos!$C$23, "Iniciativas_Objetivo13", " "))))))))))))) -> Iniciativas_Objetivo9
A63: Productiva, social y ambiental | B63: 01. Democratizar los activos administrados por la SAE a través de mecanismos de disposición temporal y definitiva que permitan la creación de valor público, social y ambiental; aporten al desarrollo territorial y productivo y garanticen la función social y ecológica de la propiedad. | C63: Garantizar la inclusión de comunidades, organizaciones sociales y economías populares en condición de vulnerabilidad en los mecanismos de administración existentes | D63: Promover la participación de organizaciones comunitarias en las convocatorias de registro en el Banco de depositarios provisionales | E63: Recepción y Registro | F63: Administración del Registro de Depositarios Provisionales y Liquidadores del FRISCO | G63: Organizaciones comunitarias registradas como Depositarios Provisionales | H63: SÍ | I63: Eficacia | J63: Programación | K63: GIT Depositarios Provisionales | L63: (Organizaciones comunitarias registradas como Depositarios Provisionales/ Meta estimada de organizaciones comunitarias en el registro de Depositarios Provisionales)*100% | M63: Objetivo del indicador: medir la inclusión de organizaciones comunitarias en el registro en el Banco de depositarios provisionales. Numerador: corresponde a las organizaciones comunitarias evaluadas y registradas en el Banco de Depositarios 2023. Denominador: corresponde a la estimación de organizaciones comunitarias incluidas dentro del Banco de Depositarios. Para el 2023 se estima la inclusión de al menos dos (2) organizaciones comunitarias en el Banco de Depositarios. | N63: 20 | O63: Trimestral | P63: 0 | Q63: 20 | R63: =IFERROR(IF(COUNTIF(N63,"*%")=1,(P63/Q63)*(100%/N63),P63/Q63)," ") -> 0 | S63: 0.5 | T63: =IFERROR(IF(R63=" "," ",IF(R63>=S63,1,R63/S63))," ") -> 0 | V63: Se realizó diseño de los términos de las convocatoria e implementación de socializaciones por regionales. En Cali con 1610 personas inscritas 810 asistentes , en Popayán 383 personas inscritas 540 asistentes , , en Bogotá 1245 personas inscritas 621 asistentes , en Medellín 747 personas inscritas 723 asistentes, en Barranquilla con 1015 personas inscritas 1369 asistentes . Así mismo, se logró una 1684 participantes inscritos a la convocatoria . En el curso de la convocatoria se han hecho adendas , se copia vínculo de pagina oficial: https://www.saesas.gov.co/informacion_ciudadano/convocatorias/2023/gerentes_depositarios_populares/adenda_7_convocatoria_1_2023. Todavía no se ha finalizado el proceso. | AE63: =IF(B63=Datos!$C$11, "Iniciativas_Objetivo1", IF(B63=Datos!$C$12, "Iniciativas_Objetivo2", IF(B63=Datos!$C$13, "Iniciativas_Objetivo3", IF(B63=Datos!$C$14, "Iniciativas_Objetivo4", IF(B63=Datos!$C$15, "Iniciativas_Objetivo5", IF(B63=Datos!$C$16, "Iniciativas_Objetivo6", IF(B63=Datos!$C$17, "Iniciativas_Objetivo7", IF(B63=Datos!$C$18, "Iniciativas_Objetivo8", IF(B63=Datos!$C$19, "Iniciativas_Objetivo9", IF(B63=Datos!$C$20, "Iniciativas_Objetivo10", IF(B63=Datos!$C$21, "Iniciativas_Objetivo11", IF(B63=Datos!$C$22, "Iniciativas_Objetivo12",IF(B63=Datos!$C$23, "Iniciativas_Objetivo13", " "))))))))))))) -> Iniciativas_Objetivo1
A64: Procesos | B64: 09. Garantizar la mejora continua del modelo de operación de la SAE basado en acciones de optimización, automatización, control y articulación de procesos contribuyendo a la reducción de tiempos, la transparencia en la operación y el cumplimiento de objetivos institucionales. | C64: Estandarizar, optimizar y automatizar procesos de SAE de acuerdo a nuevo modelo operacional | D64: Realizar el mantenimiento de las matrices de riesgos institucionales | E64: Direccionamiento Estratégico | F64: Gobierno y Gestión de la Estrategia | G64: Mantenimiento Matrices de Riesgos Institucionales | H64: SÍ | I64: Eficacia | J64: Demanda | K64: Gerencia de Riesgos, Ética y Cumplimiento | L64: (No. Riesgos creados y actualizados/ No. riesgos priorizados para creación y/o actualización en las diferentes matrices de riesgos) *100 | M64: Objetivo del indicador: medir el estado de avance de la creación, actualización o eliminación de riesgos institucionales en las matrices de riesgos. Numerador: corresponde al número de riesgos creados o actualizados en las matrices de riesgos institucionales. Denominador: corresponde al número de riesgos priorizados para creación y/o actualización en las diferentes matrices de riesgos | N64: 100% | O64: Trimestral | P64: 31 | Q64: 31 | R64: =IFERROR(IF(COUNTIF(N64,"*%")=1,(P64/Q64)*(100%/N64)*(S64/100%),(P64/Q64)*(S64/100%))," ") -> 0.5 | S64: 0.5 | T64: =IFERROR(IF(R64=" "," ",IF(OR(R64>=S64,((R64/S64)*(100%/N64))>1),1,((R64/S64)*(100%/N64)))),"") -> 1 | U64: Al cierre del primer semestre de 2023, se actualizaron las matrices de riesgos operacionales y de seguridad de la información para un total de 31 riesgos institucionales actualizados, distribuidos de la siguiente manera: * 16 riesgos operacionales (Trimestre I) * 3 riesgos de SI (Trimestre I) * 12 riesgos de seguridad de la información (Trimestre II), verificados, ajustados y actualizados, a través de la formalización de la matriz de Riesgos de Seguridad de la Información (Matriz de Riesgos de Seguridad de la Información 2023 V2 - SAE - Sociedad de Activos Especiales) para un total de 7 riesgos publicados. Los cambios estuvieron orientados a ajustes en los riesgos y consolidación de riesgos, ajuste en causas, diseño de controles e inclusión de nuevos parámetros de administración en la matriz. | V64: Actualmente la GREC se encuentra en proceso de revisión y actualización de la metodología y matrices de riesgos de la SAE y la planeación de los diagnósticos para el plan de trabajo con las diferentes dependencia, así: Matriz de Riesgos de SARLAFTCO Matriz de Riesgos de Corrupción Metodología de Riesgos del SARLAFTCO Análisis de la metodología de reporte de riesgos por parte de la GREC | AE64: =IF(B64=Datos!$C$11, "Iniciativas_Objetivo1", IF(B64=Datos!$C$12, "Iniciativas_Objetivo2", IF(B64=Datos!$C$13, "Iniciativas_Objetivo3", IF(B64=Datos!$C$14, "Iniciativas_Objetivo4", IF(B64=Datos!$C$15, "Iniciativas_Objetivo5", IF(B64=Datos!$C$16, "Iniciativas_Objetivo6", IF(B64=Datos!$C$17, "Iniciativas_Objetivo7", IF(B64=Datos!$C$18, "Iniciativas_Objetivo8", IF(B64=Datos!$C$19, "Iniciativas_Objetivo9", IF(B64=Datos!$C$20, "Iniciativas_Objetivo10", IF(B64=Datos!$C$21, "Iniciativas_Objetivo11", IF(B64=Datos!$C$22, "Iniciativas_Objetivo12",IF(B64=Datos!$C$23, "Iniciativas_Objetivo13", " "))))))))))))) -> Iniciativas_Objetivo9
